Workbook
Name clubl5: #REF!
Name clubl5: #REF!
Name clubl5: #REF!
Name clubl5: #REF!
Name clubl5: #REF!
Name clubl5: #REF!
Name clubl5: #REF!
Name Clubs: [1]Lists!$A$2:$A$18
Name Clubs: Lists!$A$2:$A$18
Name Edibles: [1]Lists!$D$2:$D$21
Name Edibles: Lists!$F$2:$F$21
Name FIRSTL: [1]Yearlist!$A$2:$J$266
Name FORTHL: [1]Yearlist!$AH$2:$AQ$289
Name Individuals: [1]Individuals!$A$7:$K$447
Name Individuals: 'Pres A'!$A$7:$I$447
Name Individuals: 'Pres B'!$A$7:$I$448
Name Individuals: 'Pres Dev'!$A$7:$I$445
Name Individuals: 'Pres Ladies'!$A$7:$I$448
Name Individuals: 'Pres Master'!$A$7:$I$447
Name Individuals: 'Pres Vet'!$A$7:$I$448
Name Individuals: Individuals!$A$7:$I$447
Name Inedibles: [1]Lists!$E$2:$E$26
Name Inedibles: Lists!$I$3:$I$29
Name kgList: [1]Lists!$F$2:$Z$261
Name kgList: Lists!$J$2:$AE$261
Name Master: [1]MASTERLIST!$A$5:$E$800
Name Master: MASTERLIST!$A$5:$E$929
Name SECONDL: [1]Yearlist!$L$2:$U$255
Name Status: [1]Lists!$C$2:$C$9
Name Status: Lists!$C$2:$C$9
Name THIRDL: [1]Yearlist!$W$2:$AF$289

Sheet Lists
A1: Clubs | C1: Status | D1: Scientific Name | E1: Length to measure | F1: Edibles | G1: Scientific Name | H1: Length to measure | I1: Inedibles | K1: length | O1: KgList
A2: Atlantic Angling Club | B2: AAC | C2: Deseased | D2: Diplodus sargus capensis | E2: Fork length | F2: Blacktail | G2: Galeichthys ater | H2: Fork length | I2: Catfish - Sea Black | J2: cm | K2: Blacktail | L2: Galjoen | M2: Kob | N2: Steenbras West Coast | O2: Garrick | P2: Shad | Q2: Redfinger | R2: Shark Copper (Male) | S2: Shark Copper (Female) | T2: Shark Cow / Sevengill | U2: Shark Spotted Gully | V2: Shark Hound Smooth | W2: Shark Soupfin | X2: Guitarfish - Lesser | Y2: Elephantfish | Z2: Ray Blue (Male) | AA2: Ray Blue (Female) | AB2: Ray Bull / Eagle | AC2: Ray Diamond / ButterFly | AD2: Skate Spearnose | AE2: Green Eye Spurdog shark | AF2: Catfish - Sea Black
A3: Benguella | B3: BEN | C3: Ladies Grand Master | F3: Bluefin Gurnard | G3: Galeichthys feliceps | H3: Fork length | I3: Catfish - Sea White | J3: 1
A4: Henties Bay | B4: HEN | C4: Ladies Master | F4: Cape Gurnard | G4: Callorhinchus capensis | H4: Total length | I4: Elephantfish | J4: 2
A5: Mako | B5: MAKO | C5: Ladies Veteran | D5: Dichistius capensis | E5: Total length | F5: Galjoen | G5: Squalus chloroculus | I5: Green Eye Spurdog shark | J5: 3
A6: Namib Park | B6: NPAC | C6: Ladies Senoir | D6: Lichia amia | E6: Fork length | F6: Garrick | G6: Rhinobatos blochii | H6: Total length | I6: Guitarfish - Bluntnose | J6: 4
A7: Okahandja | B7: OKH | C7: Ladies U/21 | F7: Geelbek | G7: Rhinobatos leucospilus | H7: Total length | I7: Guitarfish - Greyspot | J7: 5
A8: Orca Angling Club | B8: ORCA | C8: Ladies U/16 | F8: Grunter - Spotted | G8: Rhinobatos annulatus | H8: Total length | I8: Guitarfish - Lesser | J8: 6
A9: Otjiwarongo | B9: OTJ | C9: Men Grandmasters | D9: Argyrosomus inodorus | E9: Total length | F9: Kob | G9: Dasyatis chrysonota chrysonota | H9: Disc width | I9: Ray Blue (Female) | J9: 7
A10: Penguin | B10: PEN | C10: Men Masters | F10: Lyre Gurnard | G10: Dasyatis chrysonota chrysonota | H10: Disc width | I10: Ray Blue (Male) | J10: 8
A11: Seagulls WHK | B11: SWHK | C11: Men Veterans | F11: Maasbanker | G11: Myliobatus aquila | H11: Disc width | I11: Ray Bull / Eagle | J11: 9
A12: Seagulls WVB | B12: SWVB | C12: Men Senior | F12: Redfinger | G12: Gymnura natalensis | H12: Disc width | I12: Ray Diamond / ButterFly | J12: 10
A13: Skeleton Coast | B13: SKUL | C13: Men U/21 | D13: Pomatomus saltatrix | E13: Fork length | F13: Shad | G13: Pteromylaeus bovinus | H13: Disc width | I13: Ray Duckbill | J13: 11
A14: Steenbras | B14: STEEN | C14: Men U/16 | F14: Steenbras Sand | G14: Carcharhinus brachyurus | H14: Pre-caudal length | I14: Shark Copper (Female) | J14: 12
A15: Walvis Bay | B15: WAL | D15: Lithognathus aureti | E15: Fork length | F15: Steenbras West Coast | G15: Carcharhinus brachyurus | H15: Pre-caudal length | I15: Shark Copper (Male) | J15: 13
A16: Welwitschia | B16: WEL | F16: Steenbras White | G16: Notorynchus cepedianus | H16: Pre-caudal length | I16: Shark Cow / Sevengill | J16: 14
F17: Strepie | G17: Mustelus mustelus | H17: Total length | I17: Shark Hound Smooth | J17: 15
F18: Striped Mullet | G18: Mustelus palumbes | H18: Total length | I18: Shark Hound Whitespotted | J18: 16
F19: Tuna Eastern Little | G19: Galeocerdo cuvier | H19: Pre-caudal length | I19: Shark Ragged Tooth | J19: 17
F20: White Stumpnose | G20: Galeorhinus galeus | H20: Pre-caudal length | I20: Shark Soupfin | J20: 18
F21: Yellowtail amberjack | G21: Triakis megalopterus | H21: Total length | I21: Shark Spotted Gully | J21: 19
G22: Dipturus doutrei | H22: Disc width | I22: Skate - Javelin | J22: 20
G23: Raja clavata | H23: Disc width | I23: Skate - Thornback | J23: 21
G24: Raja alba | H24: Disc width | I24: Skate Spearnose | J24: 23 | K24: 0.3 | Q24: 0
I25: Spiney dogfish Bluntnose | J25: 24 | K25: 0.4 | Q25: 0
I26: Spiney dogfish Spotted | J26: 25 | K26: 0.4 | Q26: 0
I27: Spinner shark - Long nose | J27: 26 | K27: 0.5 | Q27: 0
I28: Tresher Shark | J28: 27 | K28: 0.6 | Q28: 0
I29: Green Eye Spurdog shark | J29: 28 | K29: 0.6 | Q29: 0
J30: 29 | K30: 0.7 | Q30: 0
J31: 30 | K31: 0.84160148 | L31: 0.5 | Q31: 0 | AA31: 1.0179249
J32: 31 | K32: 0.9282937 | L32: 0.5 | Q32: 0 | AA32: 1.1324446
J33: 32 | K33: 1.0207335 | L33: 0.6 | N33: 0.7 | Q33: 0 | Z33: 0.95836376 | AA33: 1.2555905
J34: 33 | K34: 1.1191044 | L34: 0.7 | N34: 0.8 | Q34: 0 | Z34: 1.0570748 | AA34: 1.3729856
J35: 34 | K35: 1.22359 | L35: 0.7 | N35: 0.9 | Q35: 0 | Z35: 1.1557858 | AA35: 1.4918184
J36: 35 | K36: 1.3343735 | L36: 0.78195192 | N36: 0.9 | Q36: 0 | Z36: 1.2544969 | AA36: 1.680296
J37: 36 | K37: 1.4516383 | L37: 0.85379096 | N37: 1 | O37: 0.67361769 | Q37: 0 | W37: 1.0020532 | Z37: 1.3532079 | AA37: 1.8414706
J38: 37 | K38: 1.5755678 | L38: 0.92998754 | N38: 1.1 | O38: 0.7258366 | Q38: 0 | W38: 1.0678087 | Z38: 1.451919 | AA38: 2.0136313
J39: 38 | K39: 1.7063452 | L39: 1.0106774 | N39: 1.2 | O39: 0.78054773 | P39: 0.73085122 | Q39: 0 | W39: 1.1335641 | Z39: 1.6569162 | AA39: 2.1960132 | AB39: 0.9628367
J40: 39 | K40: 1.8441537 | L40: 1.0959969 | N40: 1.3 | O40: 0.83779974 | P40: 0.78967185 | Q40: 0 | W40: 1.1993196 | Z40: 1.7998651 | AA40: 2.389526 | AB40: 1.0424834
J41: 40 | K41: 1.9891765 | L41: 1.1860826 | M41: 0.65065738 | N41: 1.4 | O41: 0.89764092 | P41: 0.85155591 | Q41: 0 | W41: 1.2650751 | Z41: 1.9505771 | AA41: 2.5945375 | AB41: 1.127331 | AF41: 0.98692061
J42: 41 | K42: 2.1415966 | L42: 1.2810715 | M42: 0.70137925 | N42: 1.5 | O42: 0.96011925 | P42: 0.91658036 | Q42: 0 | W42: 1.3308306 | Z42: 2.1102279 | AA42: 2.8114178 | AB42: 1.2234013 | AF42: 1.0649112
J43: 42 | K43: 2.3015972 | L43: 1.3811013 | M43: 0.75468867 | N43: 1.6 | O43: 1.0252824 | P43: 0.9848592 | Q43: 0 | W43: 1.396586 | Z43: 2.2786218 | AA43: 3.0405392 | AB43: 1.3194716 | AF43: 1.1469608
J44: 43 | K44: 2.4693612 | L44: 1.4863098 | M44: 0.81065132 | N44: 1.7 | O44: 1.0931776 | P44: 1.0563972 | Q44: 0 | W44: 1.4623415 | Z44: 2.4560121 | AA44: 3.2822764 | AB44: 1.4155418 | AF44: 1.2331764
J45: 44 | K45: 2.6450717 | L45: 1.5968352 | M45: 0.86933292 | N45: 1.8 | O45: 1.1638519 | P45: 1.1313064 | Q45: 0 | W45: 1.596075 | Z45: 2.6426535 | AA45: 3.5370064 | AB45: 1.5078594 | AF45: 1.3236652
J46: 45 | K46: 2.8289115 | L46: 1.7128163 | M46: 0.93079926 | N46: 1.9 | O46: 1.237352 | P46: 1.2096634 | Q46: 0 | W46: 1.6844899 | Z46: 2.8388018 | AA46: 3.8051084 | AB46: 1.6151878 | AF46: 1.4185347
J47: 46 | K47: 3.0210635 | L47: 1.8343922 | M47: 0.9951162 | N47: 2.1 | O47: 1.3137244 | P47: 1.2915452 | Q47: 0 | W47: 1.7842344 | Z47: 3.0447136 | AA47: 4.0869636 | AB47: 1.7 | AF47: 1.5178926
J48: 47 | K48: 3.2217107 | L48: 1.9617021 | M48: 1.0623496 | N48: 2.2 | O48: 1.3930151 | P48: 1.3770283 | Q48: 0 | W48: 1.8839789 | Z48: 3.2606469 | AA48: 4.3829555 | AB48: 1.8 | AF48: 1.6218466
J49: 48 | K49: 3.4310357 | L49: 2.0948861 | M49: 1.1325656 | N49: 2.4 | O49: 1.4752701 | P49: 1.4661896 | Q49: 0 | W49: 1.9530418 | Z49: 3.4868606 | AA49: 4.6934697 | AB49: 2 | AC49: 0.96047262 | AF49: 1.7305048
J50: 49 | L50: 2.2340841 | M50: 1.20583 | N50: 2.5 | O50: 1.5605349 | P50: 1.5591058 | Q50: 0 | W50: 2.0487272 | Z50: 3.7236145 | AA50: 5.0188938 | AB50: 2.1 | AC50: 1.0285084 | AF50: 1.8439754
J51: 50 | L51: 2.3794367 | M51: 1.2822089 | N51: 2.7 | O51: 1.6488549 | P51: 1.6558534 | Q51: 0 | W51: 2.1470246 | Y51: 0.99625 | Z51: 3.9711696 | AA51: 5.3596174 | AB51: 2.2 | AC51: 1.0965443 | AD51: 1 | AF51: 1.9623668
J52: 51 | L52: 2.5310848 | M52: 1.3617686 | N52: 2.8 | O52: 1.7402751 | P52: 1.756509 | Q52: 0 | W52: 2.2435806 | Y52: 1.0572285 | Z52: 4.2297878 | AA52: 5.7160322 | AB52: 2.4 | AC52: 1.1645801 | AD52: 1.1 | AF52: 2.0857875
J53: 52 | L53: 2.6891695 | M53: 1.4445752 | N53: 3 | O53: 1.8348403 | P53: 1.8611493 | Q53: 0 | W53: 2.340572 | Y53: 1.1182069 | Z53: 4.499732 | AA53: 6.0885318 | AB53: 2.5 | AC53: 1.2266098 | AD53: 1.1 | AF53: 2.2143462
J54: 53 | L54: 2.8538324 | M54: 1.5306949 | N54: 3.1 | O54: 1.9325953 | P54: 1.9698509 | Q54: 0 | T54: 1.0148951 | W54: 2.457758 | Y54: 1.1791854 | Z54: 4.7812662 | AA54: 6.4775119 | AB54: 2.7 | AC54: 1.3060911 | AD54: 1.2 | AF54: 2.348152
J55: 54 | L55: 3.0252152 | M55: 1.620194 | N55: 3.3 | O55: 2.0335842 | P55: 2.0826902 | Q55: 0 | T55: 1.1726034 | W55: 2.5666711 | Y55: 1.2549881 | Z55: 5.074655 | AA55: 6.8833698 | AB55: 2.8 | AC55: 1.3855723 | AD55: 1.3 | AF55: 2.4873137
J56: 55 | L56: 3.2034603 | M56: 1.7131388 | N56: 3.5 | O56: 2.1378513 | P56: 2.1997437 | Q56: 0 | T56: 1.3303117 | W56: 2.6755841 | Y56: 1.3209079 | Z56: 5.3801642 | AA56: 7.306505 | AB56: 3 | AC56: 1.4650536 | AD56: 1.3 | AF56: 2.6319408
J57: 56 | L57: 3.3887099 | M57: 1.8095958 | N57: 3.7 | O57: 2.2454404 | P57: 2.3210879 | Q57: 0 | T57: 1.48802 | W57: 2.7844972 | Y57: 1.3892985 | Z57: 5.6980605 | AA57: 7.7473187 | AB57: 3.2 | AC57: 1.5 | AD57: 1.4 | AF57: 2.7821425
J58: 57 | L58: 3.581107 | M58: 1.9096314 | N58: 3.9 | O58: 2.3563953 | P58: 2.4467992 | Q58: 0 | T58: 1.6457283 | W58: 2.9096408 | Y58: 1.4576891 | Z58: 6.0286114 | AA58: 8.206214 | AB58: 3.3 | AC58: 1.6 | AD58: 1.5 | AF58: 2.9380285
J59: 58 | L59: 3.7807947 | M59: 2.013312 | N59: 4.1 | O59: 2.4707594 | P59: 2.5769541 | Q59: 0 | T59: 1.8034366 | W59: 3.0185539 | Y59: 1.5550426 | Z59: 6.3720854 | AA59: 8.6835958 | AB59: 3.5 | AC59: 1.7 | AD59: 1.6 | AF59: 3.0997085
J60: 59 | L60: 3.9879162 | M60: 2.1207042 | N60: 4.3 | O60: 2.5885759 | P60: 2.7116289 | Q60: 0 | T60: 1.9611449 | W60: 3.1323361 | Y60: 1.6 | Z60: 6.7287518 | AA60: 9.1798708 | AB60: 3.7 | AC60: 1.8 | AD60: 1.7 | AF60: 3.2672923
J61: 60 | L61: 4.2026154 | M61: 2.2318746 | N61: 4.5 | O61: 2.7098879 | P61: 2.8509 | Q61: 0 | T61: 2.1188532 | W61: 3.2461184 | Y61: 1.7 | Z61: 7.0988808 | AA61: 9.6954474 | AB61: 3.9 | AC61: 1.9 | AD61: 1.8 | AE61: 1 | AF61: 3.4408899
J62: 61 | L62: 4.4250363 | M62: 2.3468897 | N62: 4.8 | O62: 2.8347383 | P62: 2.9948437 | Q62: 0 | T62: 2.2765615 | W62: 3.3599006 | Y62: 1.8 | Z62: 7.4827434 | AA62: 10.230736 | AB62: 4.1 | AC62: 2 | AD62: 1.9 | AE62: 1.2 | AF62: 3.6206116
J63: 62 | L63: 4.655323 | M63: 2.4658163 | N63: 5 | O63: 2.9631697 | P63: 3.1435364 | Q63: 0 | T63: 2.4342698 | W63: 3.5362877 | Y63: 1.9 | Z63: 7.8806116 | AA63: 10.786148 | AB63: 4.3 | AC63: 2.1 | AD63: 2 | AE63: 1.3 | AF63: 3.8065677
J64: 63 | L64: 4.8936202 | M64: 2.5887211 | N64: 5.2 | O64: 3.0952246 | P64: 3.2970543 | Q64: 0 | T64: 2.5919781 | W64: 3.670007 | Y64: 2 | Z64: 8.292758 | AA64: 11.362097 | AB64: 4.5 | AC64: 2.2 | AD64: 2.1 | AF64: 3.9988686
J65: 64 | L65: 5.1400728 | M65: 2.7156707 | N65: 5.5 | O65: 3.2309452 | P65: 3.4554736 | Q65: 0 | T65: 2.7496864 | W65: 3.8037262 | X65: 0.90796475 | Y65: 2.1 | Z65: 8.7194561 | AA65: 11.958999 | AB65: 4.7 | AC65: 2.3 | AD65: 2.2 | AF65: 4.1976249
J66: 65 | L66: 5.3948258 | M66: 2.8467321 | N66: 5.7 | O66: 3.3703738 | P66: 3.6188707 | Q66: 0 | T66: 2.9073947 | U66: 0.98816706 | W66: 3.9374454 | X66: 0.95381995 | Y66: 2.2 | Z66: 9.1609804 | AA66: 12.577271 | AB66: 5 | AC66: 2.4 | AD66: 2.3 | AF66: 4.4029474
J67: 66 | L67: 5.6580246 | M67: 2.9819719 | N67: 6 | O67: 3.513552 | P67: 3.7873216 | Q67: 0 | T67: 3.0659975 | U67: 1.0413009 | W67: 4.0711646 | X67: 0.99967514 | Y67: 2.3 | Z67: 9.6176059 | AA67: 13.217331 | AB67: 5.2 | AC67: 2.6 | AD67: 2.4 | AF67: 4.6149469
J68: 67 | L68: 5.9298149 | M68: 3.1214572 | N68: 6.3 | O68: 3.6605219 | P68: 3.9609027 | Q68: 0 | T68: 3.2210225 | U68: 1.0964278 | W68: 4.2048838 | X68: 1.0502458 | Y68: 2.4 | Z68: 10.089609 | AA68: 13.879599 | AB68: 5.5 | AC68: 2.7 | AD68: 2.5 | AF68: 4.8337346
J69: 68 | L69: 6.2103426 | M69: 3.2652548 | N69: 6.6 | O69: 3.8113247 | P69: 4.13969 | Q69: 0 | T69: 3.3814141 | U69: 1.150226 | V69: 0.95651425 | W69: 4.3813469 | X69: 1.0913855 | Y69: 2.5 | Z69: 10.577265 | AA69: 14.564497 | AB69: 5.7 | AC69: 2.8 | AD69: 2.6 | AF69: 5.0594215
J70: 69 | L70: 6.4997539 | M70: 3.4134317 | N70: 6.8 | O70: 3.9660021 | P70: 4.3237597 | Q70: 0 | T70: 3.5472749 | U70: 1.2043564 | V70: 1.0066815 | W70: 4.5322616 | X70: 1.1531485 | Y70: 2.6 | Z70: 11.080853 | AA70: 15.272449 | AB70: 6 | AC70: 2.9 | AD70: 2.7 | AE70: 2 | AF70: 5.292119
J71: 70 | L71: 6.7981953 | M71: 3.5660549 | N71: 7.1 | O71: 4.1245951 | P71: 4.5131879 | Q71: 0 | T71: 3.6959363 | U71: 1.2584868 | V71: 1.0587008 | W71: 4.6831764 | X71: 1.2149115 | Y71: 2.7 | Z71: 11.600651 | AA71: 16.003879 | AB71: 6.2 | AC71: 3 | AD71: 2.9 | AF71: 5.5319385
J72: 71 | L72: 7.1058134 | M72: 3.7231914 | N72: 7.5 | O72: 4.2871449 | P72: 4.7080508 | Q72: 0 | T72: 3.8536446 | U72: 1.3126172 | V72: 1.1126128 | W72: 4.8340911 | X72: 1.2766744 | Y72: 2.9 | Z72: 12.136937 | AA72: 16.759214 | AB72: 6.5 | AC72: 3.2 | AD72: 3.0333333 | AF72: 5.7789915
J73: 72 | L73: 7.4227552 | M73: 3.8849083 | N73: 7.8 | O73: 4.4536924 | P73: 4.9084243 | Q73: 0 | T73: 4.0787066 | U73: 1.3667476 | V73: 1.1684581 | W73: 4.9850058 | X73: 1.3384374 | Y73: 3 | Z73: 12.689992 | AA73: 17.538883 | AB73: 6.8 | AC73: 3.3 | AD73: 3.1833333 | AF73: 6.0333897
J74: 73 | L74: 7.749168 | M74: 4.0512727 | N74: 8.1 | O74: 4.6242783 | P74: 5.1143846 | Q74: 0 | T74: 4.2588662 | U74: 1.420878 | V74: 1.2262778 | W74: 5.1359205 | X74: 1.4002003 | Y74: 3.1 | Z74: 13.260095 | AA74: 18.343314 | AB74: 7.1 | AC74: 3.5 | AD74: 3.3333333 | AF74: 6.295245
J75: 74 | L75: 8.085199 | M75: 4.2223518 | N75: 8.4 | O75: 4.7989431 | P75: 5.3260076 | Q75: 0 | T75: 4.4502514 | U75: 1.4750084 | V75: 1.2861131 | W75: 5.2868353 | X75: 1.4619633 | Y75: 3.2 | Z75: 13.847528 | AA75: 19.172938 | AB75: 7.4 | AC75: 3.6 | AD75: 3.4833333 | AF75: 6.5646692
J76: 75 | L76: 8.4309962 | M76: 4.3982127 | N76: 8.8 | O76: 4.9777274 | P76: 5.5433694 | Q76: 0 | T76: 4.6631007 | U76: 1.6144539 | V76: 1.3429456 | W76: 5.4994146 | X76: 1.5237263 | Y76: 3.4 | Z76: 14.452573 | AA76: 20.028189 | AB76: 7.7 | AC76: 3.4 | AD76: 3.6333333 | AF76: 6.8417744
J77: 76 | L77: 8.7867073 | M77: 4.5789227 | N77: 9.1 | O77: 5.1606714 | P77: 5.766546 | Q77: 0 | T77: 4.8616406 | U77: 1.6970227 | V77: 1.4007777 | W77: 5.6710067 | X77: 1.5854892 | Y77: 3.5 | Z77: 15.075513 | AA77: 20.909501 | AB77: 8 | AC77: 3.5 | AD77: 3.7833333 | AF77: 7.1266728
J78: 77 | L78: 9.1524805 | M78: 4.7645489 | N78: 9.5 | O78: 5.3478152 | P78: 5.9956134 | Q78: 0 | T78: 5.0637579 | U78: 1.7938107 | V78: 1.4586098 | W78: 5.8425987 | X78: 1.6472522 | Y78: 3.6 | Z78: 15.716631 | AA78: 21.817308 | AB78: 8.4 | AC78: 3.6 | AD78: 3.9333333 | AF78: 7.4194767
J79: 78 | L79: 9.5284643 | M79: 4.9551588 | N79: 9.8 | O79: 5.5391989 | P79: 6.2306474 | Q79: 0 | T79: 5.2658751 | U79: 1.8905986 | V79: 1.5164419 | W79: 6.0141908 | X79: 1.7090152 | Y79: 3.8 | Z79: 16.37621 | AA79: 22.752047 | AB79: 8.7 | AD79: 4 | AF79: 7.7202985
J80: 79 | L80: 9.9148072 | M80: 5.1508197 | N80: 10.2 | O80: 5.7348622 | P80: 6.4717241 | Q80: 0 | T80: 5.4679924 | U80: 1.9294637 | V80: 1.574274 | W80: 6.1857829 | X80: 1.7707781 | Y80: 3.9 | Z80: 17.054536 | AA80: 23.714158 | AB80: 9 | AD80: 4.2333333 | AF80: 8.0292507
J81: 80 | L81: 10.311658 | M81: 5.3515988 | N81: 10.6 | O81: 5.934845 | P81: 6.7189192 | Q81: 0 | T81: 5.7667845 | U81: 2.0141958 | V81: 1.6898047 | W81: 6.3573749 | X81: 1.8325411 | Y81: 4.1 | Z81: 17.751894 | AA81: 24.704079 | AB81: 9.4 | AD81: 4.3833333 | AF81: 8.3464461
J82: 81 | L82: 10.719166 | M82: 5.5575636 | N82: 11 | O82: 6.1391867 | P82: 6.9723088 | Q82: 0 | T82: 6.0066099 | U82: 2.1018921 | V82: 1.7668696 | W82: 6.574302 | X82: 1.894304 | Y82: 4.2 | Z82: 18.46857 | AA82: 25.722253 | AB82: 9.8 | AD82: 4.6 | AF82: 8.6719973
J83: 82 | L83: 11.137481 | M83: 5.7687816 | N83: 11.4 | O83: 6.3479269 | P83: 7.2319687 | Q83: 0 | T83: 6.2532818 | U83: 2.19226 | V83: 1.853551 | W83: 6.7307824 | X83: 1.9922866 | Y83: 4.4 | Z83: 19.204851 | AA83: 26.769121 | AB83: 10.1 | AD83: 4.7 | AF83: 9.0060172
J84: 83 | L84: 11.566751 | M84: 5.9853202 | N84: 11.8 | O84: 6.5611047 | P84: 7.4979748 | Q84: 0 | T84: 6.5069086 | U84: 2.2853466 | V84: 1.9222952 | W84: 6.957007 | X84: 2.0705804 | Y84: 4.6 | Z84: 19.961023 | AA84: 27.845127 | AB84: 10.5 | AD84: 4.9 | AF84: 9.3486188
J85: 84 | L85: 12.007128 | M85: 6.2072468 | N85: 12.2 | O85: 6.7787594 | P85: 7.7704028 | Q85: 0 | T85: 6.7675991 | U85: 2.3811997 | V85: 2.0100813 | W85: 7.1529907 | X85: 2.1509578 | Y85: 4.7 | Z85: 20.737376 | AA85: 28.950717 | AB85: 10.9 | AD85: 5.1 | AF85: 9.6999153
J86: 85 | L86: 12.458759 | M86: 6.4346291 | N86: 12.7 | O86: 7.0009301 | P86: 8.0493286 | Q86: 0 | T86: 7.0354623 | U86: 2.4798669 | V86: 2.0950389 | W86: 7.3520779 | X86: 2.2334485 | Y86: 4.9 | Z86: 21.534198 | AA86: 30.086337 | AB86: 11.3 | AD86: 5.3 | AF86: 10.06002
J87: 86 | L87: 12.921797 | M87: 6.6675346 | N87: 13.1 | O87: 7.2276555 | P87: 8.334828 | Q87: 0 | T87: 7.3106078 | U87: 2.5813965 | V87: 2.1825302 | W87: 7.5490962 | X87: 2.3180822 | Y87: 5.1 | Z87: 22.351778 | AA87: 31.252436 | AB87: 11.7 | AD87: 5.5 | AF87: 10.429046
J88: 87 | L88: 13.396391 | M88: 6.9060309 | N88: 13.6 | O88: 7.4589746 | Q88: 0 | T88: 7.5931453 | U88: 2.6858365 | V88: 2.2726002 | W88: 7.7466316 | X88: 2.4048887 | Y88: 5.2 | Z88: 23.190405 | AA88: 32.449462 | AB88: 12.1 | AD88: 5.7 | AF88: 10.807106
J89: 88 | L89: 13.882692 | M89: 7.1501855 | N89: 14 | O89: 7.694926 | Q89: 0 | T89: 7.8831852 | U89: 2.7932356 | V89: 2.3652937 | W89: 7.9441671 | X89: 2.4938978 | Y89: 5.4 | Z89: 24.050372 | AA89: 33.677867 | AB89: 12.6 | AD89: 5.9 | AF89: 11.194315
J90: 89 | L90: 14.38085 | M90: 7.4000662 | N90: 14.5 | O90: 7.9355482 | Q90: 0 | T90: 8.1808378 | U90: 2.9036427 | V90: 2.4606562 | W90: 8.1796944 | X90: 2.5851395 | Y90: 5.6 | Z90: 24.931968 | AA90: 34.938101 | AB90: 13 | AD90: 6.1 | AF90: 11.590786
J91: 90 | L91: 14.891018 | M91: 7.6557407 | N91: 15 | O91: 8.1808797 | Q91: 0 | T91: 8.4862143 | U91: 3.0171066 | V91: 2.5587331 | W91: 8.4 | X91: 2.6786436 | Y91: 5.8 | Z91: 25.835486 | AA91: 36.230619 | AB91: 13.5 | AD91: 6.3 | AF91: 11.996632
J92: 91 | M92: 7.9172766 | N92: 15.5 | O92: 8.4309587 | Q92: 0 | T92: 8.7994257 | U92: 3.1336766 | V92: 2.6595703 | W92: 8.6 | X92: 2.7744403 | Y92: 6 | Z92: 26.761218 | AA92: 37.555875 | AB92: 13.9 | AD92: 6.6 | AF92: 12.411968
J93: 92 | M93: 8.1847418 | N93: 16 | O93: 8.6858234 | Q93: 0 | T93: 9.1205838 | U93: 3.2534023 | V93: 2.7632139 | W93: 8.8 | X93: 2.8725596 | Y93: 6.2 | Z93: 27.709457 | AA93: 38.914324 | AB93: 14.4 | AD93: 6.8 | AF93: 12.836908
J94: 93 | M94: 8.4582039 | N94: 16.5 | O94: 8.945512 | Q94: 0 | T94: 9.4498004 | U94: 3.3763334 | V94: 2.8697102 | W94: 9.1 | X94: 2.9730316 | Y94: 6.4 | Z94: 28.680497 | AA94: 40.306424 | AB94: 14.9 | AD94: 7 | AF94: 13.271564
J95: 94 | M95: 8.7377308 | N95: 17 | O95: 9.2100623 | Q95: 0 | T95: 9.7871878 | U95: 3.5025198 | V95: 2.9791058 | W95: 9.3 | X95: 3.0758867 | Y95: 6.6 | Z95: 29.674632 | AA95: 41.732633 | AB95: 15.4 | AD95: 7.3 | AF95: 13.716053
J96: 95 | M96: 9.0233904 | N96: 17.6 | O96: 9.4795122 | Q96: 0 | T96: 10.132859 | U96: 3.6320117 | V96: 3.0914474 | W96: 9.5 | X96: 3.1811549 | Y96: 6.8 | Z96: 30.692157 | AA96: 43.19341 | AB96: 15.9 | AD96: 7.5 | AF96: 14.170487
J97: 96 | M97: 9.3152504 | N97: 18.1 | O97: 9.7538995 | Q97: 0 | T97: 10.486926 | U97: 3.7648597 | V97: 3.2067822 | W97: 9.8 | X97: 3.2888667 | Y97: 7.1 | Z97: 31.733367 | AA97: 44.689217 | AB97: 16.4 | AD97: 7.8 | AF97: 14.634982
J98: 97 | M98: 9.6133789 | N98: 18.7 | O98: 10.033262 | Q98: 0 | T98: 10.849503 | U98: 3.9011142 | V98: 3.3251575 | W98: 10 | X98: 3.3990525 | Y98: 7.3 | Z98: 32.798558 | AA98: 46.220514 | AB98: 16.9 | AD98: 8 | AF98: 15.109651
J99: 98 | M99: 9.9178436 | N99: 19.2 | O99: 10.317636 | Q99: 0 | T99: 11.220704 | U99: 4.0408262 | V99: 3.4466208 | W99: 10.2 | X99: 3.5117426 | Y99: 7.7 | Z99: 33.888026 | AA99: 47.787766 | AB99: 17.5 | AD99: 8.3 | AF99: 15.594609
J100: 99 | M100: 10.228713 | N100: 19.8 | O100: 10.607061 | Q100: 0 | T100: 11.600641 | U100: 4.1840468 | V100: 3.57122 | W100: 10.5 | X100: 3.6269676 | Y100: 8 | Z100: 35.00207 | AA100: 49.391436 | AB100: 18 | AD100: 8.6 | AF100: 16.089972
...

Sheet MASTERLIST
A1: Only complete Black areas on sheet
B2: MASTER ANGLERS LIST
A4: Number | B4: Club | C4: Name | D4: Surname | E4: Status | F4: DOB | G4: Date Today | H4: Age | J4: Gender | K4: ID Number | L4: Nationality
A5: N0001 | B5: Mako | C5: Philip | D5: Swartz | E5: =CONCATENATE(J5," ",I5) -> Men U/16 | F5: 40618 | G5: 44926 | H5: =INT(YEARFRAC(F5,G5)) -> 11 | I5: =IF(H5="","Senior",IF(H5>59.999,"Grand Masters",IF(H5>49.999,"Master",IF(H5>39.999,"Veteran",IF(H5>21.999,"Senior",IF(H5>16.999,"U/21","U/16")))))) -> U/16 | J5: Men | K5: 20110316 | L5: Nam
A6: N0002 | B6: Nam Pres Dev | C6: Marco | D6: Klein | E6: =CONCATENATE(J6," ",I6) -> Men Senior | F6: 30372 | G6: =$G$5 -> 44926 | H6: =INT(YEARFRAC(F6,G6)) -> 39 | I6: =IF(H6="","Senior",IF(H6>59.999,"Grand Masters",IF(H6>49.999,"Master",IF(H6>39.999,"Veteran",IF(H6>21.999,"Senior",IF(H6>16.999,"U/21","U/16")))))) -> Senior | J6: Men | K6: 83032510597 | L6: Nam
A7: N0003 | B7: Welwitschia | C7: Bertie | D7: Diedericks | E7: =CONCATENATE(J7," ",I7) -> Men Grand Masters | F7: 22219 | G7: =$G$5 -> 44926 | H7: =INT(YEARFRAC(F7,G7)) -> 62 | I7: =IF(H7="","Senior",IF(H7>59.999,"Grand Masters",IF(H7>49.999,"Master",IF(H7>39.999,"Veteran",IF(H7>21.999,"Senior",IF(H7>16.999,"U/21","U/16")))))) -> Grand Masters | J7: Men | K7: 6010300356 | L7: Nam
A8: N0004 | B8: Penguin | C8: Charles | D8: Bothma | E8: =CONCATENATE(J8," ",I8) -> Men Grand Masters | F8: 21920 | G8: =$G$5 -> 44926 | H8: =INT(YEARFRAC(F8,G8)) -> 62 | I8: =IF(H8="","Senior",IF(H8>59.999,"Grand Masters",IF(H8>49.999,"Master",IF(H8>39.999,"Veteran",IF(H8>21.999,"Senior",IF(H8>16.999,"U/21","U/16")))))) -> Grand Masters | J8: Men | K8: 60010501142 | L8: Nam
A9: N0005 | B9: Penguin | C9: Lesley | D9: Page | E9: =CONCATENATE(J9," ",I9) -> Men Master | F9: 24611 | G9: =$G$5 -> 44926 | H9: =INT(YEARFRAC(F9,G9)) -> 55 | I9: =IF(H9="","Senior",IF(H9>59.999,"Grand Masters",IF(H9>49.999,"Master",IF(H9>39.999,"Veteran",IF(H9>21.999,"Senior",IF(H9>16.999,"U/21","U/16")))))) -> Master | J9: Men | K9: 67051900234 | L9: Nam
A10: N0006 | B10: Penguin | C10: Nico | D10: Kotze | E10: =CONCATENATE(J10," ",I10) -> Men Veteran | F10: 27611 | G10: =$G$5 -> 44926 | H10: =INT(YEARFRAC(F10,G10)) -> 47 | I10: =IF(H10="","Senior",IF(H10>59.999,"Grand Masters",IF(H10>49.999,"Master",IF(H10>39.999,"Veteran",IF(H10>21.999,"Senior",IF(H10>16.999,"U/21","U/16")))))) -> Veteran | J10: Men | K10: 75080500042 | L10: Nam
A11: N0007 | B11: Orca Angling Club | C11: Brian | D11: Curtis | E11: =CONCATENATE(J11," ",I11) -> Men Senior | F11: 31732 | G11: =$G$5 -> 44926 | H11: =INT(YEARFRAC(F11,G11)) -> 36 | I11: =IF(H11="","Senior",IF(H11>59.999,"Grand Masters",IF(H11>49.999,"Master",IF(H11>39.999,"Veteran",IF(H11>21.999,"Senior",IF(H11>16.999,"U/21","U/16")))))) -> Senior | J11: Men | K11: 86111600125 | L11: Nam
A12: N0008 | B12: Namib Park | C12: Andre | D12: Coetzee | E12: =CONCATENATE(J12," ",I12) -> Men Grand Masters | F12: 21511 | G12: =$G$5 -> 44926 | H12: =INT(YEARFRAC(F12,G12)) -> 64 | I12: =IF(H12="","Senior",IF(H12>59.999,"Grand Masters",IF(H12>49.999,"Master",IF(H12>39.999,"Veteran",IF(H12>21.999,"Senior",IF(H12>16.999,"U/21","U/16")))))) -> Grand Masters | J12: Men | K12: 58112200165 | L12: Nam
A13: N0009 | B13: Penguin | C13: Henry | D13: Loubser | E13: =CONCATENATE(J13," ",I13) -> Men Grand Masters | F13: 22339 | G13: =$G$5 -> 44926 | H13: =INT(YEARFRAC(F13,G13)) -> 61 | I13: =IF(H13="","Senior",IF(H13>59.999,"Grand Masters",IF(H13>49.999,"Master",IF(H13>39.999,"Veteran",IF(H13>21.999,"Senior",IF(H13>16.999,"U/21","U/16")))))) -> Grand Masters | J13: Men | K13: 61022700219 | L13: Nam
A14: N0010 | B14: Namib Park | C14: Johan | D14: Hoon | E14: =CONCATENATE(J14," ",I14) -> Men Senior | F14: 30807 | G14: =$G$5 -> 44926 | H14: =INT(YEARFRAC(F14,G14)) -> 38 | I14: =IF(H14="","Senior",IF(H14>59.999,"Grand Masters",IF(H14>49.999,"Master",IF(H14>39.999,"Veteran",IF(H14>21.999,"Senior",IF(H14>16.999,"U/21","U/16")))))) -> Senior | J14: Men | K14: 84050510057 | L14: Nam
A15: N0011 | B15: Atlantic Angling Club | C15: Johan | D15: Mostert | E15: =CONCATENATE(J15," ",I15) -> Men Senior | F15: 30975 | G15: =$G$5 -> 44926 | H15: =INT(YEARFRAC(F15,G15)) -> 38 | I15: =IF(H15="","Senior",IF(H15>59.999,"Grand Masters",IF(H15>49.999,"Master",IF(H15>39.999,"Veteran",IF(H15>21.999,"Senior",IF(H15>16.999,"U/21","U/16")))))) -> Senior | J15: Men | K15: 84102010033 | L15: Nam
A16: N0012 | B16: xWelwitschia | C16: Walter | D16: Hankey | E16: =CONCATENATE(J16," ",I16) -> Men Master | F16: 23941 | G16: =$G$5 -> 44926 | H16: =INT(YEARFRAC(F16,G16)) -> 57 | I16: =IF(H16="","Senior",IF(H16>59.999,"Grand Masters",IF(H16>49.999,"Master",IF(H16>39.999,"Veteran",IF(H16>21.999,"Senior",IF(H16>16.999,"U/21","U/16")))))) -> Master | J16: Men | K16: 65071800039 | L16: Nam
A17: N0013 | B17: Namib Park | C17: Rodger | D17: Boon | E17: =CONCATENATE(J17," ",I17) -> Men Master | F17: 24486 | G17: =$G$5 -> 44926 | H17: =INT(YEARFRAC(F17,G17)) -> 55 | I17: =IF(H17="","Senior",IF(H17>59.999,"Grand Masters",IF(H17>49.999,"Master",IF(H17>39.999,"Veteran",IF(H17>21.999,"Senior",IF(H17>16.999,"U/21","U/16")))))) -> Master | J17: Men | K17: 67011410031 | L17: Nam
... A45: N0041 | B45: Walvis Bay | C45: Terence | D45: Clark | E45: =CONCATENATE(J45," ",I45) -> Men Grand Masters | F45: 22712 | G45: =$G$5 -> 44926 | H45: =INT(YEARFRAC(F45,G45)) -> 60 | I45: =IF(H45="","Senior",IF(H45>59.999,"Grand Masters",IF(H45>49.999,"Master",IF(H45>39.999,"Veteran",IF(H45>21.999,"Senior",IF(H45>16.999,"U/21","U/16")))))) -> Grand Masters | J45: Men | K45: 62030700864 | L45: Nam
A46: N0042 | B46: xBenguella | C46: Marcus | D46: Kirchner-Frankle | E46: =CONCATENATE(J46," ",I46) -> Men Senior | F46: 32651 | G46: =$G$5 -> 44926 | H46: =INT(YEARFRAC(F46,G46)) -> 33 | I46: =IF(H46="","Senior",IF(H46>59.999,"Grand Masters",IF(H46>49.999,"Master",IF(H46>39.999,"Veteran",IF(H46>21.999,"Senior",IF(H46>16.999,"U/21","U/16")))))) -> Senior | J46: Men
A47: N0043 | B47: Welwitschia | C47: Cecil | D47: Laubscher | E47: =CONCATENATE(J47," ",I47) -> Ladies Master | F47: 25790 | G47: =$G$5 -> 44926 | H47: =INT(YEARFRAC(F47,G47)) -> 52 | I47: =IF(H47="","Senior",IF(H47>59.999,"Grand Masters",IF(H47>49.999,"Master",IF(H47>39.999,"Veteran",IF(H47>21.999,"Senior",IF(H47>16.999,"U/21","U/16")))))) -> Master | J47: Ladies | K47: 70081000162 | L47: Nam
A48: N0044 | B48: Orca Angling Club | C48: Leon | D48: Krauze | E48: =CONCATENATE(J48," ",I48) -> Men Veteran | F48: 27461 | G48: =$G$5 -> 44926 | H48: =INT(YEARFRAC(F48,G48)) -> 47 | I48: =IF(H48="","Senior",IF(H48>59.999,"Grand Masters",IF(H48>49.999,"Master",IF(H48>39.999,"Veteran",IF(H48>21.999,"Senior",IF(H48>16.999,"U/21","U/16")))))) -> Veteran | J48: Men | K48: 75030810390 | L48: Nam
A49: N0045 | B49: Seagull Angling Club | C49: Chrisjan | D49: Potgieter | E49: =CONCATENATE(J49," ",I49) -> Men Senior | F49: 30490 | G49: =$G$5 -> 44926 | H49: =INT(YEARFRAC(F49,G49)) -> 39 | I49: =IF(H49="","Senior",IF(H49>59.999,"Grand Masters",IF(H49>49.999,"Master",IF(H49>39.999,"Veteran",IF(H49>21.999,"Senior",IF(H49>16.999,"U/21","U/16")))))) -> Senior | J49: Men | K49: 83062610476 | L49: Nam
A50: N0046 | B50: Penguin | C50: Marius | D50: Kruger | E50: =CONCATENATE(J50," ",I50) -> Men Veteran | F50: 27652 | G50: =$G$5 -> 44926 | H50: =INT(YEARFRAC(F50,G50)) -> 47 | I50: =IF(H50="","Senior",IF(H50>59.999,"Grand Masters",IF(H50>49.999,"Master",IF(H50>39.999,"Veteran",IF(H50>21.999,"Senior",IF(H50>16.999,"U/21","U/16")))))) -> Veteran | J50: Men | K50: 75091510613 | L50: Nam
A51: N0047 | B51: xSkeleton Coast | C51: Jaco | D51: Smit | E51: =CONCATENATE(J51," ",I51) -> Men Senior | F51: 31089 | G51: =$G$5 -> 44926 | H51: =INT(YEARFRAC(F51,G51)) -> 37 | I51: =IF(H51="","Senior",IF(H51>59.999,"Grand Masters",IF(H51>49.999,"Master",IF(H51>39.999,"Veteran",IF(H51>21.999,"Senior",IF(H51>16.999,"U/21","U/16")))))) -> Senior | J51: Men
A52: N0048 | B52: Penguin | C52: Morne | D52: Burger | E52: =CONCATENATE(J52," ",I52) -> Men Veteran | F52: 27577 | G52: =$G$5 -> 44926 | H52: =INT(YEARFRAC(F52,G52)) -> 47 | I52: =IF(H52="","Senior",IF(H52>59.999,"Grand Masters",IF(H52>49.999,"Master",IF(H52>39.999,"Veteran",IF(H52>21.999,"Senior",IF(H52>16.999,"U/21","U/16")))))) -> Veteran | J52: Men | K52: 75070200097 | L52: Nam
A53: N0049 | B53: xSeagulls WHK | C53: Gideon | D53: Scheepers | E53: =CONCATENATE(J53," ",I53) -> Men Master | F53: 25812 | G53: =$G$5 -> 44926 | H53: =INT(YEARFRAC(F53,G53)) -> 52 | I53: =IF(H53="","Senior",IF(H53>59.999,"Grand Masters",IF(H53>49.999,"Master",IF(H53>39.999,"Veteran",IF(H53>21.999,"Senior",IF(H53>16.999,"U/21","U/16")))))) -> Master | J53: Men | K53: 70090100115 | L53: Nam
A54: N0050 | B54: Seagull Angling Club | C54: Sean | D54: Van Den Heuvel | E54: =CONCATENATE(J54," ",I54) -> Men Veteran | F54: 28439 | G54: =$G$5 -> 44926 | H54: =INT(YEARFRAC(F54,G54)) -> 45 | I54: =IF(H54="","Senior",IF(H54>59.999,"Grand Masters",IF(H54>49.999,"Master",IF(H54>39.999,"Veteran",IF(H54>21.999,"Senior",IF(H54>16.999,"U/21","U/16")))))) -> Veteran | J54: Men | K54: 77111010566 | L54: Nam
A55: N0051 | B55: Penguin | C55: Bernard | D55: Pretorius | E55: =CONCATENATE(J55," ",I55) -> Men Master | F55: 24962 | G55: =$G$5 -> 44926 | H55: =INT(YEARFRAC(F55,G55)) -> 54 | I55: =IF(H55="","Senior",IF(H55>59.999,"Grand Masters",IF(H55>49.999,"Master",IF(H55>39.999,"Veteran",IF(H55>21.999,"Senior",IF(H55>16.999,"U/21","U/16")))))) -> Master | J55: Men | K55: 6805045042088 | L55: SA
A56: N0052 | B56: xAtlantic Angling Club | C56: Kai | D56: Metzger | E56: =CONCATENATE(J56," ",I56) -> Men Veteran | F56: 28585 | G56: =$G$5 -> 44926 | H56: =INT(YEARFRAC(F56,G56)) -> 44 | I56: =IF(H56="","Senior",IF(H56>59.999,"Grand Masters",IF(H56>49.999,"Master",IF(H56>39.999,"Veteran",IF(H56>21.999,"Senior",IF(H56>16.999,"U/21","U/16")))))) -> Veteran | J56: Men | K56: 78040510678 | L56: Nam
A57: N0053 | B57: Walvis Bay | C57: Stefan | D57: Du Preez | E57: =CONCATENATE(J57," ",I57) -> Men Master | F57: 24914 | G57: =$G$5 -> 44926 | H57: =INT(YEARFRAC(F57,G57)) -> 54 | I57: =IF(H57="","Senior",IF(H57>59.999,"Grand Masters",IF(H57>49.999,"Master",IF(H57>39.999,"Veteran",IF(H57>21.999,"Senior",IF(H57>16.999,"U/21","U/16")))))) -> Master | J57: Men | K57: 6803175151084 | L57: SA
A58: N0054 | B58: Steenbras | C58: Danie | D58: Klopper | E58: =CONCATENATE(J58," ",I58) -> Men Senior | F58: 32024 | G58: =$G$5 -> 44926 | H58: =INT(YEARFRAC(F58,G58)) -> 35 | I58: =IF(H58="","Senior",IF(H58>59.999,"Grand Masters",IF(H58>49.999,"Master",IF(H58>39.999,"Veteran",IF(H58>21.999,"Senior",IF(H58>16.999,"U/21","U/16")))))) -> Senior | J58: Men | K58: 87090400174 | L58: Nam
A59: N0055 | B59: xNamib Park | C59: Morne | D59: Von Bosch | E59: =CONCATENATE(J59," ",I59) -> Men Senior | F59: 34851 | G59: =$G$5 -> 44926 | H59: =INT(YEARFRAC(F59,G59)) -> 27 | I59: =IF(H59="","Senior",IF(H59>59.999,"Grand Masters",IF(H59>49.999,"Master",IF(H59>39.999,"Veteran",IF(H59>21.999,"Senior",IF(H59>16.999,"U/21","U/16")))))) -> Senior | J59: Men | K59: 95060100073 | L59: Nam
A60: N0056 | B60: Orca Angling Club | C60: Alec | D60: Landers | E60: =CONCATENATE(J60," ",I60) -> Men Senior | F60: 32459 | G60: =$G$5 -> 44926 | H60: =INT(YEARFRAC(F60,G60)) -> 34 | I60: =IF(H60="","Senior",IF(H60>59.999,"Grand Masters",IF(H60>49.999,"Master",IF(H60>39.999,"Veteran",IF(H60>21.999,"Senior",IF(H60>16.999,"U/21","U/16")))))) -> Senior | J60: Men | K60: 88111200021 | L60: Nam
A61: N0057 | B61: Mako | C61: Jeri | D61: Drake | E61: =CONCATENATE(J61," ",I61) -> Men Grand Masters | F61: 20458 | G61: =$G$5 -> 44926 | H61: =INT(YEARFRAC(F61,G61)) -> 66 | I61: =IF(H61="","Senior",IF(H61>59.999,"Grand Masters",IF(H61>49.999,"Master",IF(H61>39.999,"Veteran",IF(H61>21.999,"Senior",IF(H61>16.999,"U/21","U/16")))))) -> Grand Masters | J61: Men | K61: 56010410061 | L61: Brit
A62: N0058 | B62: xSkeleton Coast | C62: Jan | D62: Olivier | E62: =CONCATENATE(J62," ",I62) -> Men Master | F62: 25556 | G62: =$G$5 -> 44926 | H62: =INT(YEARFRAC(F62,G62)) -> 53 | I62: =IF(H62="","Senior",IF(H62>59.999,"Grand Masters",IF(H62>49.999,"Master",IF(H62>39.999,"Veteran",IF(H62>21.999,"Senior",IF(H62>16.999,"U/21","U/16")))))) -> Master | J62: Men | K62: 69121910049 | L62: Nam
A63: N0059 | B63: Welwitschia | C63: Hennie | D63: Du Plessis | E63: =CONCATENATE(J63," ",I63) -> Men Senior | F63: 31040 | G63: =$G$5 -> 44926 | H63: =INT(YEARFRAC(F63,G63)) -> 38 | I63: =IF(H63="","Senior",IF(H63>59.999,"Grand Masters",IF(H63>49.999,"Master",IF(H63>39.999,"Veteran",IF(H63>21.999,"Senior",IF(H63>16.999,"U/21","U/16")))))) -> Senior | J63: Men | K63: 84122410436 | L63: Nam
... A80: N0076 | B80: xOkahandja | C80: Eddie | D80: Cowley | E80: =CONCATENATE(J80," ",I80) -> Men Grand Masters | F80: 18620 | G80: =$G$5 -> 44926 | H80: =INT(YEARFRAC(F80,G80)) -> 72 | I80: =IF(H80="","Senior",IF(H80>59.999,"Grand Masters",IF(H80>49.999,"Master",IF(H80>39.999,"Veteran",IF(H80>21.999,"Senior",IF(H80>16.999,"U/21","U/16")))))) -> Grand Masters | J80: Men | K80: 50122300181 | L80: Nam
A81: N0077 | B81: xHenties Bay | C81: Wanda | D81: Langeveldt | E81: =CONCATENATE(J81," ",I81) -> Ladies Senior | F81: 34565 | G81: =$G$5 -> 44926 | H81: =INT(YEARFRAC(F81,G81)) -> 28 | I81: =IF(H81="","Senior",IF(H81>59.999,"Grand Masters",IF(H81>49.999,"Master",IF(H81>39.999,"Veteran",IF(H81>21.999,"Senior",IF(H81>16.999,"U/21","U/16")))))) -> Senior | J81: Ladies
A82: N0078 | B82: Seagull Angling Club | C82: Richard | D82: Kotze | E82: =CONCATENATE(J82," ",I82) -> Men Grand Masters | F82: 22431 | G82: =$G$5 -> 44926 | H82: =INT(YEARFRAC(F82,G82)) -> 61 | I82: =IF(H82="","Senior",IF(H82>59.999,"Grand Masters",IF(H82>49.999,"Master",IF(H82>39.999,"Veteran",IF(H82>21.999,"Senior",IF(H82>16.999,"U/21","U/16")))))) -> Grand Masters | J82: Men | K82: 61053010028 | L82: Nam
A83: N0079 | B83: xOkahandja | C83: Botha | D83: Jansen | E83: =CONCATENATE(J83," ",I83) -> Men Senior | F83: 30695 | G83: =$G$5 -> 44926 | H83: =INT(YEARFRAC(F83,G83)) -> 38 | I83: =IF(H83="","Senior",IF(H83>59.999,"Grand Masters",IF(H83>49.999,"Master",IF(H83>39.999,"Veteran",IF(H83>21.999,"Senior",IF(H83>16.999,"U/21","U/16")))))) -> Senior | J83: Men
A84: N0080 | B84: xPenguin | C84: Shane | D84: Milne | E84: =CONCATENATE(J84," ",I84) -> Men Veteran | F84: 26667 | G84: =$G$5 -> 44926 | H84: =INT(YEARFRAC(F84,G84)) -> 49 | I84: =IF(H84="","Senior",IF(H84>59.999,"Grand Masters",IF(H84>49.999,"Master",IF(H84>39.999,"Veteran",IF(H84>21.999,"Senior",IF(H84>16.999,"U/21","U/16")))))) -> Veteran | J84: Men
A85: N0081 | B85: Mako | C85: John-John | D85: Warrington | E85: =CONCATENATE(J85," ",I85) -> Men Veteran | F85: 29685 | G85: =$G$5 -> 44926 | H85: =INT(YEARFRAC(F85,G85)) -> 41 | I85: =IF(H85="","Senior",IF(H85>59.999,"Grand Masters",IF(H85>49.999,"Master",IF(H85>39.999,"Veteran",IF(H85>21.999,"Senior",IF(H85>16.999,"U/21","U/16")))))) -> Veteran | J85: Men | K85: 8104091035 | L85: Nam
A86: N0082 | B86: xOrca Angling Club | C86: Johan | D86: Potgieter | E86: =CONCATENATE(J86," ",I86) -> Men Senior | F86: 33104 | G86: =$G$5 -> 44926 | H86: =INT(YEARFRAC(F86,G86)) -> 32 | I86: =IF(H86="","Senior",IF(H86>59.999,"Grand Masters",IF(H86>49.999,"Master",IF(H86>39.999,"Veteran",IF(H86>21.999,"Senior",IF(H86>16.999,"U/21","U/16")))))) -> Senior | J86: Men | K86: 90081900667 | L86: Nam
A87: N0083 | B87: Otjiwarongo | C87: Wikus | D87: Van Wyk | E87: =CONCATENATE(J87," ",I87) -> Men Veteran | F87: 29073 | G87: =$G$5 -> 44926 | H87: =INT(YEARFRAC(F87,G87)) -> 43 | I87: =IF(H87="","Senior",IF(H87>59.999,"Grand Masters",IF(H87>49.999,"Master",IF(H87>39.999,"Veteran",IF(H87>21.999,"Senior",IF(H87>16.999,"U/21","U/16")))))) -> Veteran | J87: Men | K87: 79080610798 | L87: Nam
A88: N0084 | B88: Walvis Bay | C88: Sarah-Ann | D88: Mills | E88: =CONCATENATE(J88," ",I88) -> Ladies Master | F88: 25299 | G88: =$G$5 -> 44926 | H88: =INT(YEARFRAC(F88,G88)) -> 53 | I88: =IF(H88="","Senior",IF(H88>59.999,"Grand Masters",IF(H88>49.999,"Master",IF(H88>39.999,"Veteran",IF(H88>21.999,"Senior",IF(H88>16.999,"U/21","U/16")))))) -> Master | J88: Ladies | K88: 6906040033088 | L88: Nam
A89: N0085 | B89: xSteenbras | C89: Denys | D89: Opperman | E89: =CONCATENATE(J89," ",I89) -> Men Veteran | F89: 26708 | G89: =$G$5 -> 44926 | H89: =INT(YEARFRAC(F89,G89)) -> 49 | I89: =IF(H89="","Senior",IF(H89>59.999,"Grand Masters",IF(H89>49.999,"Master",IF(H89>39.999,"Veteran",IF(H89>21.999,"Senior",IF(H89>16.999,"U/21","U/16")))))) -> Veteran | J89: Men | K89: 73021300081 | L89: Nam
A90: N0086 | B90: Mako | C90: Hendrik | D90: Dry | E90: =CONCATENATE(J90," ",I90) -> Men Veteran | F90: 28375 | G90: =$G$5 -> 44926 | H90: =INT(YEARFRAC(F90,G90)) -> 45 | I90: =IF(H90="","Senior",IF(H90>59.999,"Grand Masters",IF(H90>49.999,"Master",IF(H90>39.999,"Veteran",IF(H90>21.999,"Senior",IF(H90>16.999,"U/21","U/16")))))) -> Veteran | J90: Men | K90: 77090700046 | L90: Nam
A91: N0087 | B91: Benguella | C91: Pieter | D91: De Beer | E91: =CONCATENATE(J91," ",I91) -> Men Grand Masters | F91: 22924 | G91: =$G$5 -> 44926 | H91: =INT(YEARFRAC(F91,G91)) -> 60 | I91: =IF(H91="","Senior",IF(H91>59.999,"Grand Masters",IF(H91>49.999,"Master",IF(H91>39.999,"Veteran",IF(H91>21.999,"Senior",IF(H91>16.999,"U/21","U/16")))))) -> Grand Masters | J91: Men | K91: 62100510029 | L91: Nam
A92: N0088 | B92: xSeagull Angling Club | C92: Heiko | D92: Halbich | E92: =CONCATENATE(J92," ",I92) -> Men Veteran | F92: 28088 | G92: =$G$5 -> 44926 | H92: =INT(YEARFRAC(F92,G92)) -> 46 | I92: =IF(H92="","Senior",IF(H92>59.999,"Grand Masters",IF(H92>49.999,"Master",IF(H92>39.999,"Veteran",IF(H92>21.999,"Senior",IF(H92>16.999,"U/21","U/16")))))) -> Veteran | J92: Men | K92: 761124102801 | L92: Nam
A93: N0089 | B93: Welwitschia | C93: Michael | D93: Maree | E93: =CONCATENATE(J93," ",I93) -> Men Veteran | F93: 28314 | G93: =$G$5 -> 44926 | H93: =INT(YEARFRAC(F93,G93)) -> 45 | I93: =IF(H93="","Senior",IF(H93>59.999,"Grand Masters",IF(H93>49.999,"Master",IF(H93>39.999,"Veteran",IF(H93>21.999,"Senior",IF(H93>16.999,"U/21","U/16")))))) -> Veteran | J93: Men | K93: 77070810547 | L93: Nam
A94: N0090 | B94: xOkahandja | C94: James | D94: Scholtz | E94: =CONCATENATE(J94," ",I94) -> Men Veteran | F94: 30256 | G94: =$G$5 -> 44926 | H94: =INT(YEARFRAC(F94,G94)) -> 40 | I94: =IF(H94="","Senior",IF(H94>59.999,"Grand Masters",IF(H94>49.999,"Master",IF(H94>39.999,"Veteran",IF(H94>21.999,"Senior",IF(H94>16.999,"U/21","U/16")))))) -> Veteran | J94: Men | K94: 82110110252 | L94: Nam
A95: N0091 | B95: Benguella | C95: Deon | D95: Jacobs | E95: =CONCATENATE(J95," ",I95) -> Men Grand Masters | F95: 19577 | G95: =$G$5 -> 44926 | H95: =INT(YEARFRAC(F95,G95)) -> 69 | I95: =IF(H95="","Senior",IF(H95>59.999,"Grand Masters",IF(H95>49.999,"Master",IF(H95>39.999,"Veteran",IF(H95>21.999,"Senior",IF(H95>16.999,"U/21","U/16")))))) -> Grand Masters | J95: Men | K95: 53080610059 | L95: Nam
A96: N0092 | B96: Otjiwarongo | C96: Joseph | D96: Payne | E96: =CONCATENATE(J96," ",I96) -> Men Veteran | F96: 29297 | G96: =$G$5 -> 44926 | H96: =INT(YEARFRAC(F96,G96)) -> 42 | I96: =IF(H96="","Senior",IF(H96>59.999,"Grand Masters",IF(H96>49.999,"Master",IF(H96>39.999,"Veteran",IF(H96>21.999,"Senior",IF(H96>16.999,"U/21","U/16")))))) -> Veteran | J96: Men | K96: 80031710557 | L96: Nam
... A102: N0098 | B102: xBenguella | C102: Johan | D102: Grebe | E102: =CONCATENATE(J102," ",I102) -> Men Grand Masters | F102: 19489 | G102: =$G$5 -> 44926 | H102: =INT(YEARFRAC(F102,G102)) -> 69 | I102: =IF(H102="","Senior",IF(H102>59.999,"Grand Masters",IF(H102>49.999,"Master",IF(H102>39.999,"Veteran",IF(H102>21.999,"Senior",IF(H102>16.999,"U/21","U/16")))))) -> Grand Masters | J102: Men | K102: 53051000264 | L102: Nam
A103: N0099 | B103: xOkahandja | C103: JJ | D103: Joubert | E103: =CONCATENATE(J103," ",I103) -> Men U/21 | F103: 38321 | G103: =$G$5 -> 44926 | H103: =INT(YEARFRAC(F103,G103)) -> 18 | I103: =IF(H103="","Senior",IF(H103>59.999,"Grand Masters",IF(H103>49.999,"Master",IF(H103>39.999,"Veteran",IF(H103>21.999,"Senior",IF(H103>16.999,"U/21","U/16")))))) -> U/21 | J103: Men | L103: Nam
A104: N0100 | B104: Nam Pres Veterans | C104: Werner | D104: Van Riet | E104: =CONCATENATE(J104," ",I104) -> Men Veteran | F104: 29831 | G104: =$G$5 -> 44926 | H104: =INT(YEARFRAC(F104,G104)) -> 41 | I104: =IF(H104="","Senior",IF(H104>59.999,"Grand Masters",IF(H104>49.999,"Master",IF(H104>39.999,"Veteran",IF(H104>21.999,"Senior",IF(H104>16.999,"U/21","U/16")))))) -> Veteran | J104: Men | K104: 81090210930 | L104: Nam
A105: N0101 | B105: Nam Pres A | C105: Tertius | D105: Potgieter | E105: =CONCATENATE(J105," ",I105) -> Men Senior | F105: 31120 | G105: =$G$5 -> 44926 | H105: =INT(YEARFRAC(F105,G105)) -> 37 | I105: =IF(H105="","Senior",IF(H105>59.999,"Grand Masters",IF(H105>49.999,"Master",IF(H105>39.999,"Veteran",IF(H105>21.999,"Senior",IF(H105>16.999,"U/21","U/16")))))) -> Senior | J105: Men | K105: 85031410469 | L105: Nam
A106: N0102 | B106: xWelwitschia | C106: Ferdie | D106: Malherbe | E106: =CONCATENATE(J106," ",I106) -> Men Veteran | F106: 30062 | G106: =$G$5 -> 44926 | H106: =INT(YEARFRAC(F106,G106)) -> 40 | I106: =IF(H106="","Senior",IF(H106>59.999,"Grand Masters",IF(H106>49.999,"Master",IF(H106>39.999,"Veteran",IF(H106>21.999,"Senior",IF(H106>16.999,"U/21","U/16")))))) -> Veteran | J106: Men | K106: 82042100013 | L106: Nam
A107: N0103 | B107: xSkeleton Coast | C107: Herman | D107: De Vries | E107: =CONCATENATE(J107," ",I107) -> Men Veteran | F107: 30048 | G107: =$G$5 -> 44926 | H107: =INT(YEARFRAC(F107,G107)) -> 40 | I107: =IF(H107="","Senior",IF(H107>59.999,"Grand Masters",IF(H107>49.999,"Master",IF(H107>39.999,"Veteran",IF(H107>21.999,"Senior",IF(H107>16.999,"U/21","U/16")))))) -> Veteran | J107: Men | K107: 82040710582 | L107: Nam
A108: N0104 | B108: xOkahandja | C108: Ettiene | D108: Coetzee | E108: =CONCATENATE(J108," ",I108) -> Men Master | F108: 26652 | G108: =$G$5 -> 44926 | H108: =INT(YEARFRAC(F108,G108)) -> 50 | I108: =IF(H108="","Senior",IF(H108>59.999,"Grand Masters",IF(H108>49.999,"Master",IF(H108>39.999,"Veteran",IF(H108>21.999,"Senior",IF(H108>16.999,"U/21","U/16")))))) -> Master | J108: Men | K108: 72121910131 | L108: Nam
A109: N0105 | B109: xOtjiwarongo | C109: Riaan | D109: Dreyer | E109: =CONCATENATE(J109," ",I109) -> Men Veteran | F109: 27562 | G109: =$G$5 -> 44926 | H109: =INT(YEARFRAC(F109,G109)) -> 47 | I109: =IF(H109="","Senior",IF(H109>59.999,"Grand Masters",IF(H109>49.999,"Master",IF(H109>39.999,"Veteran",IF(H109>21.999,"Senior",IF(H109>16.999,"U/21","U/16")))))) -> Veteran | J109: Men
A110: N0106 | B110: Welwitschia | C110: Izak | D110: Visser | E110: =CONCATENATE(J110," ",I110) -> Men Grand Masters | F110: 19986 | G110: =$G$5 -> 44926 | H110: =INT(YEARFRAC(F110,G110)) -> 68 | I110: =IF(H110="","Senior",IF(H110>59.999,"Grand Masters",IF(H110>49.999,"Master",IF(H110>39.999,"Veteran",IF(H110>21.999,"Senior",IF(H110>16.999,"U/21","U/16")))))) -> Grand Masters | J110: Men | K110: 54091900216 | L110: Nam
A111: N0107 | B111: Namib Park | C111: Lance | D111: Mills | E111: =CONCATENATE(J111," ",I111) -> Men Master | F111: 24711 | G111: =$G$5 -> 44926 | H111: =INT(YEARFRAC(F111,G111)) -> 55 | I111: =IF(H111="","Senior",IF(H111>59.999,"Grand Masters",IF(H111>49.999,"Master",IF(H111>39.999,"Veteran",IF(H111>21.999,"Senior",IF(H111>16.999,"U/21","U/16")))))) -> Master | J111: Men | K111: 67082710038 | L111: Nam
A112: N0108 | B112: Walvis Bay | C112: Dian | D112: Neethling | E112: =CONCATENATE(J112," ",I112) -> Men U/21 | F112: 37448 | G112: =$G$5 -> 44926 | H112: =INT(YEARFRAC(F112,G112)) -> 20 | I112: =IF(H112="","Senior",IF(H112>59.999,"Grand Masters",IF(H112>49.999,"Master",IF(H112>39.999,"Veteran",IF(H112>21.999,"Senior",IF(H112>16.999,"U/21","U/16")))))) -> U/21 | J112: Men | K112: 2071100387 | L112: Nam
A113: N0109 | B113: xMako | C113: Gottfried | D113: Grobbelaar | E113: =CONCATENATE(J113," ",I113) -> Men Veteran | F113: 26954 | G113: =$G$5 -> 44926 | H113: =INT(YEARFRAC(F113,G113)) -> 49 | I113: =IF(H113="","Senior",IF(H113>59.999,"Grand Masters",IF(H113>49.999,"Master",IF(H113>39.999,"Veteran",IF(H113>21.999,"Senior",IF(H113>16.999,"U/21","U/16")))))) -> Veteran | J113: Men
A114: N0110 | B114: Otjiwarongo | C114: Bijorn | D114: Le Roux | E114: =CONCATENATE(J114," ",I114) -> Men Senior | F114: 30363 | G114: =$G$5 -> 44926 | H114: =INT(YEARFRAC(F114,G114)) -> 39 | I114: =IF(H114="","Senior",IF(H114>59.999,"Grand Masters",IF(H114>49.999,"Master",IF(H114>39.999,"Veteran",IF(H114>21.999,"Senior",IF(H114>16.999,"U/21","U/16")))))) -> Senior | J114: Men | K114: 83021610676 | L114: Nam
A115: N0111 | B115: xSkeleton Coast | C115: Delano | D115: Louw | E115: =CONCATENATE(J115," ",I115) -> Men Senior | F115: 32649 | G115: =$G$5 -> 44926 | H115: =INT(YEARFRAC(F115,G115)) -> 33 | I115: =IF(H115="","Senior",IF(H115>59.999,"Grand Masters",IF(H115>49.999,"Master",IF(H115>39.999,"Veteran",IF(H115>21.999,"Senior",IF(H115>16.999,"U/21","U/16")))))) -> Senior | J115: Men | K115: 89052100799 | L115: Nam
A116: N0112 | B116: Okahandja | C116: Danie | D116: Van Zyl | E116: =CONCATENATE(J116," ",I116) -> Men Veteran | F116: 29199 | G116: =$G$5 -> 44926 | H116: =INT(YEARFRAC(F116,G116)) -> 43 | I116: =IF(H116="","Senior",IF(H116>59.999,"Grand Masters",IF(H116>49.999,"Master",IF(H116>39.999,"Veteran",IF(H116>21.999,"Senior",IF(H116>16.999,"U/21","U/16")))))) -> Veteran | J116: Men | K116: 79121010722 | L116: Nam
A117: N0113 | B117: Benguella | C117: Shaun | D117: Bothma | E117: =CONCATENATE(J117," ",I117) -> Men Veteran | F117: 29114 | G117: =$G$5 -> 44926 | H117: =INT(YEARFRAC(F117,G117)) -> 43 | I117: =IF(H117="","Senior",IF(H117>59.999,"Grand Masters",IF(H117>49.999,"Master",IF(H117>39.999,"Veteran",IF(H117>21.999,"Senior",IF(H117>16.999,"U/21","U/16")))))) -> Veteran | J117: Men | K117: 79091610522 | L117: Nam
A118: N0114 | B118: Henties Bay | C118: Michele | D118: Andersen | E118: =CONCATENATE(J118," ",I118) -> Ladies Grand Masters | F118: 19974 | G118: =$G$5 -> 44926 | H118: =INT(YEARFRAC(F118,G118)) -> 68 | I118: =IF(H118="","Senior",IF(H118>59.999,"Grand Masters",IF(H118>49.999,"Master",IF(H118>39.999,"Veteran",IF(H118>21.999,"Senior",IF(H118>16.999,"U/21","U/16")))))) -> Grand Masters | J118: Ladies | K118: 5409070035181 | L118: Belg
A119: N0115 | B119: xMako | C119: Maritz | D119: Van Niekerk | E119: =CONCATENATE(J119," ",I119) -> Men Senior | F119: 33783 | G119: =$G$5 -> 44926 | H119: =INT(YEARFRAC(F119,G119)) -> 30 | I119: =IF(H119="","Senior",IF(H119>59.999,"Grand Masters",IF(H119>49.999,"Master",IF(H119>39.999,"Veteran",IF(H119>21.999,"Senior",IF(H119>16.999,"U/21","U/16")))))) -> Senior | J119: Men | K119: 92062800886 | L119: Nam
A120: N0116 | B120: xPenguin | C120: Cameron | D120: Croza | E120: =CONCATENATE(J120," ",I120) -> Men Senior | F120: 34241 | G120: =$G$5 -> 44926 | H120: =INT(YEARFRAC(F120,G120)) -> 29 | I120: =IF(H120="","Senior",IF(H120>59.999,"Grand Masters",IF(H120>49.999,"Master",IF(H120>39.999,"Veteran",IF(H120>21.999,"Senior",IF(H120>16.999,"U/21","U/16")))))) -> Senior | J120: Men | K120: 93092900103 | L120: Nam
A121: N0117 | B121: xMako | C121: Andrew | D121: Van Schalkwyk | E121: =CONCATENATE(J121," ",I121) -> Men Veteran | F121: 29331 | G121: =$G$5 -> 44926 | H121: =INT(YEARFRAC(F121,G121)) -> 42 | I121: =IF(H121="","Senior",IF(H121>59.999,"Grand Masters",IF(H121>49.999,"Master",IF(H121>39.999,"Veteran",IF(H121>21.999,"Senior",IF(H121>16.999,"U/21","U/16")))))) -> Veteran | J121: Men | K121: 80042010845 | L121: Nam
A122: N0118 | B122: Nam Pres Dev | C122: Olaf | D122: Coetzee | E122: =CONCATENATE(J122," ",I122) -> Men Senior | F122: 31285 | G122: =$G$5 -> 44926 | H122: =INT(YEARFRAC(F122,G122)) -> 37 | I122: =IF(H122="","Senior",IF(H122>59.999,"Grand Masters",IF(H122>49.999,"Master",IF(H122>39.999,"Veteran",IF(H122>21.999,"Senior",IF(H122>16.999,"U/21","U/16")))))) -> Senior | J122: Men | K122: 85082610120 | L122: Nam
A123: N0119 | B123: Nam Pres A | C123: Joe | D123: Herman | E123: =CONCATENATE(J123," ",I123) -> Men Senior | F123: 34076 | G123: =$G$5 -> 44926 | H123: =INT(YEARFRAC(F123,G123)) -> 29 | I123: =IF(H123="","Senior",IF(H123>59.999,"Grand Masters",IF(H123>49.999,"Master",IF(H123>39.999,"Veteran",IF(H123>21.999,"Senior",IF(H123>16.999,"U/21","U/16")))))) -> Senior | J123: Men | K123: 9304175009080 | L123: SA
A124: N0120 | B124: Seagull Angling Club | C124: Rene | D124: Mertens | E124: =CONCATENATE(J124," ",I124) -> Men Senior | F124: 32426 | G124: =$G$5 -> 44926 | H124: =INT(YEARFRAC(F124,G124)) -> 34 | I124: =IF(H124="","Senior",IF(H124>59.999,"Grand Masters",IF(H124>49.999,"Master",IF(H124>39.999,"Veteran",IF(H124>21.999,"Senior",IF(H124>16.999,"U/21","U/16")))))) -> Senior | J124: Men | K124: 88101000291 | L124: Nam
A125: N0121 | B125: Benguella | C125: Lezelle | D125: Smit | E125: =CONCATENATE(J125," ",I125) -> Ladies Veteran | F125: 28387 | G125: =$G$5 -> 44926 | H125: =INT(YEARFRAC(F125,G125)) -> 45 | I125: =IF(H125="","Senior",IF(H125>59.999,"Grand Masters",IF(H125>49.999,"Master",IF(H125>39.999,"Veteran",IF(H125>21.999,"Senior",IF(H125>16.999,"U/21","U/16")))))) -> Veteran | J125: Ladies | K125: 77091900014 | L125: Nam
... A129: N0125 | B129: Penguin | C129: Colin | D129: Hart | E129: =CONCATENATE(J129," ",I129) -> Men Grand Masters | F129: 22270 | G129: =$G$5 -> 44926 | H129: =INT(YEARFRAC(F129,G129)) -> 62 | I129: =IF(H129="","Senior",IF(H129>59.999,"Grand Masters",IF(H129>49.999,"Master",IF(H129>39.999,"Veteran",IF(H129>21.999,"Senior",IF(H129>16.999,"U/21","U/16")))))) -> Grand Masters | J129: Men | K129: 60122000617 | L129: Nam
A130: N0126 | B130: xWelwitschia | C130: Phil | D130: Nel | E130: =CONCATENATE(J130," ",I130) -> Men Veteran | F130: 27240 | G130: =$G$5 -> 44926 | H130: =INT(YEARFRAC(F130,G130)) -> 48 | I130: =IF(H130="","Senior",IF(H130>59.999,"Grand Masters",IF(H130>49.999,"Master",IF(H130>39.999,"Veteran",IF(H130>21.999,"Senior",IF(H130>16.999,"U/21","U/16")))))) -> Veteran | J130: Men
A131: N0127 | B131: Mako | C131: Kiepie | D131: Burger | E131: =CONCATENATE(J131," ",I131) -> Men Veteran | F131: 28958 | G131: =$G$5 -> 44926 | H131: =INT(YEARFRAC(F131,G131)) -> 43 | I131: =IF(H131="","Senior",IF(H131>59.999,"Grand Masters",IF(H131>49.999,"Master",IF(H131>39.999,"Veteran",IF(H131>21.999,"Senior",IF(H131>16.999,"U/21","U/16")))))) -> Veteran | J131: Men | K131: 79041310290 | L131: Nam
A132: N0128 | B132: xPenguin | C132: Chris | D132: Orffer | E132: =CONCATENATE(J132," ",I132) -> Men Grand Masters | F132: 20671 | G132: =$G$5 -> 44926 | H132: =INT(YEARFRAC(F132,G132)) -> 66 | I132: =IF(H132="","Senior",IF(H132>59.999,"Grand Masters",IF(H132>49.999,"Master",IF(H132>39.999,"Veteran",IF(H132>21.999,"Senior",IF(H132>16.999,"U/21","U/16")))))) -> Grand Masters | J132: Men | K132: 56080400863 | L132: Nam
A133: N0129 | B133: Nam Pres B | C133: Pieter | D133: van Aarde | E133: =CONCATENATE(J133," ",I133) -> Men Senior | F133: 32323 | G133: =$G$5 -> 44926 | H133: =INT(YEARFRAC(F133,G133)) -> 34 | I133: =IF(H133="","Senior",IF(H133>59.999,"Grand Masters",IF(H133>49.999,"Master",IF(H133>39.999,"Veteran",IF(H133>21.999,"Senior",IF(H133>16.999,"U/21","U/16")))))) -> Senior | J133: Men | K133: 88062900495 | L133: Nam
A134: N0130 | B134: xOkahandja | C134: Loandro | D134: Erasmus | E134: =CONCATENATE(J134," ",I134) -> Men Senior | F134: 35961 | G134: =$G$5 -> 44926 | H134: =INT(YEARFRAC(F134,G134)) -> 24 | I134: =IF(H134="","Senior",IF(H134>59.999,"Grand Masters",IF(H134>49.999,"Master",IF(H134>39.999,"Veteran",IF(H134>21.999,"Senior",IF(H134>16.999,"U/21","U/16")))))) -> Senior | J134: Men | K134: 98061500027 | L134: Nam
A135: N0131 | B135: Benguella | C135: Pierre | D135: Wagner | E135: =CONCATENATE(J135," ",I135) -> Men Master | F135: 25560 | G135: =$G$5 -> 44926 | H135: =INT(YEARFRAC(F135,G135)) -> 53 | I135: =IF(H135="","Senior",IF(H135>59.999,"Grand Masters",IF(H135>49.999,"Master",IF(H135>39.999,"Veteran",IF(H135>21.999,"Senior",IF(H135>16.999,"U/21","U/16")))))) -> Master | J135: Men | K135: 69122235136082 | L135: NAm
A136: N0132 | B136: Henties Bay | C136: Chris | D136: Scholtz | E136: =CONCATENATE(J136," ",I136) -> Men Veteran | F136: 28213 | G136: =$G$5 -> 44926 | H136: =INT(YEARFRAC(F136,G136)) -> 45 | I136: =IF(H136="","Senior",IF(H136>59.999,"Grand Masters",IF(H136>49.999,"Master",IF(H136>39.999,"Veteran",IF(H136>21.999,"Senior",IF(H136>16.999,"U/21","U/16")))))) -> Veteran | J136: Men | K136: 77032900259 | L136: Nam
A137: N0133 | B137: Henties Bay | C137: Harvey | D137: Boulter | E137: =CONCATENATE(J137," ",I137) -> Men Master | F137: 25514 | G137: =$G$5 -> 44926 | H137: =INT(YEARFRAC(F137,G137)) -> 53 | I137: =IF(H137="","Senior",IF(H137>59.999,"Grand Masters",IF(H137>49.999,"Master",IF(H137>39.999,"Veteran",IF(H137>21.999,"Senior",IF(H137>16.999,"U/21","U/16")))))) -> Master | J137: Men | K137: 518168758 | L137: Brit
A138: N0134 | B138: Benguella | C138: Hennie | D138: Cloete | E138: =CONCATENATE(J138," ",I138) -> Men Grand Masters | F138: 20998 | G138: =$G$5 -> 44926 | H138: =INT(YEARFRAC(F138,G138)) -> 65 | I138: =IF(H138="","Senior",IF(H138>59.999,"Grand Masters",IF(H138>49.999,"Master",IF(H138>39.999,"Veteran",IF(H138>21.999,"Senior",IF(H138>16.999,"U/21","U/16")))))) -> Grand Masters | J138: Men | K138: 570627500 | L138: Nam
A139: N0135 | B139: xBenguella | C139: Dirk | D139: Nesenberend | E139: =CONCATENATE(J139," ",I139) -> Men Veteran | F139: 26857 | G139: =$G$5 -> 44926 | H139: =INT(YEARFRAC(F139,G139)) -> 49 | I139: =IF(H139="","Senior",IF(H139>59.999,"Grand Masters",IF(H139>49.999,"Master",IF(H139>39.999,"Veteran",IF(H139>21.999,"Senior",IF(H139>16.999,"U/21","U/16")))))) -> Veteran | J139: Men | K139: 73071210272 | L139: Nam
A140: N0136 | B140: Walvis Bay | C140: Stewart | D140: Reimann | E140: =CONCATENATE(J140," ",I140) -> Men U/16 | F140: 38875 | G140: =$G$5 -> 44926 | H140: =INT(YEARFRAC(F140,G140)) -> 16 | I140: =IF(H140="","Senior",IF(H140>59.999,"Grand Masters",IF(H140>49.999,"Master",IF(H140>39.999,"Veteran",IF(H140>21.999,"Senior",IF(H140>16.999,"U/21","U/16")))))) -> U/16 | J140: Men | K140: P1008770 | L140: Nam
A141: N0137 | B141: xBenguella | C141: Beatrice | D141: Grebe | E141: =CONCATENATE(J141," ",I141) -> Ladies Grand Masters | F141: 20702 | G141: =$G$5 -> 44926 | H141: =INT(YEARFRAC(F141,G141)) -> 66 | I141: =IF(H141="","Senior",IF(H141>59.999,"Grand Masters",IF(H141>49.999,"Master",IF(H141>39.999,"Veteran",IF(H141>21.999,"Senior",IF(H141>16.999,"U/21","U/16")))))) -> Grand Masters | J141: Ladies | K141: 56090400343 | L141: Nam
A142: N0138 | B142: xNamib Park | C142: Pierre | D142: Coetzee | E142: =CONCATENATE(J142," ",I142) -> Men Veteran | F142: 30197 | G142: =$G$5 -> 44926 | H142: =INT(YEARFRAC(F142,G142)) -> 40 | I142: =IF(H142="","Senior",IF(H142>59.999,"Grand Masters",IF(H142>49.999,"Master",IF(H142>39.999,"Veteran",IF(H142>21.999,"Senior",IF(H142>16.999,"U/21","U/16")))))) -> Veteran | J142: Men | K142: 82090310030 | L142: Nam
A143: N0139 | B143: xNamib Park | C143: Johan | D143: Vermaak | E143: =CONCATENATE(J143," ",I143) -> Men Master | F143: 24377 | G143: =$G$5 -> 44926 | H143: =INT(YEARFRAC(F143,G143)) -> 56 | I143: =IF(H143="","Senior",IF(H143>59.999,"Grand Masters",IF(H143>49.999,"Master",IF(H143>39.999,"Veteran",IF(H143>21.999,"Senior",IF(H143>16.999,"U/21","U/16")))))) -> Master | J143: Men | K143: 70111800153 | L143: Nam
A144: N0140 | B144: Seagull Angling Club | C144: Jan | D144: Potgieter | E144: =CONCATENATE(J144," ",I144) -> Men Veteran | F144: 28164 | G144: =$G$5 -> 44926 | H144: =INT(YEARFRAC(F144,G144)) -> 45 | I144: =IF(H144="","Senior",IF(H144>59.999,"Grand Masters",IF(H144>49.999,"Master",IF(H144>39.999,"Veteran",IF(H144>21.999,"Senior",IF(H144>16.999,"U/21","U/16")))))) -> Veteran | J144: Men | K144: 77020810403 | L144: Nam
A145: N0141 | B145: Namib Park | C145: Tiaan | D145: Bornman | E145: =CONCATENATE(J145," ",I145) -> Men U/21 | F145: 38441 | G145: =$G$5 -> 44926 | H145: =INT(YEARFRAC(F145,G145)) -> 17 | I145: =IF(H145="","Senior",IF(H145>59.999,"Grand Masters",IF(H145>49.999,"Master",IF(H145>39.999,"Veteran",IF(H145>21.999,"Senior",IF(H145>16.999,"U/21","U/16")))))) -> U/21 | J145: Men | K145: 05033000098 | L145: Nam
A146: N0142 | B146: Namib Park | C146: Robert | D146: Moyce | E146: =CONCATENATE(J146," ",I146) -> Men Grand Masters | F146: 22774 | G146: =$G$5 -> 44926 | H146: =INT(YEARFRAC(F146,G146)) -> 60 | I146: =IF(H146="","Senior",IF(H146>59.999,"Grand Masters",IF(H146>49.999,"Master",IF(H146>39.999,"Veteran",IF(H146>21.999,"Senior",IF(H146>16.999,"U/21","U/16")))))) -> Grand Masters | J146: Men | K146: 6205085090107 | L146: Brit
A147: N0143 | B147: Welwitschia | C147: Andre | D147: Aggenbag | E147: =CONCATENATE(J147," ",I147) -> Men Senior | F147: 30617 | G147: =$G$5 -> 44926 | H147: =INT(YEARFRAC(F147,G147)) -> 39 | I147: =IF(H147="","Senior",IF(H147>59.999,"Grand Masters",IF(H147>49.999,"Master",IF(H147>39.999,"Veteran",IF(H147>21.999,"Senior",IF(H147>16.999,"U/21","U/16")))))) -> Senior | J147: Men | K147: 83102810462 | L147: Nam
A148: N0144 | B148: Atlantic Angling Club | C148: Sarah | D148: Coetzee | E148: =CONCATENATE(J148," ",I148) -> Ladies Grand Masters | F148: 21323 | G148: =$G$5 -> 44926 | H148: =INT(YEARFRAC(F148,G148)) -> 64 | I148: =IF(H148="","Senior",IF(H148>59.999,"Grand Masters",IF(H148>49.999,"Master",IF(H148>39.999,"Veteran",IF(H148>21.999,"Senior",IF(H148>16.999,"U/21","U/16")))))) -> Grand Masters | J148: Ladies | K148: 5805180064005 | L148: SA
A149: N0145 | B149: Nam Pres A | C149: Hennie | D149: Roets | E149: =CONCATENATE(J149," ",I149) -> Men Veteran | F149: 28605 | G149: =$G$5 -> 44926 | H149: =INT(YEARFRAC(F149,G149)) -> 44 | I149: =IF(H149="","Senior",IF(H149>59.999,"Grand Masters",IF(H149>49.999,"Master",IF(H149>39.999,"Veteran",IF(H149>21.999,"Senior",IF(H149>16.999,"U/21","U/16")))))) -> Veteran | J149: Men | K149: 78042510381 | L149: Nam
A150: N0146 | B150: Namib Park | C150: Danie | D150: Du Toit | E150: =CONCATENATE(J150," ",I150) -> Men Grand Masters | F150: 20390 | G150: =$G$5 -> 44926 | H150: =INT(YEARFRAC(F150,G150)) -> 67 | I150: =IF(H150="","Senior",IF(H150>59.999,"Grand Masters",IF(H150>49.999,"Master",IF(H150>39.999,"Veteran",IF(H150>21.999,"Senior",IF(H150>16.999,"U/21","U/16")))))) -> Grand Masters | J150: Men | K150: 55103010027 | L150: Nam
A151: N0147 | B151: Seagull Angling Club | C151: Alex | D151: Thompson | E151: =CONCATENATE(J151," ",I151) -> Men Master | F151: 26639 | G151: =$G$5 -> 44926 | H151: =INT(YEARFRAC(F151,G151)) -> 50 | I151: =IF(H151="","Senior",IF(H151>59.999,"Grand Masters",IF(H151>49.999,"Master",IF(H151>39.999,"Veteran",IF(H151>21.999,"Senior",IF(H151>16.999,"U/21","U/16")))))) -> Master | J151: Men | K151: 72120610320 | L151: Nam
A152: N0148 | B152: Walvis Bay | C152: Gunther | D152: Krauer | E152: =CONCATENATE(J152," ",I152) -> Men Veteran | F152: 27224 | G152: =$G$5 -> 44926 | H152: =INT(YEARFRAC(F152,G152)) -> 48 | I152: =IF(H152="","Senior",IF(H152>59.999,"Grand Masters",IF(H152>49.999,"Master",IF(H152>39.999,"Veteran",IF(H152>21.999,"Senior",IF(H152>16.999,"U/21","U/16")))))) -> Veteran | J152: Men | K152: 74071410310 | L152: Nam
...

Sheet DATA ENTRY
A1: Competition | B1: Date | C1: Venue | D1: ID | E1: Name | F1: Surname | G1: Status | H1: Team | I1: Edibles | J1: Inedibles | K1: length | L1: kg | M1: Points
A2: =IF(D2="","",A1) -> Competition | B2: =IF(D2="","",B1) -> Date | C2: =IF(D2="","",C1) -> Venue | D2: SA8804 | E2: =IF(D2="","",VLOOKUP(D2,Master,3,FALSE)) -> Jean | F2: =IF(D2="","",VLOOKUP(D2,Master,4,FALSE)) -> Coetzee | G2: =IF(D2="","",VLOOKUP(D2,Master,5,FALSE)) -> Men Senior | H2: =IF(D2="","",VLOOKUP(D2,Master,2,FALSE)) -> SA Pres Inland | L2: =IF(K2="","",IF(I2="",ROUND(HLOOKUP(J2,kgList,K2,FALSE),1),ROUND(HLOOKUP(I2,kgList,K2,FALSE),1))) | M2: =IF(L2="","",IF(COUNTA(I2:J2)>1,"Edible or Inedible",IF(COUNTA(I2)=1,L2*1,IF(COUNTA(J2)=1,L2*1,"ERROR"))))
A3: =IF(D3="","",A2) -> Competition | B3: =IF(D3="","",B2) -> Date | C3: =IF(D3="","",C2) -> Venue | D3: SA5282 | E3: =IF(D3="","",VLOOKUP(D3,Master,3,FALSE)) -> Kunesh | F3: =IF(D3="","",VLOOKUP(D3,Master,4,FALSE)) -> Naidoo | G3: =IF(D3="","",VLOOKUP(D3,Master,5,FALSE)) -> Men Senior | H3: =IF(D3="","",VLOOKUP(D3,Master,2,FALSE)) -> SA Pres Inland | L3: =IF(K3="","",IF(I3="",ROUND(HLOOKUP(J3,kgList,K3,FALSE),1),ROUND(HLOOKUP(I3,kgList,K3,FALSE),1))) | M3: =IF(L3="","",IF(COUNTA(I3:J3)>1,"Edible or Inedible",IF(COUNTA(I3)=1,L3*1,IF(COUNTA(J3)=1,L3*1,"ERROR"))))
A4: =IF(D4="","",A3) -> Competition | B4: =IF(D4="","",B3) -> Date | C4: =IF(D4="","",C3) -> Venue | D4: N0020 | E4: =IF(D4="","",VLOOKUP(D4,Master,3,FALSE)) -> Morne | F4: =IF(D4="","",VLOOKUP(D4,Master,4,FALSE)) -> Horn | G4: =IF(D4="","",VLOOKUP(D4,Master,5,FALSE)) -> Men Veteran | H4: =IF(D4="","",VLOOKUP(D4,Master,2,FALSE)) -> Nam Pres Veterans | L4: =IF(K4="","",IF(I4="",ROUND(HLOOKUP(J4,kgList,K4,FALSE),1),ROUND(HLOOKUP(I4,kgList,K4,FALSE),1))) | M4: =IF(L4="","",IF(COUNTA(I4:J4)>1,"Edible or Inedible",IF(COUNTA(I4)=1,L4*1,IF(COUNTA(J4)=1,L4*1,"ERROR"))))
A5: =IF(D5="","",A4) -> Competition | B5: =IF(D5="","",B4) -> Date | C5: =IF(D5="","",C4) -> Venue | D5: N0067 | E5: =IF(D5="","",VLOOKUP(D5,Master,3,FALSE)) -> Louis | F5: =IF(D5="","",VLOOKUP(D5,Master,4,FALSE)) -> Potgieter | G5: =IF(D5="","",VLOOKUP(D5,Master,5,FALSE)) -> Men Veteran | H5: =IF(D5="","",VLOOKUP(D5,Master,2,FALSE)) -> Nam Pres Veterans | L5: =IF(K5="","",IF(I5="",ROUND(HLOOKUP(J5,kgList,K5,FALSE),1),ROUND(HLOOKUP(I5,kgList,K5,FALSE),1))) | M5: =IF(L5="","",IF(COUNTA(I5:J5)>1,"Edible or Inedible",IF(COUNTA(I5)=1,L5*1,IF(COUNTA(J5)=1,L5*1,"ERROR"))))
A6: =IF(D6="","",A5) -> Competition | B6: =IF(D6="","",B5) -> Date | C6: =IF(D6="","",C5) -> Venue | D6: N0069 | E6: =IF(D6="","",VLOOKUP(D6,Master,3,FALSE)) -> Maritz | F6: =IF(D6="","",VLOOKUP(D6,Master,4,FALSE)) -> Jansen van Vuuren | G6: =IF(D6="","",VLOOKUP(D6,Master,5,FALSE)) -> Men Veteran | H6: =IF(D6="","",VLOOKUP(D6,Master,2,FALSE)) -> Nam Pres Veterans | L6: =IF(K6="","",IF(I6="",ROUND(HLOOKUP(J6,kgList,K6,FALSE),1),ROUND(HLOOKUP(I6,kgList,K6,FALSE),1))) | M6: =IF(L6="","",IF(COUNTA(I6:J6)>1,"Edible or Inedible",IF(COUNTA(I6)=1,L6*1,IF(COUNTA(J6)=1,L6*1,"ERROR"))))
A7: =IF(D7="","",A6) -> Competition | B7: =IF(D7="","",B6) -> Date | C7: =IF(D7="","",C6) -> Venue | D7: N0255 | E7: =IF(D7="","",VLOOKUP(D7,Master,3,FALSE)) -> Heiko | F7: =IF(D7="","",VLOOKUP(D7,Master,4,FALSE)) -> Doll | G7: =IF(D7="","",VLOOKUP(D7,Master,5,FALSE)) -> Men Veteran | H7: =IF(D7="","",VLOOKUP(D7,Master,2,FALSE)) -> Nam Pres Veterans | L7: =IF(K7="","",IF(I7="",ROUND(HLOOKUP(J7,kgList,K7,FALSE),1),ROUND(HLOOKUP(I7,kgList,K7,FALSE),1))) | M7: =IF(L7="","",IF(COUNTA(I7:J7)>1,"Edible or Inedible",IF(COUNTA(I7)=1,L7*1,IF(COUNTA(J7)=1,L7*1,"ERROR"))))
A8: =IF(D8="","",A7) -> Competition | B8: =IF(D8="","",B7) -> Date | C8: =IF(D8="","",C7) -> Venue | D8: SA8804 | E8: =IF(D8="","",VLOOKUP(D8,Master,3,FALSE)) -> Jean | F8: =IF(D8="","",VLOOKUP(D8,Master,4,FALSE)) -> Coetzee | G8: =IF(D8="","",VLOOKUP(D8,Master,5,FALSE)) -> Men Senior | H8: =IF(D8="","",VLOOKUP(D8,Master,2,FALSE)) -> SA Pres Inland | I8: Kob | K8: 40 | L8: =IF(K8="","",IF(I8="",ROUND(HLOOKUP(J8,kgList,K8,FALSE),1),ROUND(HLOOKUP(I8,kgList,K8,FALSE),1))) -> 0.7 | M8: =IF(L8="","",IF(COUNTA(I8:J8)>1,"Edible or Inedible",IF(COUNTA(I8)=1,L8*1,IF(COUNTA(J8)=1,L8*1,"ERROR")))) -> 0.7
A9: =IF(D9="","",A8) -> Competition | B9: =IF(D9="","",B8) -> Date | C9: =IF(D9="","",C8) -> Venue | D9: SA8804 | E9: =IF(D9="","",VLOOKUP(D9,Master,3,FALSE)) -> Jean | F9: =IF(D9="","",VLOOKUP(D9,Master,4,FALSE)) -> Coetzee | G9: =IF(D9="","",VLOOKUP(D9,Master,5,FALSE)) -> Men Senior | H9: =IF(D9="","",VLOOKUP(D9,Master,2,FALSE)) -> SA Pres Inland | I9: Kob | K9: 49 | L9: =IF(K9="","",IF(I9="",ROUND(HLOOKUP(J9,kgList,K9,FALSE),1),ROUND(HLOOKUP(I9,kgList,K9,FALSE),1))) -> 1.2 | M9: =IF(L9="","",IF(COUNTA(I9:J9)>1,"Edible or Inedible",IF(COUNTA(I9)=1,L9*1,IF(COUNTA(J9)=1,L9*1,"ERROR")))) -> 1.2
A10: =IF(D10="","",A9) -> Competition | B10: =IF(D10="","",B9) -> Date | C10: =IF(D10="","",C9) -> Venue | D10: N0656 | E10: =IF(D10="","",VLOOKUP(D10,Master,3,FALSE)) -> Hannes | F10: =IF(D10="","",VLOOKUP(D10,Master,4,FALSE)) -> De Haast | G10: =IF(D10="","",VLOOKUP(D10,Master,5,FALSE)) -> Men Senior | H10: =IF(D10="","",VLOOKUP(D10,Master,2,FALSE)) -> Nam Pres Veterans | L10: =IF(K10="","",IF(I10="",ROUND(HLOOKUP(J10,kgList,K10,FALSE),1),ROUND(HLOOKUP(I10,kgList,K10,FALSE),1))) | M10: =IF(L10="","",IF(COUNTA(I10:J10)>1,"Edible or Inedible",IF(COUNTA(I10)=1,L10*1,IF(COUNTA(J10)=1,L10*1,"ERROR"))))
A11: =IF(D11="","",A10) -> Competition | B11: =IF(D11="","",B10) -> Date | C11: =IF(D11="","",C10) -> Venue | D11: S11108 | E11: =IF(D11="","",VLOOKUP(D11,Master,3,FALSE)) -> Byron | F11: =IF(D11="","",VLOOKUP(D11,Master,4,FALSE)) -> Adams | G11: =IF(D11="","",VLOOKUP(D11,Master,5,FALSE)) -> Men Senior | H11: =IF(D11="","",VLOOKUP(D11,Master,2,FALSE)) -> SA Pres Dev | L11: =IF(K11="","",IF(I11="",ROUND(HLOOKUP(J11,kgList,K11,FALSE),1),ROUND(HLOOKUP(I11,kgList,K11,FALSE),1))) | M11: =IF(L11="","",IF(COUNTA(I11:J11)>1,"Edible or Inedible",IF(COUNTA(I11)=1,L11*1,IF(COUNTA(J11)=1,L11*1,"ERROR"))))
A12: =IF(D12="","",A11) -> Competition | B12: =IF(D12="","",B11) -> Date | C12: =IF(D12="","",C11) -> Venue | D12: SA9991 | E12: =IF(D12="","",VLOOKUP(D12,Master,3,FALSE)) -> Pietie | F12: =IF(D12="","",VLOOKUP(D12,Master,4,FALSE)) -> May | G12: =IF(D12="","",VLOOKUP(D12,Master,5,FALSE)) -> Men Senior | H12: =IF(D12="","",VLOOKUP(D12,Master,2,FALSE)) -> SA Pres Dev | L12: =IF(K12="","",IF(I12="",ROUND(HLOOKUP(J12,kgList,K12,FALSE),1),ROUND(HLOOKUP(I12,kgList,K12,FALSE),1))) | M12: =IF(L12="","",IF(COUNTA(I12:J12)>1,"Edible or Inedible",IF(COUNTA(I12)=1,L12*1,IF(COUNTA(J12)=1,L12*1,"ERROR"))))
A13: =IF(D13="","",A12) -> Competition | B13: =IF(D13="","",B12) -> Date | C13: =IF(D13="","",C12) -> Venue | D13: N0790 | E13: =IF(D13="","",VLOOKUP(D13,Master,3,FALSE)) -> Iwan | F13: =IF(D13="","",VLOOKUP(D13,Master,4,FALSE)) -> Kotze | G13: =IF(D13="","",VLOOKUP(D13,Master,5,FALSE)) -> Men Senior | H13: =IF(D13="","",VLOOKUP(D13,Master,2,FALSE)) -> Nam Pres Dev | L13: =IF(K13="","",IF(I13="",ROUND(HLOOKUP(J13,kgList,K13,FALSE),1),ROUND(HLOOKUP(I13,kgList,K13,FALSE),1))) | M13: =IF(L13="","",IF(COUNTA(I13:J13)>1,"Edible or Inedible",IF(COUNTA(I13)=1,L13*1,IF(COUNTA(J13)=1,L13*1,"ERROR"))))
A14: =IF(D14="","",A13) -> Competition | B14: =IF(D14="","",B13) -> Date | C14: =IF(D14="","",C13) -> Venue | D14: N0190 | E14: =IF(D14="","",VLOOKUP(D14,Master,3,FALSE)) -> Chris Junior | F14: =IF(D14="","",VLOOKUP(D14,Master,4,FALSE)) -> Orffer | G14: =IF(D14="","",VLOOKUP(D14,Master,5,FALSE)) -> Men Senior | H14: =IF(D14="","",VLOOKUP(D14,Master,2,FALSE)) -> Nam Pres Dev | L14: =IF(K14="","",IF(I14="",ROUND(HLOOKUP(J14,kgList,K14,FALSE),1),ROUND(HLOOKUP(I14,kgList,K14,FALSE),1))) | M14: =IF(L14="","",IF(COUNTA(I14:J14)>1,"Edible or Inedible",IF(COUNTA(I14)=1,L14*1,IF(COUNTA(J14)=1,L14*1,"ERROR"))))
A15: =IF(D15="","",A14) -> Competition | B15: =IF(D15="","",B14) -> Date | C15: =IF(D15="","",C14) -> Venue | D15: N0190 | E15: =IF(D15="","",VLOOKUP(D15,Master,3,FALSE)) -> Chris Junior | F15: =IF(D15="","",VLOOKUP(D15,Master,4,FALSE)) -> Orffer | G15: =IF(D15="","",VLOOKUP(D15,Master,5,FALSE)) -> Men Senior | H15: =IF(D15="","",VLOOKUP(D15,Master,2,FALSE)) -> Nam Pres Dev | L15: =IF(K15="","",IF(I15="",ROUND(HLOOKUP(J15,kgList,K15,FALSE),1),ROUND(HLOOKUP(I15,kgList,K15,FALSE),1))) | M15: =IF(L15="","",IF(COUNTA(I15:J15)>1,"Edible or Inedible",IF(COUNTA(I15)=1,L15*1,IF(COUNTA(J15)=1,L15*1,"ERROR"))))
A16: =IF(D16="","",A15) -> Competition | B16: =IF(D16="","",B15) -> Date | C16: =IF(D16="","",C15) -> Venue | D16: SA9923 | E16: =IF(D16="","",VLOOKUP(D16,Master,3,FALSE)) -> Chris | F16: =IF(D16="","",VLOOKUP(D16,Master,4,FALSE)) -> Barnard | G16: =IF(D16="","",VLOOKUP(D16,Master,5,FALSE)) -> Men Senior | H16: =IF(D16="","",VLOOKUP(D16,Master,2,FALSE)) -> SA Pres Dev | I16: Kob | K16: 84 | L16: =IF(K16="","",IF(I16="",ROUND(HLOOKUP(J16,kgList,K16,FALSE),1),ROUND(HLOOKUP(I16,kgList,K16,FALSE),1))) -> 6.2 | M16: =IF(L16="","",IF(COUNTA(I16:J16)>1,"Edible or Inedible",IF(COUNTA(I16)=1,L16*1,IF(COUNTA(J16)=1,L16*1,"ERROR")))) -> 6.2
A17: =IF(D17="","",A16) -> Competition | B17: =IF(D17="","",B16) -> Date | C17: =IF(D17="","",C16) -> Venue | D17: N0790 | E17: =IF(D17="","",VLOOKUP(D17,Master,3,FALSE)) -> Iwan | F17: =IF(D17="","",VLOOKUP(D17,Master,4,FALSE)) -> Kotze | G17: =IF(D17="","",VLOOKUP(D17,Master,5,FALSE)) -> Men Senior | H17: =IF(D17="","",VLOOKUP(D17,Master,2,FALSE)) -> Nam Pres Dev | L17: =IF(K17="","",IF(I17="",ROUND(HLOOKUP(J17,kgList,K17,FALSE),1),ROUND(HLOOKUP(I17,kgList,K17,FALSE),1))) | M17: =IF(L17="","",IF(COUNTA(I17:J17)>1,"Edible or Inedible",IF(COUNTA(I17)=1,L17*1,IF(COUNTA(J17)=1,L17*1,"ERROR"))))
A18: =IF(D18="","",A17) -> Competition | B18: =IF(D18="","",B17) -> Date | C18: =IF(D18="","",C17) -> Venue | D18: N0002 | E18: =IF(D18="","",VLOOKUP(D18,Master,3,FALSE)) -> Marco | F18: =IF(D18="","",VLOOKUP(D18,Master,4,FALSE)) -> Klein | G18: =IF(D18="","",VLOOKUP(D18,Master,5,FALSE)) -> Men Senior | H18: =IF(D18="","",VLOOKUP(D18,Master,2,FALSE)) -> Nam Pres Dev | L18: =IF(K18="","",IF(I18="",ROUND(HLOOKUP(J18,kgList,K18,FALSE),1),ROUND(HLOOKUP(I18,kgList,K18,FALSE),1))) | M18: =IF(L18="","",IF(COUNTA(I18:J18)>1,"Edible or Inedible",IF(COUNTA(I18)=1,L18*1,IF(COUNTA(J18)=1,L18*1,"ERROR"))))
A19: =IF(D19="","",A18) -> Competition | B19: =IF(D19="","",B18) -> Date | C19: =IF(D19="","",C18) -> Venue | D19: N0300 | E19: =IF(D19="","",VLOOKUP(D19,Master,3,FALSE)) -> Danie | F19: =IF(D19="","",VLOOKUP(D19,Master,4,FALSE)) -> Smith | G19: =IF(D19="","",VLOOKUP(D19,Master,5,FALSE)) -> Men Veteran | H19: =IF(D19="","",VLOOKUP(D19,Master,2,FALSE)) -> Nam Pres Dev | L19: =IF(K19="","",IF(I19="",ROUND(HLOOKUP(J19,kgList,K19,FALSE),1),ROUND(HLOOKUP(I19,kgList,K19,FALSE),1))) | M19: =IF(L19="","",IF(COUNTA(I19:J19)>1,"Edible or Inedible",IF(COUNTA(I19)=1,L19*1,IF(COUNTA(J19)=1,L19*1,"ERROR"))))
A20: =IF(D20="","",A19) -> Competition | B20: =IF(D20="","",B19) -> Date | C20: =IF(D20="","",C19) -> Venue | D20: S11102 | E20: =IF(D20="","",VLOOKUP(D20,Master,3,FALSE)) -> Grant | F20: =IF(D20="","",VLOOKUP(D20,Master,4,FALSE)) -> Thyssen | G20: =IF(D20="","",VLOOKUP(D20,Master,5,FALSE)) -> Men Senior | H20: =IF(D20="","",VLOOKUP(D20,Master,2,FALSE)) -> SA Pres Dev | L20: =IF(K20="","",IF(I20="",ROUND(HLOOKUP(J20,kgList,K20,FALSE),1),ROUND(HLOOKUP(I20,kgList,K20,FALSE),1))) | M20: =IF(L20="","",IF(COUNTA(I20:J20)>1,"Edible or Inedible",IF(COUNTA(I20)=1,L20*1,IF(COUNTA(J20)=1,L20*1,"ERROR"))))
A21: =IF(D21="","",A20) -> Competition | B21: =IF(D21="","",B20) -> Date | C21: =IF(D21="","",C20) -> Venue | D21: SA2187 | E21: =IF(D21="","",VLOOKUP(D21,Master,3,FALSE)) -> Dylan | F21: =IF(D21="","",VLOOKUP(D21,Master,4,FALSE)) -> Peinke | G21: =IF(D21="","",VLOOKUP(D21,Master,5,FALSE)) -> Men Senior | H21: =IF(D21="","",VLOOKUP(D21,Master,2,FALSE)) -> SA Pres A | I21: Kob | K21: 60 | L21: =IF(K21="","",IF(I21="",ROUND(HLOOKUP(J21,kgList,K21,FALSE),1),ROUND(HLOOKUP(I21,kgList,K21,FALSE),1))) -> 2.2 | M21: =IF(L21="","",IF(COUNTA(I21:J21)>1,"Edible or Inedible",IF(COUNTA(I21)=1,L21*1,IF(COUNTA(J21)=1,L21*1,"ERROR")))) -> 2.2
A22: =IF(D22="","",A21) -> Competition | B22: =IF(D22="","",B21) -> Date | C22: =IF(D22="","",C21) -> Venue | D22: SA0847 | E22: =IF(D22="","",VLOOKUP(D22,Master,3,FALSE)) -> Adriaan | F22: =IF(D22="","",VLOOKUP(D22,Master,4,FALSE)) -> Van Heerden | G22: =IF(D22="","",VLOOKUP(D22,Master,5,FALSE)) -> Men Senior | H22: =IF(D22="","",VLOOKUP(D22,Master,2,FALSE)) -> SA Pres A | L22: =IF(K22="","",IF(I22="",ROUND(HLOOKUP(J22,kgList,K22,FALSE),1),ROUND(HLOOKUP(I22,kgList,K22,FALSE),1))) | M22: =IF(L22="","",IF(COUNTA(I22:J22)>1,"Edible or Inedible",IF(COUNTA(I22)=1,L22*1,IF(COUNTA(J22)=1,L22*1,"ERROR"))))
A23: =IF(D23="","",A22) -> Competition | B23: =IF(D23="","",B22) -> Date | C23: =IF(D23="","",C22) -> Venue | D23: SA2187 | E23: =IF(D23="","",VLOOKUP(D23,Master,3,FALSE)) -> Dylan | F23: =IF(D23="","",VLOOKUP(D23,Master,4,FALSE)) -> Peinke | G23: =IF(D23="","",VLOOKUP(D23,Master,5,FALSE)) -> Men Senior | H23: =IF(D23="","",VLOOKUP(D23,Master,2,FALSE)) -> SA Pres A | L23: =IF(K23="","",IF(I23="",ROUND(HLOOKUP(J23,kgList,K23,FALSE),1),ROUND(HLOOKUP(I23,kgList,K23,FALSE),1))) | M23: =IF(L23="","",IF(COUNTA(I23:J23)>1,"Edible or Inedible",IF(COUNTA(I23)=1,L23*1,IF(COUNTA(J23)=1,L23*1,"ERROR"))))
A24: =IF(D24="","",A23) -> Competition | B24: =IF(D24="","",B23) -> Date | C24: =IF(D24="","",C23) -> Venue | D24: SA3368 | E24: =IF(D24="","",VLOOKUP(D24,Master,3,FALSE)) -> Mike | F24: =IF(D24="","",VLOOKUP(D24,Master,4,FALSE)) -> Karon | G24: =IF(D24="","",VLOOKUP(D24,Master,5,FALSE)) -> Men Senior | H24: =IF(D24="","",VLOOKUP(D24,Master,2,FALSE)) -> SA Pres A | L24: =IF(K24="","",IF(I24="",ROUND(HLOOKUP(J24,kgList,K24,FALSE),1),ROUND(HLOOKUP(I24,kgList,K24,FALSE),1))) | M24: =IF(L24="","",IF(COUNTA(I24:J24)>1,"Edible or Inedible",IF(COUNTA(I24)=1,L24*1,IF(COUNTA(J24)=1,L24*1,"ERROR"))))
A25: =IF(D25="","",A24) -> Competition | B25: =IF(D25="","",B24) -> Date | C25: =IF(D25="","",C24) -> Venue | D25: SA9639 | E25: =IF(D25="","",VLOOKUP(D25,Master,3,FALSE)) -> Wimpie | F25: =IF(D25="","",VLOOKUP(D25,Master,4,FALSE)) -> Kirsten | G25: =IF(D25="","",VLOOKUP(D25,Master,5,FALSE)) -> Men Senior | H25: =IF(D25="","",VLOOKUP(D25,Master,2,FALSE)) -> SA Pres A | L25: =IF(K25="","",IF(I25="",ROUND(HLOOKUP(J25,kgList,K25,FALSE),1),ROUND(HLOOKUP(I25,kgList,K25,FALSE),1))) | M25: =IF(L25="","",IF(COUNTA(I25:J25)>1,"Edible or Inedible",IF(COUNTA(I25)=1,L25*1,IF(COUNTA(J25)=1,L25*1,"ERROR"))))
A26: =IF(D26="","",A25) -> Competition | B26: =IF(D26="","",B25) -> Date | C26: =IF(D26="","",C25) -> Venue | D26: N0663 | E26: =IF(D26="","",VLOOKUP(D26,Master,3,FALSE)) -> Allen | F26: =IF(D26="","",VLOOKUP(D26,Master,4,FALSE)) -> Langenstrassen | G26: =IF(D26="","",VLOOKUP(D26,Master,5,FALSE)) -> Men Veteran | H26: =IF(D26="","",VLOOKUP(D26,Master,2,FALSE)) -> Nam Pres A | L26: =IF(K26="","",IF(I26="",ROUND(HLOOKUP(J26,kgList,K26,FALSE),1),ROUND(HLOOKUP(I26,kgList,K26,FALSE),1))) | M26: =IF(L26="","",IF(COUNTA(I26:J26)>1,"Edible or Inedible",IF(COUNTA(I26)=1,L26*1,IF(COUNTA(J26)=1,L26*1,"ERROR"))))
A27: =IF(D27="","",A26) -> Competition | B27: =IF(D27="","",B26) -> Date | C27: =IF(D27="","",C26) -> Venue | D27: N0145 | E27: =IF(D27="","",VLOOKUP(D27,Master,3,FALSE)) -> Hennie | F27: =IF(D27="","",VLOOKUP(D27,Master,4,FALSE)) -> Roets | G27: =IF(D27="","",VLOOKUP(D27,Master,5,FALSE)) -> Men Veteran | H27: =IF(D27="","",VLOOKUP(D27,Master,2,FALSE)) -> Nam Pres A | L27: =IF(K27="","",IF(I27="",ROUND(HLOOKUP(J27,kgList,K27,FALSE),1),ROUND(HLOOKUP(I27,kgList,K27,FALSE),1))) | M27: =IF(L27="","",IF(COUNTA(I27:J27)>1,"Edible or Inedible",IF(COUNTA(I27)=1,L27*1,IF(COUNTA(J27)=1,L27*1,"ERROR"))))
A28: =IF(D28="","",A27) -> Competition | B28: =IF(D28="","",B27) -> Date | C28: =IF(D28="","",C27) -> Venue | D28: SA7239 | E28: =IF(D28="","",VLOOKUP(D28,Master,3,FALSE)) -> Wesley | F28: =IF(D28="","",VLOOKUP(D28,Master,4,FALSE)) -> Renken | G28: =IF(D28="","",VLOOKUP(D28,Master,5,FALSE)) -> Men Senior | H28: =IF(D28="","",VLOOKUP(D28,Master,2,FALSE)) -> SA Pres A | L28: =IF(K28="","",IF(I28="",ROUND(HLOOKUP(J28,kgList,K28,FALSE),1),ROUND(HLOOKUP(I28,kgList,K28,FALSE),1))) | M28: =IF(L28="","",IF(COUNTA(I28:J28)>1,"Edible or Inedible",IF(COUNTA(I28)=1,L28*1,IF(COUNTA(J28)=1,L28*1,"ERROR"))))
A29: =IF(D29="","",A28) -> Competition | B29: =IF(D29="","",B28) -> Date | C29: =IF(D29="","",C28) -> Venue | D29: N0145 | E29: =IF(D29="","",VLOOKUP(D29,Master,3,FALSE)) -> Hennie | F29: =IF(D29="","",VLOOKUP(D29,Master,4,FALSE)) -> Roets | G29: =IF(D29="","",VLOOKUP(D29,Master,5,FALSE)) -> Men Veteran | H29: =IF(D29="","",VLOOKUP(D29,Master,2,FALSE)) -> Nam Pres A | L29: =IF(K29="","",IF(I29="",ROUND(HLOOKUP(J29,kgList,K29,FALSE),1),ROUND(HLOOKUP(I29,kgList,K29,FALSE),1))) | M29: =IF(L29="","",IF(COUNTA(I29:J29)>1,"Edible or Inedible",IF(COUNTA(I29)=1,L29*1,IF(COUNTA(J29)=1,L29*1,"ERROR"))))
A30: =IF(D30="","",A29) -> Competition | B30: =IF(D30="","",B29) -> Date | C30: =IF(D30="","",C29) -> Venue | D30: N0195 | E30: =IF(D30="","",VLOOKUP(D30,Master,3,FALSE)) -> Louis | F30: =IF(D30="","",VLOOKUP(D30,Master,4,FALSE)) -> Fenaux | G30: =IF(D30="","",VLOOKUP(D30,Master,5,FALSE)) -> Men Veteran | H30: =IF(D30="","",VLOOKUP(D30,Master,2,FALSE)) -> Nam Pres A | L30: =IF(K30="","",IF(I30="",ROUND(HLOOKUP(J30,kgList,K30,FALSE),1),ROUND(HLOOKUP(I30,kgList,K30,FALSE),1))) | M30: =IF(L30="","",IF(COUNTA(I30:J30)>1,"Edible or Inedible",IF(COUNTA(I30)=1,L30*1,IF(COUNTA(J30)=1,L30*1,"ERROR"))))
A31: =IF(D31="","",A30) -> Competition | B31: =IF(D31="","",B30) -> Date | C31: =IF(D31="","",C30) -> Venue | D31: N0101 | E31: =IF(D31="","",VLOOKUP(D31,Master,3,FALSE)) -> Tertius | F31: =IF(D31="","",VLOOKUP(D31,Master,4,FALSE)) -> Potgieter | G31: =IF(D31="","",VLOOKUP(D31,Master,5,FALSE)) -> Men Senior | H31: =IF(D31="","",VLOOKUP(D31,Master,2,FALSE)) -> Nam Pres A | L31: =IF(K31="","",IF(I31="",ROUND(HLOOKUP(J31,kgList,K31,FALSE),1),ROUND(HLOOKUP(I31,kgList,K31,FALSE),1))) | M31: =IF(L31="","",IF(COUNTA(I31:J31)>1,"Edible or Inedible",IF(COUNTA(I31)=1,L31*1,IF(COUNTA(J31)=1,L31*1,"ERROR"))))
A32: =IF(D32="","",A31) -> Competition | B32: =IF(D32="","",B31) -> Date | C32: =IF(D32="","",C31) -> Venue | D32: N0663 | E32: =IF(D32="","",VLOOKUP(D32,Master,3,FALSE)) -> Allen | F32: =IF(D32="","",VLOOKUP(D32,Master,4,FALSE)) -> Langenstrassen | G32: =IF(D32="","",VLOOKUP(D32,Master,5,FALSE)) -> Men Veteran | H32: =IF(D32="","",VLOOKUP(D32,Master,2,FALSE)) -> Nam Pres A | L32: =IF(K32="","",IF(I32="",ROUND(HLOOKUP(J32,kgList,K32,FALSE),1),ROUND(HLOOKUP(I32,kgList,K32,FALSE),1))) | M32: =IF(L32="","",IF(COUNTA(I32:J32)>1,"Edible or Inedible",IF(COUNTA(I32)=1,L32*1,IF(COUNTA(J32)=1,L32*1,"ERROR"))))
A33: =IF(D33="","",A32) -> Competition | B33: =IF(D33="","",B32) -> Date | C33: =IF(D33="","",C32) -> Venue | D33: N0119 | E33: =IF(D33="","",VLOOKUP(D33,Master,3,FALSE)) -> Joe | F33: =IF(D33="","",VLOOKUP(D33,Master,4,FALSE)) -> Herman | G33: =IF(D33="","",VLOOKUP(D33,Master,5,FALSE)) -> Men Senior | H33: =IF(D33="","",VLOOKUP(D33,Master,2,FALSE)) -> Nam Pres A | J33: Shark Cow / Sevengill | K33: 140 | L33: =IF(K33="","",IF(I33="",ROUND(HLOOKUP(J33,kgList,K33,FALSE),1),ROUND(HLOOKUP(I33,kgList,K33,FALSE),1))) -> 36.1 | M33: =IF(L33="","",IF(COUNTA(I33:J33)>1,"Edible or Inedible",IF(COUNTA(I33)=1,L33*1,IF(COUNTA(J33)=1,L33*1,"ERROR")))) -> 36.1
A34: =IF(D34="","",A33) -> Competition | B34: =IF(D34="","",B33) -> Date | C34: =IF(D34="","",C33) -> Venue | D34: SA9639 | E34: =IF(D34="","",VLOOKUP(D34,Master,3,FALSE)) -> Wimpie | F34: =IF(D34="","",VLOOKUP(D34,Master,4,FALSE)) -> Kirsten | G34: =IF(D34="","",VLOOKUP(D34,Master,5,FALSE)) -> Men Senior | H34: =IF(D34="","",VLOOKUP(D34,Master,2,FALSE)) -> SA Pres A | J34: Shark Cow / Sevengill | K34: 132 | L34: =IF(K34="","",IF(I34="",ROUND(HLOOKUP(J34,kgList,K34,FALSE),1),ROUND(HLOOKUP(I34,kgList,K34,FALSE),1))) -> 29.8 | M34: =IF(L34="","",IF(COUNTA(I34:J34)>1,"Edible or Inedible",IF(COUNTA(I34)=1,L34*1,IF(COUNTA(J34)=1,L34*1,"ERROR")))) -> 29.8
A35: =IF(D35="","",A34) -> Competition | B35: =IF(D35="","",B34) -> Date | C35: =IF(D35="","",C34) -> Venue | D35: N0663 | E35: =IF(D35="","",VLOOKUP(D35,Master,3,FALSE)) -> Allen | F35: =IF(D35="","",VLOOKUP(D35,Master,4,FALSE)) -> Langenstrassen | G35: =IF(D35="","",VLOOKUP(D35,Master,5,FALSE)) -> Men Veteran | H35: =IF(D35="","",VLOOKUP(D35,Master,2,FALSE)) -> Nam Pres A | J35: Shark Spotted Gully | K35: 170 | L35: =IF(K35="","",IF(I35="",ROUND(HLOOKUP(J35,kgList,K35,FALSE),1),ROUND(HLOOKUP(I35,kgList,K35,FALSE),1))) -> 26.7 | M35: =IF(L35="","",IF(COUNTA(I35:J35)>1,"Edible or Inedible",IF(COUNTA(I35)=1,L35*1,IF(COUNTA(J35)=1,L35*1,"ERROR")))) -> 26.7
A36: =IF(D36="","",A35) -> Competition | B36: =IF(D36="","",B35) -> Date | C36: =IF(D36="","",C35) -> Venue | D36: SA9445 | E36: =IF(D36="","",VLOOKUP(D36,Master,3,FALSE)) -> Wesley | F36: =IF(D36="","",VLOOKUP(D36,Master,4,FALSE)) -> Peens | G36: =IF(D36="","",VLOOKUP(D36,Master,5,FALSE)) -> Men Senior | H36: =IF(D36="","",VLOOKUP(D36,Master,2,FALSE)) -> SA Pres B | I36: Kob | K36: 47 | L36: =IF(K36="","",IF(I36="",ROUND(HLOOKUP(J36,kgList,K36,FALSE),1),ROUND(HLOOKUP(I36,kgList,K36,FALSE),1))) -> 1.1 | M36: =IF(L36="","",IF(COUNTA(I36:J36)>1,"Edible or Inedible",IF(COUNTA(I36)=1,L36*1,IF(COUNTA(J36)=1,L36*1,"ERROR")))) -> 1.1
A37: =IF(D37="","",A36) -> Competition | B37: =IF(D37="","",B36) -> Date | C37: =IF(D37="","",C36) -> Venue | D37: N0761 | E37: =IF(D37="","",VLOOKUP(D37,Master,3,FALSE)) -> Stefano | F37: =IF(D37="","",VLOOKUP(D37,Master,4,FALSE)) -> Strappazzon | G37: =IF(D37="","",VLOOKUP(D37,Master,5,FALSE)) -> Men Veteran | H37: =IF(D37="","",VLOOKUP(D37,Master,2,FALSE)) -> Nam Pres B | I37: Kob | K37: 54 | L37: =IF(K37="","",IF(I37="",ROUND(HLOOKUP(J37,kgList,K37,FALSE),1),ROUND(HLOOKUP(I37,kgList,K37,FALSE),1))) -> 1.6 | M37: =IF(L37="","",IF(COUNTA(I37:J37)>1,"Edible or Inedible",IF(COUNTA(I37)=1,L37*1,IF(COUNTA(J37)=1,L37*1,"ERROR")))) -> 1.6
A38: =IF(D38="","",A37) -> Competition | B38: =IF(D38="","",B37) -> Date | C38: =IF(D38="","",C37) -> Venue | D38: N0783 | E38: =IF(D38="","",VLOOKUP(D38,Master,3,FALSE)) -> Johan | F38: =IF(D38="","",VLOOKUP(D38,Master,4,FALSE)) -> Van Niekerk | G38: =IF(D38="","",VLOOKUP(D38,Master,5,FALSE)) -> Men Senior | H38: =IF(D38="","",VLOOKUP(D38,Master,2,FALSE)) -> Nam Pres B | I38: Kob | K38: 62 | L38: =IF(K38="","",IF(I38="",ROUND(HLOOKUP(J38,kgList,K38,FALSE),1),ROUND(HLOOKUP(I38,kgList,K38,FALSE),1))) -> 2.5 | M38: =IF(L38="","",IF(COUNTA(I38:J38)>1,"Edible or Inedible",IF(COUNTA(I38)=1,L38*1,IF(COUNTA(J38)=1,L38*1,"ERROR")))) -> 2.5
A39: =IF(D39="","",A38) -> Competition | B39: =IF(D39="","",B38) -> Date | C39: =IF(D39="","",C38) -> Venue | D39: SA9445 | E39: =IF(D39="","",VLOOKUP(D39,Master,3,FALSE)) -> Wesley | F39: =IF(D39="","",VLOOKUP(D39,Master,4,FALSE)) -> Peens | G39: =IF(D39="","",VLOOKUP(D39,Master,5,FALSE)) -> Men Senior | H39: =IF(D39="","",VLOOKUP(D39,Master,2,FALSE)) -> SA Pres B | I39: Kob | K39: 79 | L39: =IF(K39="","",IF(I39="",ROUND(HLOOKUP(J39,kgList,K39,FALSE),1),ROUND(HLOOKUP(I39,kgList,K39,FALSE),1))) -> 5.2 | M39: =IF(L39="","",IF(COUNTA(I39:J39)>1,"Edible or Inedible",IF(COUNTA(I39)=1,L39*1,IF(COUNTA(J39)=1,L39*1,"ERROR")))) -> 5.2
A40: =IF(D40="","",A39) -> Competition | B40: =IF(D40="","",B39) -> Date | C40: =IF(D40="","",C39) -> Venue | D40: SA9637 | E40: =IF(D40="","",VLOOKUP(D40,Master,3,FALSE)) -> Deon | F40: =IF(D40="","",VLOOKUP(D40,Master,4,FALSE)) -> Verster | G40: =IF(D40="","",VLOOKUP(D40,Master,5,FALSE)) -> Men Senior | H40: =IF(D40="","",VLOOKUP(D40,Master,2,FALSE)) -> SA Pres B | I40: Kob | K40: 92 | L40: =IF(K40="","",IF(I40="",ROUND(HLOOKUP(J40,kgList,K40,FALSE),1),ROUND(HLOOKUP(I40,kgList,K40,FALSE),1))) -> 8.2 | M40: =IF(L40="","",IF(COUNTA(I40:J40)>1,"Edible or Inedible",IF(COUNTA(I40)=1,L40*1,IF(COUNTA(J40)=1,L40*1,"ERROR")))) -> 8.2
A41: =IF(D41="","",A40) -> Competition | B41: =IF(D41="","",B40) -> Date | C41: =IF(D41="","",C40) -> Venue | D41: N0396 | E41: =IF(D41="","",VLOOKUP(D41,Master,3,FALSE)) -> Raymond | F41: =IF(D41="","",VLOOKUP(D41,Master,4,FALSE)) -> Duvenhage | G41: =IF(D41="","",VLOOKUP(D41,Master,5,FALSE)) -> Men Veteran | H41: =IF(D41="","",VLOOKUP(D41,Master,2,FALSE)) -> Nam Pres B | I41: Kob | K41: 105 | L41: =IF(K41="","",IF(I41="",ROUND(HLOOKUP(J41,kgList,K41,FALSE),1),ROUND(HLOOKUP(I41,kgList,K41,FALSE),1))) -> 12.2 | M41: =IF(L41="","",IF(COUNTA(I41:J41)>1,"Edible or Inedible",IF(COUNTA(I41)=1,L41*1,IF(COUNTA(J41)=1,L41*1,"ERROR")))) -> 12.2
A42: =IF(D42="","",A41) -> Competition | B42: =IF(D42="","",B41) -> Date | C42: =IF(D42="","",C41) -> Venue | D42: SA9488 | E42: =IF(D42="","",VLOOKUP(D42,Master,3,FALSE)) -> Guy | F42: =IF(D42="","",VLOOKUP(D42,Master,4,FALSE)) -> Nicholson | G42: =IF(D42="","",VLOOKUP(D42,Master,5,FALSE)) -> Men Senior | H42: =IF(D42="","",VLOOKUP(D42,Master,2,FALSE)) -> SA Pres B | L42: =IF(K42="","",IF(I42="",ROUND(HLOOKUP(J42,kgList,K42,FALSE),1),ROUND(HLOOKUP(I42,kgList,K42,FALSE),1))) | M42: =IF(L42="","",IF(COUNTA(I42:J42)>1,"Edible or Inedible",IF(COUNTA(I42)=1,L42*1,IF(COUNTA(J42)=1,L42*1,"ERROR"))))
A43: =IF(D43="","",A42) -> Competition | B43: =IF(D43="","",B42) -> Date | C43: =IF(D43="","",C42) -> Venue | D43: SA2157 | E43: =IF(D43="","",VLOOKUP(D43,Master,3,FALSE)) -> Neil | F43: =IF(D43="","",VLOOKUP(D43,Master,4,FALSE)) -> Reynolds | G43: =IF(D43="","",VLOOKUP(D43,Master,5,FALSE)) -> Men Senior | H43: =IF(D43="","",VLOOKUP(D43,Master,2,FALSE)) -> SA Pres B | L43: =IF(K43="","",IF(I43="",ROUND(HLOOKUP(J43,kgList,K43,FALSE),1),ROUND(HLOOKUP(I43,kgList,K43,FALSE),1))) | M43: =IF(L43="","",IF(COUNTA(I43:J43)>1,"Edible or Inedible",IF(COUNTA(I43)=1,L43*1,IF(COUNTA(J43)=1,L43*1,"ERROR"))))
A44: =IF(D44="","",A43) -> Competition | B44: =IF(D44="","",B43) -> Date | C44: =IF(D44="","",C43) -> Venue | D44: SA8208 | E44: =IF(D44="","",VLOOKUP(D44,Master,3,FALSE)) -> Deon | F44: =IF(D44="","",VLOOKUP(D44,Master,4,FALSE)) -> Van Emmenes | G44: =IF(D44="","",VLOOKUP(D44,Master,5,FALSE)) -> Men Senior | H44: =IF(D44="","",VLOOKUP(D44,Master,2,FALSE)) -> SA Pres B | L44: =IF(K44="","",IF(I44="",ROUND(HLOOKUP(J44,kgList,K44,FALSE),1),ROUND(HLOOKUP(I44,kgList,K44,FALSE),1))) | M44: =IF(L44="","",IF(COUNTA(I44:J44)>1,"Edible or Inedible",IF(COUNTA(I44)=1,L44*1,IF(COUNTA(J44)=1,L44*1,"ERROR"))))
A45: =IF(D45="","",A44) -> Competition | B45: =IF(D45="","",B44) -> Date | C45: =IF(D45="","",C44) -> Venue | D45: SA8734 | E45: =IF(D45="","",VLOOKUP(D45,Master,3,FALSE)) -> Deon | F45: =IF(D45="","",VLOOKUP(D45,Master,4,FALSE)) -> St Clair-Whicker | G45: =IF(D45="","",VLOOKUP(D45,Master,5,FALSE)) -> Men Senior | H45: =IF(D45="","",VLOOKUP(D45,Master,2,FALSE)) -> SA Pres B | L45: =IF(K45="","",IF(I45="",ROUND(HLOOKUP(J45,kgList,K45,FALSE),1),ROUND(HLOOKUP(I45,kgList,K45,FALSE),1))) | M45: =IF(L45="","",IF(COUNTA(I45:J45)>1,"Edible or Inedible",IF(COUNTA(I45)=1,L45*1,IF(COUNTA(J45)=1,L45*1,"ERROR"))))
A46: =IF(D46="","",A45) -> Competition | B46: =IF(D46="","",B45) -> Date | C46: =IF(D46="","",C45) -> Venue | D46: N0643 | E46: =IF(D46="","",VLOOKUP(D46,Master,3,FALSE)) -> Frikkie | F46: =IF(D46="","",VLOOKUP(D46,Master,4,FALSE)) -> Ferreira | G46: =IF(D46="","",VLOOKUP(D46,Master,5,FALSE)) -> Men Master | H46: =IF(D46="","",VLOOKUP(D46,Master,2,FALSE)) -> Nam Pres Masters | L46: =IF(K46="","",IF(I46="",ROUND(HLOOKUP(J46,kgList,K46,FALSE),1),ROUND(HLOOKUP(I46,kgList,K46,FALSE),1))) | M46: =IF(L46="","",IF(COUNTA(I46:J46)>1,"Edible or Inedible",IF(COUNTA(I46)=1,L46*1,IF(COUNTA(J46)=1,L46*1,"ERROR"))))
A47: =IF(D47="","",A46) -> Competition | B47: =IF(D47="","",B46) -> Date | C47: =IF(D47="","",C46) -> Venue | D47: N0229 | E47: =IF(D47="","",VLOOKUP(D47,Master,3,FALSE)) -> Spyker | F47: =IF(D47="","",VLOOKUP(D47,Master,4,FALSE)) -> Kruger | G47: =IF(D47="","",VLOOKUP(D47,Master,5,FALSE)) -> Men Master | H47: =IF(D47="","",VLOOKUP(D47,Master,2,FALSE)) -> Nam Pres Masters | L47: =IF(K47="","",IF(I47="",ROUND(HLOOKUP(J47,kgList,K47,FALSE),1),ROUND(HLOOKUP(I47,kgList,K47,FALSE),1))) | M47: =IF(L47="","",IF(COUNTA(I47:J47)>1,"Edible or Inedible",IF(COUNTA(I47)=1,L47*1,IF(COUNTA(J47)=1,L47*1,"ERROR"))))
A48: =IF(D48="","",A47) -> Competition | B48: =IF(D48="","",B47) -> Date | C48: =IF(D48="","",C47) -> Venue | D48: SA0740 | E48: =IF(D48="","",VLOOKUP(D48,Master,3,FALSE)) -> Boyce | F48: =IF(D48="","",VLOOKUP(D48,Master,4,FALSE)) -> Lloyd | G48: =IF(D48="","",VLOOKUP(D48,Master,5,FALSE)) -> Men Masters | H48: =IF(D48="","",VLOOKUP(D48,Master,2,FALSE)) -> SA Pres Masters | L48: =IF(K48="","",IF(I48="",ROUND(HLOOKUP(J48,kgList,K48,FALSE),1),ROUND(HLOOKUP(I48,kgList,K48,FALSE),1))) | M48: =IF(L48="","",IF(COUNTA(I48:J48)>1,"Edible or Inedible",IF(COUNTA(I48)=1,L48*1,IF(COUNTA(J48)=1,L48*1,"ERROR"))))
A49: =IF(D49="","",A48) -> Competition | B49: =IF(D49="","",B48) -> Date | C49: =IF(D49="","",C48) -> Venue | D49: SA0125 | E49: =IF(D49="","",VLOOKUP(D49,Master,3,FALSE)) -> Steve | F49: =IF(D49="","",VLOOKUP(D49,Master,4,FALSE)) -> Denny | G49: =IF(D49="","",VLOOKUP(D49,Master,5,FALSE)) -> Men Masters | H49: =IF(D49="","",VLOOKUP(D49,Master,2,FALSE)) -> SA Pres Masters | L49: =IF(K49="","",IF(I49="",ROUND(HLOOKUP(J49,kgList,K49,FALSE),1),ROUND(HLOOKUP(I49,kgList,K49,FALSE),1))) | M49: =IF(L49="","",IF(COUNTA(I49:J49)>1,"Edible or Inedible",IF(COUNTA(I49)=1,L49*1,IF(COUNTA(J49)=1,L49*1,"ERROR"))))
A50: =IF(D50="","",A49) -> Competition | B50: =IF(D50="","",B49) -> Date | C50: =IF(D50="","",C49) -> Venue | D50: SA0125 | E50: =IF(D50="","",VLOOKUP(D50,Master,3,FALSE)) -> Steve | F50: =IF(D50="","",VLOOKUP(D50,Master,4,FALSE)) -> Denny | G50: =IF(D50="","",VLOOKUP(D50,Master,5,FALSE)) -> Men Masters | H50: =IF(D50="","",VLOOKUP(D50,Master,2,FALSE)) -> SA Pres Masters | L50: =IF(K50="","",IF(I50="",ROUND(HLOOKUP(J50,kgList,K50,FALSE),1),ROUND(HLOOKUP(I50,kgList,K50,FALSE),1))) | M50: =IF(L50="","",IF(COUNTA(I50:J50)>1,"Edible or Inedible",IF(COUNTA(I50)=1,L50*1,IF(COUNTA(J50)=1,L50*1,"ERROR"))))
A51: =IF(D51="","",A50) -> Competition | B51: =IF(D51="","",B50) -> Date | C51: =IF(D51="","",C50) -> Venue | D51: N0643 | E51: =IF(D51="","",VLOOKUP(D51,Master,3,FALSE)) -> Frikkie | F51: =IF(D51="","",VLOOKUP(D51,Master,4,FALSE)) -> Ferreira | G51: =IF(D51="","",VLOOKUP(D51,Master,5,FALSE)) -> Men Master | H51: =IF(D51="","",VLOOKUP(D51,Master,2,FALSE)) -> Nam Pres Masters | L51: =IF(K51="","",IF(I51="",ROUND(HLOOKUP(J51,kgList,K51,FALSE),1),ROUND(HLOOKUP(I51,kgList,K51,FALSE),1))) | M51: =IF(L51="","",IF(COUNTA(I51:J51)>1,"Edible or Inedible",IF(COUNTA(I51)=1,L51*1,IF(COUNTA(J51)=1,L51*1,"ERROR"))))
A52: =IF(D52="","",A51) -> Competition | B52: =IF(D52="","",B51) -> Date | C52: =IF(D52="","",C51) -> Venue | D52: N0095 | E52: =IF(D52="","",VLOOKUP(D52,Master,3,FALSE)) -> Simen | F52: =IF(D52="","",VLOOKUP(D52,Master,4,FALSE)) -> Andersen | G52: =IF(D52="","",VLOOKUP(D52,Master,5,FALSE)) -> Men Master | H52: =IF(D52="","",VLOOKUP(D52,Master,2,FALSE)) -> Nam Pres Masters | J52: Shark Spotted Gully | K52: 168 | L52: =IF(K52="","",IF(I52="",ROUND(HLOOKUP(J52,kgList,K52,FALSE),1),ROUND(HLOOKUP(I52,kgList,K52,FALSE),1))) -> 25.7 | M52: =IF(L52="","",IF(COUNTA(I52:J52)>1,"Edible or Inedible",IF(COUNTA(I52)=1,L52*1,IF(COUNTA(J52)=1,L52*1,"ERROR")))) -> 25.7
A53: =IF(D53="","",A52) -> Competition | B53: =IF(D53="","",B52) -> Date | C53: =IF(D53="","",C52) -> Venue | D53: N0026 | E53: =IF(D53="","",VLOOKUP(D53,Master,3,FALSE)) -> Johan | F53: =IF(D53="","",VLOOKUP(D53,Master,4,FALSE)) -> Agenbag | G53: =IF(D53="","",VLOOKUP(D53,Master,5,FALSE)) -> Men Master | H53: =IF(D53="","",VLOOKUP(D53,Master,2,FALSE)) -> Nam Pres Masters | J53: Shark Spotted Gully | K53: 167 | L53: =IF(K53="","",IF(I53="",ROUND(HLOOKUP(J53,kgList,K53,FALSE),1),ROUND(HLOOKUP(I53,kgList,K53,FALSE),1))) -> 25.2 | M53: =IF(L53="","",IF(COUNTA(I53:J53)>1,"Edible or Inedible",IF(COUNTA(I53)=1,L53*1,IF(COUNTA(J53)=1,L53*1,"ERROR")))) -> 25.2
A54: =IF(D54="","",A53) -> Competition | B54: =IF(D54="","",B53) -> Date | C54: =IF(D54="","",C53) -> Venue | D54: N0095 | E54: =IF(D54="","",VLOOKUP(D54,Master,3,FALSE)) -> Simen | F54: =IF(D54="","",VLOOKUP(D54,Master,4,FALSE)) -> Andersen | G54: =IF(D54="","",VLOOKUP(D54,Master,5,FALSE)) -> Men Master | H54: =IF(D54="","",VLOOKUP(D54,Master,2,FALSE)) -> Nam Pres Masters | J54: Shark Cow / Sevengill | K54: 124 | L54: =IF(K54="","",IF(I54="",ROUND(HLOOKUP(J54,kgList,K54,FALSE),1),ROUND(HLOOKUP(I54,kgList,K54,FALSE),1))) -> 24.3 | M54: =IF(L54="","",IF(COUNTA(I54:J54)>1,"Edible or Inedible",IF(COUNTA(I54)=1,L54*1,IF(COUNTA(J54)=1,L54*1,"ERROR")))) -> 24.3
A55: =IF(D55="","",A54) -> Competition | B55: =IF(D55="","",B54) -> Date | C55: =IF(D55="","",C54) -> Venue | D55: SA0035 | E55: =IF(D55="","",VLOOKUP(D55,Master,3,FALSE)) -> Johan | F55: =IF(D55="","",VLOOKUP(D55,Master,4,FALSE)) -> La Grange | G55: =IF(D55="","",VLOOKUP(D55,Master,5,FALSE)) -> Men Masters | H55: =IF(D55="","",VLOOKUP(D55,Master,2,FALSE)) -> SA Pres Masters | J55: Shark Spotted Gully | K55: 165 | L55: =IF(K55="","",IF(I55="",ROUND(HLOOKUP(J55,kgList,K55,FALSE),1),ROUND(HLOOKUP(I55,kgList,K55,FALSE),1))) -> 24.1 | M55: =IF(L55="","",IF(COUNTA(I55:J55)>1,"Edible or Inedible",IF(COUNTA(I55)=1,L55*1,IF(COUNTA(J55)=1,L55*1,"ERROR")))) -> 24.1
A56: =IF(D56="","",A55) -> Competition | B56: =IF(D56="","",B55) -> Date | C56: =IF(D56="","",C55) -> Venue | D56: SA7476 | E56: =IF(D56="","",VLOOKUP(D56,Master,3,FALSE)) -> Kabous | F56: =IF(D56="","",VLOOKUP(D56,Master,4,FALSE)) -> Louw | G56: =IF(D56="","",VLOOKUP(D56,Master,5,FALSE)) -> Ladies Senior | H56: =IF(D56="","",VLOOKUP(D56,Master,2,FALSE)) -> SA Pres Ladies | J56: Shark Hound Smooth | K56: 81 | L56: =IF(K56="","",IF(I56="",ROUND(HLOOKUP(J56,kgList,K56,FALSE),1),ROUND(HLOOKUP(I56,kgList,K56,FALSE),1))) -> 1.8 | M56: =IF(L56="","",IF(COUNTA(I56:J56)>1,"Edible or Inedible",IF(COUNTA(I56)=1,L56*1,IF(COUNTA(J56)=1,L56*1,"ERROR")))) -> 1.8
A57: =IF(D57="","",A56) -> Competition | B57: =IF(D57="","",B56) -> Date | C57: =IF(D57="","",C56) -> Venue | D57: SA6820 | E57: =IF(D57="","",VLOOKUP(D57,Master,3,FALSE)) -> Helen | F57: =IF(D57="","",VLOOKUP(D57,Master,4,FALSE)) -> Potgieter | G57: =IF(D57="","",VLOOKUP(D57,Master,5,FALSE)) -> Ladies Senior | H57: =IF(D57="","",VLOOKUP(D57,Master,2,FALSE)) -> SA Pres Ladies | J57: Guitarfish - Lesser | K57: 87 | L57: =IF(K57="","",IF(I57="",ROUND(HLOOKUP(J57,kgList,K57,FALSE),1),ROUND(HLOOKUP(I57,kgList,K57,FALSE),1))) -> 2.4 | M57: =IF(L57="","",IF(COUNTA(I57:J57)>1,"Edible or Inedible",IF(COUNTA(I57)=1,L57*1,IF(COUNTA(J57)=1,L57*1,"ERROR")))) -> 2.4
A58: =IF(D58="","",A57) -> Competition | B58: =IF(D58="","",B57) -> Date | C58: =IF(D58="","",C57) -> Venue | D58: SA2140 | E58: =IF(D58="","",VLOOKUP(D58,Master,3,FALSE)) -> Anet | F58: =IF(D58="","",VLOOKUP(D58,Master,4,FALSE)) -> Rheeder | G58: =IF(D58="","",VLOOKUP(D58,Master,5,FALSE)) -> Ladies Senior | H58: =IF(D58="","",VLOOKUP(D58,Master,2,FALSE)) -> SA Pres Ladies | I58: Kob | K58: 43 | L58: =IF(K58="","",IF(I58="",ROUND(HLOOKUP(J58,kgList,K58,FALSE),1),ROUND(HLOOKUP(I58,kgList,K58,FALSE),1))) -> 0.8 | M58: =IF(L58="","",IF(COUNTA(I58:J58)>1,"Edible or Inedible",IF(COUNTA(I58)=1,L58*1,IF(COUNTA(J58)=1,L58*1,"ERROR")))) -> 0.8
A59: =IF(D59="","",A58) -> Competition | B59: =IF(D59="","",B58) -> Date | C59: =IF(D59="","",C58) -> Venue | D59: N0200 | E59: =IF(D59="","",VLOOKUP(D59,Master,3,FALSE)) -> Abriana | F59: =IF(D59="","",VLOOKUP(D59,Master,4,FALSE)) -> Koberzig | G59: =IF(D59="","",VLOOKUP(D59,Master,5,FALSE)) -> Ladies Senior | H59: =IF(D59="","",VLOOKUP(D59,Master,2,FALSE)) -> Nam Pres Ladies | I59: Kob | K59: 42 | L59: =IF(K59="","",IF(I59="",ROUND(HLOOKUP(J59,kgList,K59,FALSE),1),ROUND(HLOOKUP(I59,kgList,K59,FALSE),1))) -> 0.8 | M59: =IF(L59="","",IF(COUNTA(I59:J59)>1,"Edible or Inedible",IF(COUNTA(I59)=1,L59*1,IF(COUNTA(J59)=1,L59*1,"ERROR")))) -> 0.8
A60: =IF(D60="","",A59) -> Competition | B60: =IF(D60="","",B59) -> Date | C60: =IF(D60="","",C59) -> Venue | D60: SA7476 | E60: =IF(D60="","",VLOOKUP(D60,Master,3,FALSE)) -> Kabous | F60: =IF(D60="","",VLOOKUP(D60,Master,4,FALSE)) -> Louw | G60: =IF(D60="","",VLOOKUP(D60,Master,5,FALSE)) -> Ladies Senior | H60: =IF(D60="","",VLOOKUP(D60,Master,2,FALSE)) -> SA Pres Ladies | J60: Shark Spotted Gully | K60: 95 | L60: =IF(K60="","",IF(I60="",ROUND(HLOOKUP(J60,kgList,K60,FALSE),1),ROUND(HLOOKUP(I60,kgList,K60,FALSE),1))) -> 3.6 | M60: =IF(L60="","",IF(COUNTA(I60:J60)>1,"Edible or Inedible",IF(COUNTA(I60)=1,L60*1,IF(COUNTA(J60)=1,L60*1,"ERROR")))) -> 3.6
A61: =IF(D61="","",A60) -> Competition | B61: =IF(D61="","",B60) -> Date | C61: =IF(D61="","",C60) -> Venue | D61: SA7476 | E61: =IF(D61="","",VLOOKUP(D61,Master,3,FALSE)) -> Kabous | F61: =IF(D61="","",VLOOKUP(D61,Master,4,FALSE)) -> Louw | G61: =IF(D61="","",VLOOKUP(D61,Master,5,FALSE)) -> Ladies Senior | H61: =IF(D61="","",VLOOKUP(D61,Master,2,FALSE)) -> SA Pres Ladies | J61: Shark Spotted Gully | K61: 97 | L61: =IF(K61="","",IF(I61="",ROUND(HLOOKUP(J61,kgList,K61,FALSE),1),ROUND(HLOOKUP(I61,kgList,K61,FALSE),1))) -> 3.9 | M61: =IF(L61="","",IF(COUNTA(I61:J61)>1,"Edible or Inedible",IF(COUNTA(I61)=1,L61*1,IF(COUNTA(J61)=1,L61*1,"ERROR")))) -> 3.9
A62: =IF(D62="","",A61) -> Competition | B62: =IF(D62="","",B61) -> Date | C62: =IF(D62="","",C61) -> Venue | D62: N0850 | E62: =IF(D62="","",VLOOKUP(D62,Master,3,FALSE)) -> Wanda | F62: =IF(D62="","",VLOOKUP(D62,Master,4,FALSE)) -> Enslin | G62: =IF(D62="","",VLOOKUP(D62,Master,5,FALSE)) -> Ladies Senior | H62: =IF(D62="","",VLOOKUP(D62,Master,2,FALSE)) -> Nam Pres Ladies | J62: Shark Spotted Gully | K62: 97 | L62: =IF(K62="","",IF(I62="",ROUND(HLOOKUP(J62,kgList,K62,FALSE),1),ROUND(HLOOKUP(I62,kgList,K62,FALSE),1))) -> 3.9 | M62: =IF(L62="","",IF(COUNTA(I62:J62)>1,"Edible or Inedible",IF(COUNTA(I62)=1,L62*1,IF(COUNTA(J62)=1,L62*1,"ERROR")))) -> 3.9
A63: =IF(D63="","",A62) -> Competition | B63: =IF(D63="","",B62) -> Date | C63: =IF(D63="","",C62) -> Venue | D63: SA2568 | E63: =IF(D63="","",VLOOKUP(D63,Master,3,FALSE)) -> Niel | F63: =IF(D63="","",VLOOKUP(D63,Master,4,FALSE)) -> Van Der Linde | G63: =IF(D63="","",VLOOKUP(D63,Master,5,FALSE)) -> Men Senior | H63: =IF(D63="","",VLOOKUP(D63,Master,2,FALSE)) -> SA Pres A | J63: Shark Spotted Gully | K63: 168 | L63: =IF(K63="","",IF(I63="",ROUND(HLOOKUP(J63,kgList,K63,FALSE),1),ROUND(HLOOKUP(I63,kgList,K63,FALSE),1))) -> 25.7 | M63: =IF(L63="","",IF(COUNTA(I63:J63)>1,"Edible or Inedible",IF(COUNTA(I63)=1,L63*1,IF(COUNTA(J63)=1,L63*1,"ERROR")))) -> 25.7
A64: =IF(D64="","",A63) -> Competition | B64: =IF(D64="","",B63) -> Date | C64: =IF(D64="","",C63) -> Venue | D64: N0101 | E64: =IF(D64="","",VLOOKUP(D64,Master,3,FALSE)) -> Tertius | F64: =IF(D64="","",VLOOKUP(D64,Master,4,FALSE)) -> Potgieter | G64: =IF(D64="","",VLOOKUP(D64,Master,5,FALSE)) -> Men Senior | H64: =IF(D64="","",VLOOKUP(D64,Master,2,FALSE)) -> Nam Pres A | J64: Shark Cow / Sevengill | K64: 124 | L64: =IF(K64="","",IF(I64="",ROUND(HLOOKUP(J64,kgList,K64,FALSE),1),ROUND(HLOOKUP(I64,kgList,K64,FALSE),1))) -> 24.3 | M64: =IF(L64="","",IF(COUNTA(I64:J64)>1,"Edible or Inedible",IF(COUNTA(I64)=1,L64*1,IF(COUNTA(J64)=1,L64*1,"ERROR")))) -> 24.3
A65: =IF(D65="","",A64) -> Competition | B65: =IF(D65="","",B64) -> Date | C65: =IF(D65="","",C64) -> Venue | D65: N0101 | E65: =IF(D65="","",VLOOKUP(D65,Master,3,FALSE)) -> Tertius | F65: =IF(D65="","",VLOOKUP(D65,Master,4,FALSE)) -> Potgieter | G65: =IF(D65="","",VLOOKUP(D65,Master,5,FALSE)) -> Men Senior | H65: =IF(D65="","",VLOOKUP(D65,Master,2,FALSE)) -> Nam Pres A | J65: Shark Cow / Sevengill | K65: 124 | L65: =IF(K65="","",IF(I65="",ROUND(HLOOKUP(J65,kgList,K65,FALSE),1),ROUND(HLOOKUP(I65,kgList,K65,FALSE),1))) -> 24.3 | M65: =IF(L65="","",IF(COUNTA(I65:J65)>1,"Edible or Inedible",IF(COUNTA(I65)=1,L65*1,IF(COUNTA(J65)=1,L65*1,"ERROR")))) -> 24.3
A66: =IF(D66="","",A65) -> Competition | B66: =IF(D66="","",B65) -> Date | C66: =IF(D66="","",C65) -> Venue | D66: SA0847 | E66: =IF(D66="","",VLOOKUP(D66,Master,3,FALSE)) -> Adriaan | F66: =IF(D66="","",VLOOKUP(D66,Master,4,FALSE)) -> Van Heerden | G66: =IF(D66="","",VLOOKUP(D66,Master,5,FALSE)) -> Men Senior | H66: =IF(D66="","",VLOOKUP(D66,Master,2,FALSE)) -> SA Pres A | J66: Shark Spotted Gully | K66: 165 | L66: =IF(K66="","",IF(I66="",ROUND(HLOOKUP(J66,kgList,K66,FALSE),1),ROUND(HLOOKUP(I66,kgList,K66,FALSE),1))) -> 24.1 | M66: =IF(L66="","",IF(COUNTA(I66:J66)>1,"Edible or Inedible",IF(COUNTA(I66)=1,L66*1,IF(COUNTA(J66)=1,L66*1,"ERROR")))) -> 24.1
A67: =IF(D67="","",A66) -> Competition | B67: =IF(D67="","",B66) -> Date | C67: =IF(D67="","",C66) -> Venue | D67: N0610 | E67: =IF(D67="","",VLOOKUP(D67,Master,3,FALSE)) -> Martinus | F67: =IF(D67="","",VLOOKUP(D67,Master,4,FALSE)) -> Venter | G67: =IF(D67="","",VLOOKUP(D67,Master,5,FALSE)) -> Men Veteran | H67: =IF(D67="","",VLOOKUP(D67,Master,2,FALSE)) -> Nam Pres A | J67: Shark Spotted Gully | K67: 164 | L67: =IF(K67="","",IF(I67="",ROUND(HLOOKUP(J67,kgList,K67,FALSE),1),ROUND(HLOOKUP(I67,kgList,K67,FALSE),1))) -> 23.6 | M67: =IF(L67="","",IF(COUNTA(I67:J67)>1,"Edible or Inedible",IF(COUNTA(I67)=1,L67*1,IF(COUNTA(J67)=1,L67*1,"ERROR")))) -> 23.6
A68: =IF(D68="","",A67) -> Competition | B68: =IF(D68="","",B67) -> Date | C68: =IF(D68="","",C67) -> Venue | D68: SA9692 | E68: =IF(D68="","",VLOOKUP(D68,Master,3,FALSE)) -> Josh | F68: =IF(D68="","",VLOOKUP(D68,Master,4,FALSE)) -> Timm | G68: =IF(D68="","",VLOOKUP(D68,Master,5,FALSE)) -> Men Senior | H68: =IF(D68="","",VLOOKUP(D68,Master,2,FALSE)) -> SA Pres A | J68: Shark Spotted Gully | K68: 162 | L68: =IF(K68="","",IF(I68="",ROUND(HLOOKUP(J68,kgList,K68,FALSE),1),ROUND(HLOOKUP(I68,kgList,K68,FALSE),1))) -> 22.7 | M68: =IF(L68="","",IF(COUNTA(I68:J68)>1,"Edible or Inedible",IF(COUNTA(I68)=1,L68*1,IF(COUNTA(J68)=1,L68*1,"ERROR")))) -> 22.7
A69: =IF(D69="","",A68) -> Competition | B69: =IF(D69="","",B68) -> Date | C69: =IF(D69="","",C68) -> Venue | D69: N0101 | E69: =IF(D69="","",VLOOKUP(D69,Master,3,FALSE)) -> Tertius | F69: =IF(D69="","",VLOOKUP(D69,Master,4,FALSE)) -> Potgieter | G69: =IF(D69="","",VLOOKUP(D69,Master,5,FALSE)) -> Men Senior | H69: =IF(D69="","",VLOOKUP(D69,Master,2,FALSE)) -> Nam Pres A | J69: Shark Cow / Sevengill | K69: 121 | L69: =IF(K69="","",IF(I69="",ROUND(HLOOKUP(J69,kgList,K69,FALSE),1),ROUND(HLOOKUP(I69,kgList,K69,FALSE),1))) -> 22.4 | M69: =IF(L69="","",IF(COUNTA(I69:J69)>1,"Edible or Inedible",IF(COUNTA(I69)=1,L69*1,IF(COUNTA(J69)=1,L69*1,"ERROR")))) -> 22.4
A70: =IF(D70="","",A69) -> Competition | B70: =IF(D70="","",B69) -> Date | C70: =IF(D70="","",C69) -> Venue | D70: N0730 | E70: =IF(D70="","",VLOOKUP(D70,Master,3,FALSE)) -> Wikus | F70: =IF(D70="","",VLOOKUP(D70,Master,4,FALSE)) -> Viljoen | G70: =IF(D70="","",VLOOKUP(D70,Master,5,FALSE)) -> Men Veteran | H70: =IF(D70="","",VLOOKUP(D70,Master,2,FALSE)) -> Nam Pres A | J70: Shark Cow / Sevengill | K70: 120 | L70: =IF(K70="","",IF(I70="",ROUND(HLOOKUP(J70,kgList,K70,FALSE),1),ROUND(HLOOKUP(I70,kgList,K70,FALSE),1))) -> 21.8 | M70: =IF(L70="","",IF(COUNTA(I70:J70)>1,"Edible or Inedible",IF(COUNTA(I70)=1,L70*1,IF(COUNTA(J70)=1,L70*1,"ERROR")))) -> 21.8
A71: =IF(D71="","",A70) -> Competition | B71: =IF(D71="","",B70) -> Date | C71: =IF(D71="","",C70) -> Venue | D71: SA9639 | E71: =IF(D71="","",VLOOKUP(D71,Master,3,FALSE)) -> Wimpie | F71: =IF(D71="","",VLOOKUP(D71,Master,4,FALSE)) -> Kirsten | G71: =IF(D71="","",VLOOKUP(D71,Master,5,FALSE)) -> Men Senior | H71: =IF(D71="","",VLOOKUP(D71,Master,2,FALSE)) -> SA Pres A | J71: Shark Spotted Gully | K71: 160 | L71: =IF(K71="","",IF(I71="",ROUND(HLOOKUP(J71,kgList,K71,FALSE),1),ROUND(HLOOKUP(I71,kgList,K71,FALSE),1))) -> 21.7 | M71: =IF(L71="","",IF(COUNTA(I71:J71)>1,"Edible or Inedible",IF(COUNTA(I71)=1,L71*1,IF(COUNTA(J71)=1,L71*1,"ERROR")))) -> 21.7
... A76: =IF(D76="","",A75) -> Competition | B76: =IF(D76="","",B75) -> Date | C76: =IF(D76="","",C75) -> Venue | D76: SA3368 | E76: =IF(D76="","",VLOOKUP(D76,Master,3,FALSE)) -> Mike | F76: =IF(D76="","",VLOOKUP(D76,Master,4,FALSE)) -> Karon | G76: =IF(D76="","",VLOOKUP(D76,Master,5,FALSE)) -> Men Senior | H76: =IF(D76="","",VLOOKUP(D76,Master,2,FALSE)) -> SA Pres A | J76: Shark Spotted Gully | K76: 155 | L76: =IF(K76="","",IF(I76="",ROUND(HLOOKUP(J76,kgList,K76,FALSE),1),ROUND(HLOOKUP(I76,kgList,K76,FALSE),1))) -> 19.5 | M76: =IF(L76="","",IF(COUNTA(I76:J76)>1,"Edible or Inedible",IF(COUNTA(I76)=1,L76*1,IF(COUNTA(J76)=1,L76*1,"ERROR")))) -> 19.5
A77: =IF(D77="","",A76) -> Competition | B77: =IF(D77="","",B76) -> Date | C77: =IF(D77="","",C76) -> Venue | D77: N0792 | E77: =IF(D77="","",VLOOKUP(D77,Master,3,FALSE)) -> William | F77: =IF(D77="","",VLOOKUP(D77,Master,4,FALSE)) -> Schickerling | G77: =IF(D77="","",VLOOKUP(D77,Master,5,FALSE)) -> Men Senior | H77: =IF(D77="","",VLOOKUP(D77,Master,2,FALSE)) -> Nam Pres B | L77: =IF(K77="","",IF(I77="",ROUND(HLOOKUP(J77,kgList,K77,FALSE),1),ROUND(HLOOKUP(I77,kgList,K77,FALSE),1))) | M77: =IF(L77="","",IF(COUNTA(I77:J77)>1,"Edible or Inedible",IF(COUNTA(I77)=1,L77*1,IF(COUNTA(J77)=1,L77*1,"ERROR"))))
A78: =IF(D78="","",A77) -> Competition | B78: =IF(D78="","",B77) -> Date | C78: =IF(D78="","",C77) -> Venue | D78: N0622 | E78: =IF(D78="","",VLOOKUP(D78,Master,3,FALSE)) -> Flippie | F78: =IF(D78="","",VLOOKUP(D78,Master,4,FALSE)) -> Scheepers | G78: =IF(D78="","",VLOOKUP(D78,Master,5,FALSE)) -> Men Veteran | H78: =IF(D78="","",VLOOKUP(D78,Master,2,FALSE)) -> Nam Pres B | L78: =IF(K78="","",IF(I78="",ROUND(HLOOKUP(J78,kgList,K78,FALSE),1),ROUND(HLOOKUP(I78,kgList,K78,FALSE),1))) | M78: =IF(L78="","",IF(COUNTA(I78:J78)>1,"Edible or Inedible",IF(COUNTA(I78)=1,L78*1,IF(COUNTA(J78)=1,L78*1,"ERROR"))))
A79: =IF(D79="","",A78) -> Competition | B79: =IF(D79="","",B78) -> Date | C79: =IF(D79="","",C78) -> Venue | D79: SA9488 | E79: =IF(D79="","",VLOOKUP(D79,Master,3,FALSE)) -> Guy | F79: =IF(D79="","",VLOOKUP(D79,Master,4,FALSE)) -> Nicholson | G79: =IF(D79="","",VLOOKUP(D79,Master,5,FALSE)) -> Men Senior | H79: =IF(D79="","",VLOOKUP(D79,Master,2,FALSE)) -> SA Pres B | L79: =IF(K79="","",IF(I79="",ROUND(HLOOKUP(J79,kgList,K79,FALSE),1),ROUND(HLOOKUP(I79,kgList,K79,FALSE),1))) | M79: =IF(L79="","",IF(COUNTA(I79:J79)>1,"Edible or Inedible",IF(COUNTA(I79)=1,L79*1,IF(COUNTA(J79)=1,L79*1,"ERROR"))))
A80: =IF(D80="","",A79) -> Competition | B80: =IF(D80="","",B79) -> Date | C80: =IF(D80="","",C79) -> Venue | D80: SA8734 | E80: =IF(D80="","",VLOOKUP(D80,Master,3,FALSE)) -> Deon | F80: =IF(D80="","",VLOOKUP(D80,Master,4,FALSE)) -> St Clair-Whicker | G80: =IF(D80="","",VLOOKUP(D80,Master,5,FALSE)) -> Men Senior | H80: =IF(D80="","",VLOOKUP(D80,Master,2,FALSE)) -> SA Pres B | L80: =IF(K80="","",IF(I80="",ROUND(HLOOKUP(J80,kgList,K80,FALSE),1),ROUND(HLOOKUP(I80,kgList,K80,FALSE),1))) | M80: =IF(L80="","",IF(COUNTA(I80:J80)>1,"Edible or Inedible",IF(COUNTA(I80)=1,L80*1,IF(COUNTA(J80)=1,L80*1,"ERROR"))))
A81: =IF(D81="","",A80) -> Competition | B81: =IF(D81="","",B80) -> Date | C81: =IF(D81="","",C80) -> Venue | D81: SA2157 | E81: =IF(D81="","",VLOOKUP(D81,Master,3,FALSE)) -> Neil | F81: =IF(D81="","",VLOOKUP(D81,Master,4,FALSE)) -> Reynolds | G81: =IF(D81="","",VLOOKUP(D81,Master,5,FALSE)) -> Men Senior | H81: =IF(D81="","",VLOOKUP(D81,Master,2,FALSE)) -> SA Pres B | L81: =IF(K81="","",IF(I81="",ROUND(HLOOKUP(J81,kgList,K81,FALSE),1),ROUND(HLOOKUP(I81,kgList,K81,FALSE),1))) | M81: =IF(L81="","",IF(COUNTA(I81:J81)>1,"Edible or Inedible",IF(COUNTA(I81)=1,L81*1,IF(COUNTA(J81)=1,L81*1,"ERROR"))))
A82: =IF(D82="","",A81) -> Competition | B82: =IF(D82="","",B81) -> Date | C82: =IF(D82="","",C81) -> Venue | D82: SA8208 | E82: =IF(D82="","",VLOOKUP(D82,Master,3,FALSE)) -> Deon | F82: =IF(D82="","",VLOOKUP(D82,Master,4,FALSE)) -> Van Emmenes | G82: =IF(D82="","",VLOOKUP(D82,Master,5,FALSE)) -> Men Senior | H82: =IF(D82="","",VLOOKUP(D82,Master,2,FALSE)) -> SA Pres B | L82: =IF(K82="","",IF(I82="",ROUND(HLOOKUP(J82,kgList,K82,FALSE),1),ROUND(HLOOKUP(I82,kgList,K82,FALSE),1))) | M82: =IF(L82="","",IF(COUNTA(I82:J82)>1,"Edible or Inedible",IF(COUNTA(I82)=1,L82*1,IF(COUNTA(J82)=1,L82*1,"ERROR"))))
A83: =IF(D83="","",A82) -> Competition | B83: =IF(D83="","",B82) -> Date | C83: =IF(D83="","",C82) -> Venue | D83: SA9488 | E83: =IF(D83="","",VLOOKUP(D83,Master,3,FALSE)) -> Guy | F83: =IF(D83="","",VLOOKUP(D83,Master,4,FALSE)) -> Nicholson | G83: =IF(D83="","",VLOOKUP(D83,Master,5,FALSE)) -> Men Senior | H83: =IF(D83="","",VLOOKUP(D83,Master,2,FALSE)) -> SA Pres B | L83: =IF(K83="","",IF(I83="",ROUND(HLOOKUP(J83,kgList,K83,FALSE),1),ROUND(HLOOKUP(I83,kgList,K83,FALSE),1))) | M83: =IF(L83="","",IF(COUNTA(I83:J83)>1,"Edible or Inedible",IF(COUNTA(I83)=1,L83*1,IF(COUNTA(J83)=1,L83*1,"ERROR"))))
A84: =IF(D84="","",A83) -> Competition | B84: =IF(D84="","",B83) -> Date | C84: =IF(D84="","",C83) -> Venue | D84: N0783 | E84: =IF(D84="","",VLOOKUP(D84,Master,3,FALSE)) -> Johan | F84: =IF(D84="","",VLOOKUP(D84,Master,4,FALSE)) -> Van Niekerk | G84: =IF(D84="","",VLOOKUP(D84,Master,5,FALSE)) -> Men Senior | H84: =IF(D84="","",VLOOKUP(D84,Master,2,FALSE)) -> Nam Pres B | J84: Shark Spotted Gully | K84: 161 | L84: =IF(K84="","",IF(I84="",ROUND(HLOOKUP(J84,kgList,K84,FALSE),1),ROUND(HLOOKUP(I84,kgList,K84,FALSE),1))) -> 22.2 | M84: =IF(L84="","",IF(COUNTA(I84:J84)>1,"Edible or Inedible",IF(COUNTA(I84)=1,L84*1,IF(COUNTA(J84)=1,L84*1,"ERROR")))) -> 22.2
A85: =IF(D85="","",A84) -> Competition | B85: =IF(D85="","",B84) -> Date | C85: =IF(D85="","",C84) -> Venue | D85: N0622 | E85: =IF(D85="","",VLOOKUP(D85,Master,3,FALSE)) -> Flippie | F85: =IF(D85="","",VLOOKUP(D85,Master,4,FALSE)) -> Scheepers | G85: =IF(D85="","",VLOOKUP(D85,Master,5,FALSE)) -> Men Veteran | H85: =IF(D85="","",VLOOKUP(D85,Master,2,FALSE)) -> Nam Pres B | J85: Shark Spotted Gully | K85: 161 | L85: =IF(K85="","",IF(I85="",ROUND(HLOOKUP(J85,kgList,K85,FALSE),1),ROUND(HLOOKUP(I85,kgList,K85,FALSE),1))) -> 22.2 | M85: =IF(L85="","",IF(COUNTA(I85:J85)>1,"Edible or Inedible",IF(COUNTA(I85)=1,L85*1,IF(COUNTA(J85)=1,L85*1,"ERROR")))) -> 22.2
A86: =IF(D86="","",A85) -> Competition | B86: =IF(D86="","",B85) -> Date | C86: =IF(D86="","",C85) -> Venue | D86: SA5649 | E86: =IF(D86="","",VLOOKUP(D86,Master,3,FALSE)) -> Elmaine | F86: =IF(D86="","",VLOOKUP(D86,Master,4,FALSE)) -> Terblanche | G86: =IF(D86="","",VLOOKUP(D86,Master,5,FALSE)) -> Men Senior | H86: =IF(D86="","",VLOOKUP(D86,Master,2,FALSE)) -> SA Pres B | J86: Shark Cow / Sevengill | K86: 120 | L86: =IF(K86="","",IF(I86="",ROUND(HLOOKUP(J86,kgList,K86,FALSE),1),ROUND(HLOOKUP(I86,kgList,K86,FALSE),1))) -> 21.8 | M86: =IF(L86="","",IF(COUNTA(I86:J86)>1,"Edible or Inedible",IF(COUNTA(I86)=1,L86*1,IF(COUNTA(J86)=1,L86*1,"ERROR")))) -> 21.8
A87: =IF(D87="","",A86) -> Competition | B87: =IF(D87="","",B86) -> Date | C87: =IF(D87="","",C86) -> Venue | D87: N0067 | E87: =IF(D87="","",VLOOKUP(D87,Master,3,FALSE)) -> Louis | F87: =IF(D87="","",VLOOKUP(D87,Master,4,FALSE)) -> Potgieter | G87: =IF(D87="","",VLOOKUP(D87,Master,5,FALSE)) -> Men Veteran | H87: =IF(D87="","",VLOOKUP(D87,Master,2,FALSE)) -> Nam Pres Veterans | L87: =IF(K87="","",IF(I87="",ROUND(HLOOKUP(J87,kgList,K87,FALSE),1),ROUND(HLOOKUP(I87,kgList,K87,FALSE),1))) | M87: =IF(L87="","",IF(COUNTA(I87:J87)>1,"Edible or Inedible",IF(COUNTA(I87)=1,L87*1,IF(COUNTA(J87)=1,L87*1,"ERROR"))))
A88: =IF(D88="","",A87) -> Competition | B88: =IF(D88="","",B87) -> Date | C88: =IF(D88="","",C87) -> Venue | D88: N0014 | E88: =IF(D88="","",VLOOKUP(D88,Master,3,FALSE)) -> Willem | F88: =IF(D88="","",VLOOKUP(D88,Master,4,FALSE)) -> Steyn | G88: =IF(D88="","",VLOOKUP(D88,Master,5,FALSE)) -> Men Veteran | H88: =IF(D88="","",VLOOKUP(D88,Master,2,FALSE)) -> Nam Pres Veterans | L88: =IF(K88="","",IF(I88="",ROUND(HLOOKUP(J88,kgList,K88,FALSE),1),ROUND(HLOOKUP(I88,kgList,K88,FALSE),1))) | M88: =IF(L88="","",IF(COUNTA(I88:J88)>1,"Edible or Inedible",IF(COUNTA(I88)=1,L88*1,IF(COUNTA(J88)=1,L88*1,"ERROR"))))
A89: =IF(D89="","",A88) -> Competition | B89: =IF(D89="","",B88) -> Date | C89: =IF(D89="","",C88) -> Venue | D89: SA8804 | E89: =IF(D89="","",VLOOKUP(D89,Master,3,FALSE)) -> Jean | F89: =IF(D89="","",VLOOKUP(D89,Master,4,FALSE)) -> Coetzee | G89: =IF(D89="","",VLOOKUP(D89,Master,5,FALSE)) -> Men Senior | H89: =IF(D89="","",VLOOKUP(D89,Master,2,FALSE)) -> SA Pres Inland | L89: =IF(K89="","",IF(I89="",ROUND(HLOOKUP(J89,kgList,K89,FALSE),1),ROUND(HLOOKUP(I89,kgList,K89,FALSE),1))) | M89: =IF(L89="","",IF(COUNTA(I89:J89)>1,"Edible or Inedible",IF(COUNTA(I89)=1,L89*1,IF(COUNTA(J89)=1,L89*1,"ERROR"))))
A90: =IF(D90="","",A89) -> Competition | B90: =IF(D90="","",B89) -> Date | C90: =IF(D90="","",C89) -> Venue | D90: SA1009 | E90: =IF(D90="","",VLOOKUP(D90,Master,3,FALSE)) -> Deon | F90: =IF(D90="","",VLOOKUP(D90,Master,4,FALSE)) -> Eksteen | G90: =IF(D90="","",VLOOKUP(D90,Master,5,FALSE)) -> Men Senior | H90: =IF(D90="","",VLOOKUP(D90,Master,2,FALSE)) -> SA Pres Inland | L90: =IF(K90="","",IF(I90="",ROUND(HLOOKUP(J90,kgList,K90,FALSE),1),ROUND(HLOOKUP(I90,kgList,K90,FALSE),1))) | M90: =IF(L90="","",IF(COUNTA(I90:J90)>1,"Edible or Inedible",IF(COUNTA(I90)=1,L90*1,IF(COUNTA(J90)=1,L90*1,"ERROR"))))
A91: =IF(D91="","",A90) -> Competition | B91: =IF(D91="","",B90) -> Date | C91: =IF(D91="","",C90) -> Venue | D91: N0067 | E91: =IF(D91="","",VLOOKUP(D91,Master,3,FALSE)) -> Louis | F91: =IF(D91="","",VLOOKUP(D91,Master,4,FALSE)) -> Potgieter | G91: =IF(D91="","",VLOOKUP(D91,Master,5,FALSE)) -> Men Veteran | H91: =IF(D91="","",VLOOKUP(D91,Master,2,FALSE)) -> Nam Pres Veterans | L91: =IF(K91="","",IF(I91="",ROUND(HLOOKUP(J91,kgList,K91,FALSE),1),ROUND(HLOOKUP(I91,kgList,K91,FALSE),1))) | M91: =IF(L91="","",IF(COUNTA(I91:J91)>1,"Edible or Inedible",IF(COUNTA(I91)=1,L91*1,IF(COUNTA(J91)=1,L91*1,"ERROR"))))
A92: =IF(D92="","",A91) -> Competition | B92: =IF(D92="","",B91) -> Date | C92: =IF(D92="","",C91) -> Venue | D92: N0255 | E92: =IF(D92="","",VLOOKUP(D92,Master,3,FALSE)) -> Heiko | F92: =IF(D92="","",VLOOKUP(D92,Master,4,FALSE)) -> Doll | G92: =IF(D92="","",VLOOKUP(D92,Master,5,FALSE)) -> Men Veteran | H92: =IF(D92="","",VLOOKUP(D92,Master,2,FALSE)) -> Nam Pres Veterans | L92: =IF(K92="","",IF(I92="",ROUND(HLOOKUP(J92,kgList,K92,FALSE),1),ROUND(HLOOKUP(I92,kgList,K92,FALSE),1))) | M92: =IF(L92="","",IF(COUNTA(I92:J92)>1,"Edible or Inedible",IF(COUNTA(I92)=1,L92*1,IF(COUNTA(J92)=1,L92*1,"ERROR"))))
A93: =IF(D93="","",A92) -> Competition | B93: =IF(D93="","",B92) -> Date | C93: =IF(D93="","",C92) -> Venue | D93: N0069 | E93: =IF(D93="","",VLOOKUP(D93,Master,3,FALSE)) -> Maritz | F93: =IF(D93="","",VLOOKUP(D93,Master,4,FALSE)) -> Jansen van Vuuren | G93: =IF(D93="","",VLOOKUP(D93,Master,5,FALSE)) -> Men Veteran | H93: =IF(D93="","",VLOOKUP(D93,Master,2,FALSE)) -> Nam Pres Veterans | L93: =IF(K93="","",IF(I93="",ROUND(HLOOKUP(J93,kgList,K93,FALSE),1),ROUND(HLOOKUP(I93,kgList,K93,FALSE),1))) | M93: =IF(L93="","",IF(COUNTA(I93:J93)>1,"Edible or Inedible",IF(COUNTA(I93)=1,L93*1,IF(COUNTA(J93)=1,L93*1,"ERROR"))))
A94: =IF(D94="","",A93) -> Competition | B94: =IF(D94="","",B93) -> Date | C94: =IF(D94="","",C93) -> Venue | D94: N0014 | E94: =IF(D94="","",VLOOKUP(D94,Master,3,FALSE)) -> Willem | F94: =IF(D94="","",VLOOKUP(D94,Master,4,FALSE)) -> Steyn | G94: =IF(D94="","",VLOOKUP(D94,Master,5,FALSE)) -> Men Veteran | H94: =IF(D94="","",VLOOKUP(D94,Master,2,FALSE)) -> Nam Pres Veterans | L94: =IF(K94="","",IF(I94="",ROUND(HLOOKUP(J94,kgList,K94,FALSE),1),ROUND(HLOOKUP(I94,kgList,K94,FALSE),1))) | M94: =IF(L94="","",IF(COUNTA(I94:J94)>1,"Edible or Inedible",IF(COUNTA(I94)=1,L94*1,IF(COUNTA(J94)=1,L94*1,"ERROR"))))
A95: =IF(D95="","",A94) -> Competition | B95: =IF(D95="","",B94) -> Date | C95: =IF(D95="","",C94) -> Venue | D95: SA0728 | E95: =IF(D95="","",VLOOKUP(D95,Master,3,FALSE)) -> Wimpie | F95: =IF(D95="","",VLOOKUP(D95,Master,4,FALSE)) -> Barnard | G95: =IF(D95="","",VLOOKUP(D95,Master,5,FALSE)) -> Men Senior | H95: =IF(D95="","",VLOOKUP(D95,Master,2,FALSE)) -> SA Pres Inland | L95: =IF(K95="","",IF(I95="",ROUND(HLOOKUP(J95,kgList,K95,FALSE),1),ROUND(HLOOKUP(I95,kgList,K95,FALSE),1))) | M95: =IF(L95="","",IF(COUNTA(I95:J95)>1,"Edible or Inedible",IF(COUNTA(I95)=1,L95*1,IF(COUNTA(J95)=1,L95*1,"ERROR"))))
A96: =IF(D96="","",A95) -> Competition | B96: =IF(D96="","",B95) -> Date | C96: =IF(D96="","",C95) -> Venue | D96: SA5282 | E96: =IF(D96="","",VLOOKUP(D96,Master,3,FALSE)) -> Kunesh | F96: =IF(D96="","",VLOOKUP(D96,Master,4,FALSE)) -> Naidoo | G96: =IF(D96="","",VLOOKUP(D96,Master,5,FALSE)) -> Men Senior | H96: =IF(D96="","",VLOOKUP(D96,Master,2,FALSE)) -> SA Pres Inland | L96: =IF(K96="","",IF(I96="",ROUND(HLOOKUP(J96,kgList,K96,FALSE),1),ROUND(HLOOKUP(I96,kgList,K96,FALSE),1))) | M96: =IF(L96="","",IF(COUNTA(I96:J96)>1,"Edible or Inedible",IF(COUNTA(I96)=1,L96*1,IF(COUNTA(J96)=1,L96*1,"ERROR"))))
A97: =IF(D97="","",A96) -> Competition | B97: =IF(D97="","",B96) -> Date | C97: =IF(D97="","",C96) -> Venue | D97: SA5924 | E97: =IF(D97="","",VLOOKUP(D97,Master,3,FALSE)) -> Steyn | F97: =IF(D97="","",VLOOKUP(D97,Master,4,FALSE)) -> Van Zyl | G97: =IF(D97="","",VLOOKUP(D97,Master,5,FALSE)) -> Men Senior | H97: =IF(D97="","",VLOOKUP(D97,Master,2,FALSE)) -> SA Pres Inland | L97: =IF(K97="","",IF(I97="",ROUND(HLOOKUP(J97,kgList,K97,FALSE),1),ROUND(HLOOKUP(I97,kgList,K97,FALSE),1))) | M97: =IF(L97="","",IF(COUNTA(I97:J97)>1,"Edible or Inedible",IF(COUNTA(I97)=1,L97*1,IF(COUNTA(J97)=1,L97*1,"ERROR"))))
A98: =IF(D98="","",A97) -> Competition | B98: =IF(D98="","",B97) -> Date | C98: =IF(D98="","",C97) -> Venue | D98: SA0728 | E98: =IF(D98="","",VLOOKUP(D98,Master,3,FALSE)) -> Wimpie | F98: =IF(D98="","",VLOOKUP(D98,Master,4,FALSE)) -> Barnard | G98: =IF(D98="","",VLOOKUP(D98,Master,5,FALSE)) -> Men Senior | H98: =IF(D98="","",VLOOKUP(D98,Master,2,FALSE)) -> SA Pres Inland | I98: Kob | K98: 65 | L98: =IF(K98="","",IF(I98="",ROUND(HLOOKUP(J98,kgList,K98,FALSE),1),ROUND(HLOOKUP(I98,kgList,K98,FALSE),1))) -> 2.8 | M98: =IF(L98="","",IF(COUNTA(I98:J98)>1,"Edible or Inedible",IF(COUNTA(I98)=1,L98*1,IF(COUNTA(J98)=1,L98*1,"ERROR")))) -> 2.8
A99: =IF(D99="","",A98) -> Competition | B99: =IF(D99="","",B98) -> Date | C99: =IF(D99="","",C98) -> Venue | D99: SA8804 | E99: =IF(D99="","",VLOOKUP(D99,Master,3,FALSE)) -> Jean | F99: =IF(D99="","",VLOOKUP(D99,Master,4,FALSE)) -> Coetzee | G99: =IF(D99="","",VLOOKUP(D99,Master,5,FALSE)) -> Men Senior | H99: =IF(D99="","",VLOOKUP(D99,Master,2,FALSE)) -> SA Pres Inland | I99: Kob | K99: 74 | L99: =IF(K99="","",IF(I99="",ROUND(HLOOKUP(J99,kgList,K99,FALSE),1),ROUND(HLOOKUP(I99,kgList,K99,FALSE),1))) -> 4.2 | M99: =IF(L99="","",IF(COUNTA(I99:J99)>1,"Edible or Inedible",IF(COUNTA(I99)=1,L99*1,IF(COUNTA(J99)=1,L99*1,"ERROR")))) -> 4.2
A100: =IF(D100="","",A99) -> Competition | B100: =IF(D100="","",B99) -> Date | C100: =IF(D100="","",C99) -> Venue | D100: SA5924 | E100: =IF(D100="","",VLOOKUP(D100,Master,3,FALSE)) -> Steyn | F100: =IF(D100="","",VLOOKUP(D100,Master,4,FALSE)) -> Van Zyl | G100: =IF(D100="","",VLOOKUP(D100,Master,5,FALSE)) -> Men Senior | H100: =IF(D100="","",VLOOKUP(D100,Master,2,FALSE)) -> SA Pres Inland | I100: Kob | K100: 92 | L100: =IF(K100="","",IF(I100="",ROUND(HLOOKUP(J100,kgList,K100,FALSE),1),ROUND(HLOOKUP(I100,kgList,K100,FALSE),1))) -> 8.2 | M100: =IF(L100="","",IF(COUNTA(I100:J100)>1,"Edible or Inedible",IF(COUNTA(I100)=1,L100*1,IF(COUNTA(J100)=1,L100*1,"ERROR")))) -> 8.2
A101: =IF(D101="","",A100) -> Competition | B101: =IF(D101="","",B100) -> Date | C101: =IF(D101="","",C100) -> Venue | D101: N0026 | E101: =IF(D101="","",VLOOKUP(D101,Master,3,FALSE)) -> Johan | F101: =IF(D101="","",VLOOKUP(D101,Master,4,FALSE)) -> Agenbag | G101: =IF(D101="","",VLOOKUP(D101,Master,5,FALSE)) -> Men Master | H101: =IF(D101="","",VLOOKUP(D101,Master,2,FALSE)) -> Nam Pres Masters | J101: Shark Spotted Gully | K101: 165 | L101: =IF(K101="","",IF(I101="",ROUND(HLOOKUP(J101,kgList,K101,FALSE),1),ROUND(HLOOKUP(I101,kgList,K101,FALSE),1))) -> 24.1 | M101: =IF(L101="","",IF(COUNTA(I101:J101)>1,"Edible or Inedible",IF(COUNTA(I101)=1,L101*1,IF(COUNTA(J101)=1,L101*1,"ERROR")))) -> 24.1
A102: =IF(D102="","",A101) -> Competition | B102: =IF(D102="","",B101) -> Date | C102: =IF(D102="","",C101) -> Venue | D102: SA0757 | E102: =IF(D102="","",VLOOKUP(D102,Master,3,FALSE)) -> John | F102: =IF(D102="","",VLOOKUP(D102,Master,4,FALSE)) -> Loomes | G102: =IF(D102="","",VLOOKUP(D102,Master,5,FALSE)) -> Men Masters | H102: =IF(D102="","",VLOOKUP(D102,Master,2,FALSE)) -> SA Pres Masters | J102: Shark Spotted Gully | K102: 163 | L102: =IF(K102="","",IF(I102="",ROUND(HLOOKUP(J102,kgList,K102,FALSE),1),ROUND(HLOOKUP(I102,kgList,K102,FALSE),1))) -> 23.1 | M102: =IF(L102="","",IF(COUNTA(I102:J102)>1,"Edible or Inedible",IF(COUNTA(I102)=1,L102*1,IF(COUNTA(J102)=1,L102*1,"ERROR")))) -> 23.1
A103: =IF(D103="","",A102) -> Competition | B103: =IF(D103="","",B102) -> Date | C103: =IF(D103="","",C102) -> Venue | D103: N0026 | E103: =IF(D103="","",VLOOKUP(D103,Master,3,FALSE)) -> Johan | F103: =IF(D103="","",VLOOKUP(D103,Master,4,FALSE)) -> Agenbag | G103: =IF(D103="","",VLOOKUP(D103,Master,5,FALSE)) -> Men Master | H103: =IF(D103="","",VLOOKUP(D103,Master,2,FALSE)) -> Nam Pres Masters | J103: Shark Spotted Gully | K103: 163 | L103: =IF(K103="","",IF(I103="",ROUND(HLOOKUP(J103,kgList,K103,FALSE),1),ROUND(HLOOKUP(I103,kgList,K103,FALSE),1))) -> 23.1 | M103: =IF(L103="","",IF(COUNTA(I103:J103)>1,"Edible or Inedible",IF(COUNTA(I103)=1,L103*1,IF(COUNTA(J103)=1,L103*1,"ERROR")))) -> 23.1
A104: =IF(D104="","",A103) -> Competition | B104: =IF(D104="","",B103) -> Date | C104: =IF(D104="","",C103) -> Venue | D104: SA0748 | E104: =IF(D104="","",VLOOKUP(D104,Master,3,FALSE)) -> Whitey | F104: =IF(D104="","",VLOOKUP(D104,Master,4,FALSE)) -> Van Zyl | G104: =IF(D104="","",VLOOKUP(D104,Master,5,FALSE)) -> Men Masters | H104: =IF(D104="","",VLOOKUP(D104,Master,2,FALSE)) -> SA Pres Masters | J104: Shark Spotted Gully | K104: 162 | L104: =IF(K104="","",IF(I104="",ROUND(HLOOKUP(J104,kgList,K104,FALSE),1),ROUND(HLOOKUP(I104,kgList,K104,FALSE),1))) -> 22.7 | M104: =IF(L104="","",IF(COUNTA(I104:J104)>1,"Edible or Inedible",IF(COUNTA(I104)=1,L104*1,IF(COUNTA(J104)=1,L104*1,"ERROR")))) -> 22.7
...

Sheet Individuals
D2: INDIVIDUALS | F2: Gus Day 3
A3: Competition | B3: (Multiple Items)
E5: Values
A6: ID | B6: Name | C6: Surname | D6: Team | E6: Count of Edibles | F6: Count of Inedibles | G6: Sum of kg | H6: Sum of Points
A7: N0867 | B7: Andre | C7: Bezuidehout | D7: Nam Pres Masters | F7: 11 | G7: 161.4 | H7: 161.4
A8: N0026 | B8: Johan | C8: Agenbag | D8: Nam Pres Masters | E8: 2 | F8: 10 | G8: 150 | H8: 150
A9: N0118 | B9: Olaf | C9: Coetzee | D9: Nam Pres Dev | F9: 5 | G9: 101.7 | H9: 101.7
A10: SA0863 | B10: JB | C10: Theron | D10: SA Pres Inland | F10: 6 | G10: 98.1 | H10: 98.1
A11: N0095 | B11: Simen | C11: Andersen | D11: Nam Pres Masters | F11: 8 | G11: 97.2 | H11: 97.2
A12: N0100 | B12: Werner | C12: Van Riet | D12: Nam Pres Veterans | E12: 1 | F12: 4 | G12: 92.3 | H12: 92.3
A13: SA0748 | B13: Whitey | C13: Van Zyl | D13: SA Pres Masters | F13: 9 | G13: 89.3 | H13: 89.3
A14: SA0035 | B14: Johan | C14: La Grange | D14: SA Pres Masters | F14: 6 | G14: 89.3 | H14: 89.3
A15: N0610 | B15: Martinus | C15: Venter | D15: Nam Pres A | F15: 7 | G15: 87.9 | H15: 87.9
A16: SA3368 | B16: Mike | C16: Karon | D16: SA Pres A | F16: 6 | G16: 84.6 | H16: 84.6
A17: N0234 | B17: Henning | C17: Du Plessis | D17: Nam Pres Masters | F17: 9 | G17: 75.96 | H17: 75.96
A18: N0101 | B18: Tertius | C18: Potgieter | D18: Nam Pres A | F18: 4 | G18: 75.8 | H18: 75.8
A19: SA9692 | B19: Josh | C19: Timm | D19: SA Pres A | F19: 6 | G19: 75.2 | H19: 75.2
A20: SA0757 | B20: John | C20: Loomes | D20: SA Pres Masters | F20: 6 | G20: 70.6 | H20: 70.6
A21: SA2568 | B21: Niel | C21: Van Der Linde | D21: SA Pres A | F21: 5 | G21: 69.3 | H21: 69.3
A22: SA2187 | B22: Dylan | C22: Peinke | D22: SA Pres A | E22: 1 | F22: 4 | G22: 68.2 | H22: 68.2
A23: SA0847 | B23: Adriaan | C23: Van Heerden | D23: SA Pres A | F23: 5 | G23: 64.7 | H23: 64.7
A24: N0020 | B24: Morne | C24: Horn | D24: Nam Pres Veterans | F24: 3 | G24: 64.2 | H24: 64.2
A25: N0119 | B25: Joe | C25: Herman | D25: Nam Pres A | E25: 2 | F25: 3 | G25: 58.4 | H25: 58.4
A26: N0656 | B26: Hannes | C26: De Haast | D26: Nam Pres Veterans | F26: 6 | G26: 56.6 | H26: 56.6
A27: N0399 | B27: Org | C27: Van Rensburg | D27: Nam Pres B | F27: 4 | G27: 56.3 | H27: 56.3
A28: SA9639 | B28: Wimpie | C28: Kirsten | D28: SA Pres A | E28: 1 | F28: 2 | G28: 55.4 | H28: 55.4
A29: SA9445 | B29: Wesley | C29: Peens | D29: SA Pres B | E29: 2 | F29: 4 | G29: 53.9 | H29: 53.9
A30: SA7239 | B30: Wesley | C30: Renken | D30: SA Pres A | F30: 4 | G30: 52.5 | H30: 52.5
A31: N0396 | B31: Raymond | C31: Duvenhage | D31: Nam Pres B | E31: 1 | F31: 2 | G31: 51.6 | H31: 51.6
A32: N0219 | B32: Nadia | C32: Steenkamp | D32: Nam Pres Ladies | F32: 3 | G32: 47.9 | H32: 47.9
A33: N0730 | B33: Wikus | C33: Viljoen | D33: Nam Pres A | F33: 3 | G33: 46 | H33: 46
A34: N0814 | B34: Clinton | C34: Barnhard | D34: Nam Pres Dev | F34: 3 | G34: 45.8 | H34: 45.8
A35: N0014 | B35: Willem | C35: Steyn | D35: Nam Pres Veterans | F35: 4 | G35: 45.7 | H35: 45.7
A36: N0200 | B36: Abriana | C36: Koberzig | D36: Nam Pres Ladies | E36: 1 | F36: 3 | G36: 45.2 | H36: 45.2
A37: SA5924 | B37: Steyn | C37: Van Zyl | D37: SA Pres Inland | E37: 1 | F37: 3 | G37: 45.1 | H37: 45.1
A38: SA9991 | B38: Pietie | C38: May | D38: SA Pres Dev | E38: 1 | F38: 2 | G38: 44.9 | H38: 44.9
A39: SA9637 | B39: Deon | C39: Verster | D39: SA Pres B | E39: 1 | F39: 3 | G39: 44.5 | H39: 44.5
A40: SA9923 | B40: Chris | C40: Barnard | D40: SA Pres Dev | E40: 1 | F40: 3 | G40: 43.9 | H40: 43.9
A41: SA0294 | B41: Maarten | C41: Molenaar | D41: SA Pres Masters | E41: 4 | F41: 3 | G41: 43.8 | H41: 43.8
A42: N0622 | B42: Flippie | C42: Scheepers | D42: Nam Pres B | F42: 2 | G42: 43.5 | H42: 43.5
A43: N0783 | B43: Johan | C43: Van Niekerk | D43: Nam Pres B | E43: 1 | F43: 4 | G43: 43.3 | H43: 43.3
A44: N0790 | B44: Iwan | C44: Kotze | D44: Nam Pres Dev | F44: 2 | G44: 40.3 | H44: 40.3
A45: N0002 | B45: Marco | C45: Klein | D45: Nam Pres Dev | F45: 3 | G45: 38.7 | H45: 38.7
A46: N0300 | B46: Danie | C46: Smith | D46: Nam Pres Dev | E46: 1 | F46: 3 | G46: 36.6 | H46: 36.6
A47: SA0125 | B47: Steve | C47: Denny | D47: SA Pres Masters | F47: 2 | G47: 36.4 | H47: 36.4
A48: SA5649 | B48: Elmaine | C48: Terblanche | D48: SA Pres B | F48: 3 | G48: 35.42 | H48: 35.42
A49: N0129 | B49: Pieter | C49: van Aarde | D49: Nam Pres B | F49: 3 | G49: 35.2 | H49: 35.2
A50: SA1417 | B50: Barry | C50: Tedder | D50: SA Pres Masters | E50: 1 | F50: 2 | G50: 32.1 | H50: 32.1
A51: N0663 | B51: Allen | C51: Langenstrassen | D51: Nam Pres A | F51: 2 | G51: 31.5 | H51: 31.5
A52: N0195 | B52: Louis | C52: Fenaux | D52: Nam Pres A | F52: 5 | G52: 29.25 | H52: 29.25
A53: N0460 | B53: Jaco | C53: Venter | D53: Nam Pres Masters | E53: 1 | F53: 4 | G53: 29.1 | H53: 29.1
A54: SA8609 | B54: Nathan | C54: Chetty | D54: SA Pres Dev | E54: 1 | F54: 3 | G54: 27.4 | H54: 27.4
A55: N0145 | B55: Hennie | C55: Roets | D55: Nam Pres A | F55: 3 | G55: 27.3 | H55: 27.3
A56: SA7476 | B56: Kabous | C56: Louw | D56: SA Pres Ladies | F56: 4 | G56: 26.7 | H56: 26.7
A57: SA8208 | B57: Deon | C57: Van Emmenes | D57: SA Pres B | F57: 2 | G57: 24.2 | H57: 24.2
A58: N0404 | B58: Renate | C58: Gruttemeyer | D58: Nam Pres Ladies | F58: 1 | G58: 24.1 | H58: 24.1
A59: N0069 | B59: Maritz | C59: Jansen van Vuuren | D59: Nam Pres Veterans | F59: 1 | G59: 23 | H59: 23
A60: N0025 | B60: Heini | C60: Zahrt | D60: Nam Pres Dev | E60: 1 | F60: 2 | G60: 19.6 | H60: 19.6
A61: sa8169 | B61: Hardus | C61: Jacobs | D61: SA Pres Inland | F61: 2 | G61: 19.4 | H61: 19.4
A62: S11103 | B62: Martin | C62: Truter | D62: SA Pres Dev | F62: 2 | G62: 19.1 | H62: 19.1
A63: N0194 | B63: Cecilia | C63: Brandt | D63: Nam Pres Ladies | F63: 1 | G63: 19.1 | H63: 19.1
A64: N0761 | B64: Stefano | C64: Strappazzon | D64: Nam Pres B | E64: 1 | F64: 2 | G64: 17.3 | H64: 17.3
A65: N0792 | B65: William | C65: Schickerling | D65: Nam Pres B | F65: 1 | G65: 16.9 | H65: 16.9
A66: SA0728 | B66: Wimpie | C66: Barnard | D66: SA Pres Inland | E66: 1 | F66: 2 | G66: 16.4 | H66: 16.4
A67: N0643 | B67: Frikkie | C67: Ferreira | D67: Nam Pres Masters | F67: 1 | G67: 15.9 | H67: 15.9
A68: S11102 | B68: Grant | C68: Thyssen | D68: SA Pres Dev | F68: 1 | G68: 15.1 | H68: 15.1
A69: N0229 | B69: Spyker | C69: Kruger | D69: Nam Pres Masters | F69: 2 | G69: 12.1 | H69: 12.1
A70: SA1009 | B70: Deon | C70: Eksteen | D70: SA Pres Inland | F70: 1 | G70: 9.8 | H70: 9.8
A71: SA5282 | B71: Kunesh | C71: Naidoo | D71: SA Pres Inland | F71: 1 | G71: 9.5 | H71: 9.5
A72: SA0740 | B72: Boyce | C72: Lloyd | D72: SA Pres Masters | F72: 3 | G72: 9.46 | H72: 9.46
A73: N0180 | B73: Elaine | C73: Vorster | D73: Nam Pres Ladies | E73: 1 | F73: 1 | G73: 7.4 | H73: 7.4
A74: SA8804 | B74: Jean | C74: Coetzee | D74: SA Pres Inland | E74: 3 | G74: 6.1 | H74: 6.1
A75: N0255 | B75: Heiko | C75: Doll | D75: Nam Pres Veterans | F75: 1 | G75: 6 | H75: 6
A76: SA8576 | B76: Susan | C76: Breet | D76: SA Pres Ladies | E76: 2 | G76: 4.7 | H76: 4.7
A77: SA2140 | B77: Anet | C77: Rheeder | D77: SA Pres Ladies | E77: 2 | G77: 4.2 | H77: 4.2
A78: N0850 | B78: Wanda | C78: Enslin | D78: Nam Pres Ladies | F78: 1 | G78: 3.9 | H78: 3.9
A79: S10718 | B79: Altun | C79: Roelofse | D79: SA Pres Dev | F79: 2 | G79: 3.42 | H79: 3.42
A80: SA8243 | B80: Wilna | C80: Venter | D80: SA Pres Ladies | E80: 1 | G80: 3.3 | H80: 3.3
A81: SA6820 | B81: Helen | C81: Potgieter | D81: SA Pres Ladies | E81: 1 | F81: 1 | G81: 3.2 | H81: 3.2
A82: N0190 | B82: Chris Junior | C82: Orffer | D82: Nam Pres Dev | G82: 0 | H82: 0
A83: SA9300 | B83: Ilana | C83: Bennett | D83: SA Pres Ladies | G83: 0 | H83: 0
A84: N0067 | B84: Louis | C84: Potgieter | D84: Nam Pres Veterans | G84: 0 | H84: 0
A85: SA8712 | B85: Sue Anne | C85: Botha | D85: SA Pres Ladies | G85: 0 | H85: 0
A86: SA9488 | B86: Guy | C86: Nicholson | D86: SA Pres B | G86: 0 | H86: 0
A87: SA8734 | B87: Deon | C87: St Clair-Whicker | D87: SA Pres B | G87: 0 | H87: 0
A88: SA2157 | B88: Neil | C88: Reynolds | D88: SA Pres B | G88: 0 | H88: 0
A89: N0773 | B89: Breggie | C89: Ferreira | D89: Nam Pres Ladies | G89: 0 | H89: 0
A90: S11108 | B90: Byron | C90: Adams | D90: SA Pres Dev | G90: 0 | H90: 0
A91: Grand Total | E91: 37 | F91: 245 | G91: 3279.21 | H91: 3279.21

Sheet Individuals Season
G1: Total 2015 | L1: Firts Leg | Q1: Second Leg | V1: Third Leg | AA1: Fourth Leg | AF1: Fith Leg
A3: Rankling | B3: ID | C3: Name | D3: Surname | E3: Status | F3: Team | G3: Count of Edibles | H3: Count of Inedibles | I3: Sum of kg | J3: Sum of Points | K3: League Points | L3: Count of Edibles | M3: Count of Inedibles | N3: Sum of kg | O3: Sum of Points | P3: League Points | Q3: Count of Edibles | R3: Count of Inedibles | S3: Sum of kg | T3: Sum of Points | U3: League Points | V3: Count of Edibles | W3: Count of Inedibles | X3: Sum of kg | Y3: Sum of Points | Z3: League Points | AA3: Count of Edibles | AB3: Count of Inedibles | AC3: Sum of kg | AD3: Sum of Points | AE3: League Points | AF3: Count of Edibles | AG3: Count of Inedibles | AH3: Sum of kg | AI3: Sum of Points | AJ3: League Points
A4: 1 | B4: N0022 | C4: Warren | D4: Deysel | E4: Senior Men | F4: Mako | G4: =SUM(V4,Q4,L4,AA4,AF4) -> 10 | H4: =SUM(W4,R4,M4,AB4,AG4) -> 13 | I4: =SUM(X4,S4,N4,AC4,AH4) -> 220.27832 | J4: =SUM(Y4,T4,O4,AD4,AI4) -> 220.27832 | K4: =SUM(Z4,,P4,AE4,AJ4) -> 1195 | L4: 0 | M4: 4 | N4: 57.194964 | O4: 57.194964 | P4: 300 | Q4: 0 | R4: 0 | S4: 0 | T4: 0 | U4: 59 | W4: 2 | X4: 23.600799 | Y4: 23.600799 | Z4: 296 | AB4: 6 | AC4: 121.39874 | AD4: 121.39874 | AE4: 300 | AF4: 10 | AG4: 1 | AH4: 18.083818 | AI4: 18.083818 | AJ4: 299
A5: 2 | B5: N0081 | C5: John-John | D5: Warrington | E5: Senior Men | F5: Mako | G5: =SUM(V5,Q5,L5,AA5,AF5) -> 5 | H5: =SUM(W5,R5,M5,AB5,AG5) -> 4 | I5: =SUM(X5,S5,N5,AC5,AH5) -> 78.188938 | J5: =SUM(Y5,T5,O5,AD5,AI5) -> 78.188938 | K5: =SUM(Z5,U5,AE5,AJ5) -> 1150 | L5: 0 | M5: 0 | N5: 0 | O5: 0 | P5: 57 | Q5: 0 | R5: 1 | S5: 22.70997 | T5: 22.70997 | U5: 288 | W5: 2 | X5: 30.384109 | Y5: 30.384109 | Z5: 297 | AB5: 1 | AC5: 19.477886 | AD5: 19.477886 | AE5: 280 | AF5: 5 | AH5: 5.6169728 | AI5: 5.6169728 | AJ5: 285
A6: 3 | B6: N0496 | C6: Rudi | D6: Swartz | E6: Senior Men | F6: Mako | G6: =SUM(V6,Q6,L6,AA6,AF6) -> 10 | H6: =SUM(W6,R6,M6,AB6,AG6) -> 4 | I6: =SUM(X6,S6,N6,AC6,AH6) -> 50.988985 | J6: =SUM(Y6,T6,O6,AD6,AI6) -> 50.988985 | K6: =SUM(,U6,P6,AE6,AJ6) -> 1143 | L6: 0 | M6: 1 | N6: 8.328804 | O6: 8.328804 | P6: 284 | Q6: 0 | R6: 1 | S6: 4.6867215 | T6: 4.6867215 | U6: 277 | V6: 2 | X6: 1.453791 | Y6: 1.453791 | Z6: 243 | AB6: 2 | AC6: 26.073112 | AD6: 26.073112 | AE6: 287 | AF6: 8 | AH6: 10.446556 | AI6: 10.446556 | AJ6: 295
A7: 4 | B7: N0007 | C7: Brian | D7: Curtis | E7: Senior Men | F7: Orca Angling Club | G7: =SUM(V7,Q7,L7,AA7,AF7) -> 3 | H7: =SUM(W7,R7,M7,AB7,AG7) -> 5 | I7: =SUM(X7,S7,N7,AC7,AH7) -> 110.23739 | J7: =SUM(Y7,T7,O7,AD7,AI7) -> 110.23739 | K7: =SUM(,U7,P7,AE7,AJ7) -> 1131 | L7: 0 | M7: 1 | N7: 2.3811997 | O7: 2.3811997 | P7: 271 | Q7: 0 | R7: 1 | S7: 68.917626 | T7: 68.917626 | U7: 292 | V7: 1 | X7: 0.6 | Y7: 0.6 | Z7: 208 | AB7: 2 | AC7: 33.238568 | AD7: 33.238568 | AE7: 289 | AF7: 2 | AG7: 1 | AH7: 5.1 | AI7: 5.1 | AJ7: 279
A8: 5 | B8: N0019 | C8: Johan | D8: Visser | E8: Senior Men | F8: Mako | G8: =SUM(V8,Q8,L8,AA8,AF8) -> 9 | H8: =SUM(W8,R8,M8,AB8,AG8) -> 4 | I8: =SUM(X8,S8,N8,AC8,AH8) -> 48.686968 | J8: =SUM(Y8,T8,O8,AD8,AI8) -> 48.686968 | K8: =SUM(Z8,U8,P8,AE8,) -> 1121 | L8: 0 | M8: 2 | N8: 14.784014 | O8: 14.784014 | P8: 292 | Q8: 0 | R8: 1 | S8: 3.0171066 | T8: 3.0171066 | U8: 269 | V8: 5 | X8: 3.3837785 | Y8: 3.3837785 | Z8: 274 | AB8: 1 | AC8: 24.137542 | AD8: 24.137542 | AE8: 286 | AF8: 4 | AH8: 3.3645271 | AI8: 3.3645271 | AJ8: 264
A9: 6 | B9: N0263 | C9: Morne | D9: Human | E9: Senior Men | F9: Orca Angling Club | G9: =SUM(V9,Q9,L9,AA9,AF9) -> 4 | H9: =SUM(W9,R9,M9,AB9,AG9) -> 9 | I9: =SUM(X9,S9,N9,AC9,AH9) -> 128.70819 | J9: =SUM(Y9,T9,O9,AD9,AI9) -> 128.70819 | K9: =SUM(Z9,P9,AE9,AJ9) -> 1116 | L9: 0 | M9: 2 | N9: 6.2705089 | O9: 6.2705089 | P9: 280 | Q9: 0 | R9: 0 | S9: 0 | T9: 0 | U9: 59 | W9: 4 | X9: 96.708544 | Y9: 96.708544 | Z9: 299 | AB9: 3 | AC9: 23.429135 | AD9: 23.429135 | AE9: 284 | AF9: 4 | AH9: 2.3 | AI9: 2.3 | AJ9: 253
A10: 7 | B10: N0017 | C10: Riaan | D10: Tap | E10: Senior Men | F10: Mako | G10: =SUM(V10,Q10,L10,AA10,AF10) -> 1 | H10: =SUM(W10,R10,M10,AB10,AG10) -> 5 | I10: =SUM(X10,S10,N10,AC10,AH10) -> 191.91158 | J10: =SUM(Y10,T10,O10,AD10,AI10) -> 191.91158 | K10: =SUM(U10,P10,AE10,AJ10) -> 1090 | L10: 0 | M10: 1 | N10: 7.4215755 | O10: 7.4215755 | P10: 282 | Q10: 0 | R10: 1 | S10: 92.806451 | T10: 92.806451 | U10: 297 | V10: 0 | W10: 0 | X10: 0 | Y10: 0 | Z10: 0 | AB10: 3 | AC10: 90.752753 | AD10: 90.752753 | AE10: 297 | AF10: 1 | AH10: 0.93079926 | AI10: 0.93079926 | AJ10: 214
A11: 8 | B11: N0006 | C11: Nico | D11: Kotze | E11: Senior Men | F11: Namib Park | G11: =SUM(V11,Q11,L11,AA11,AF11) -> 4 | H11: =SUM(W11,R11,M11,AB11,AG11) -> 6 | I11: =SUM(X11,S11,N11,AC11,AH11) -> 183.60323 | J11: =SUM(Y11,T11,O11,AD11,AI11) -> 183.60323 | K11: =SUM(Z11,U11,AE11,AJ11) -> 1082 | L11: 0 | M11: 0 | N11: 0 | O11: 0 | P11: 57 | Q11: 0 | R11: 2 | S11: 134.77864 | T11: 134.77864 | U11: 300 | V11: 2 | X11: 2.1863098 | Y11: 2.1863098 | Z11: 254 | AB11: 4 | AC11: 45.006095 | AD11: 45.006095 | AE11: 292 | AF11: 2 | AH11: 1.6321785 | AI11: 1.6321785 | AJ11: 236
A12: 9 | B12: N0035 | C12: Johan | D12: van Wyk | E12: Senior Men | F12: Mako | G12: =SUM(V12,Q12,L12,AA12,AF12) -> 2 | H12: =SUM(W12,R12,M12,AB12,AG12) -> 7 | I12: =SUM(X12,S12,N12,AC12,AH12) -> 87.911092 | J12: =SUM(Y12,T12,O12,AD12,AI12) -> 87.911092 | K12: =SUM(Z12,P12,AE12,AJ12) -> 1075 | L12: 0 | M12: 2 | N12: 17.058806 | O12: 17.058806 | P12: 295 | Q12: 0 | R12: 0 | S12: 0 | T12: 0 | U12: 59 | V12: 1 | X12: 0.92998754 | Y12: 0.92998754 | Z12: 217 | AB12: 4 | AC12: 66.001796 | AD12: 66.001796 | AE12: 296 | AF12: 1 | AG12: 1 | AH12: 3.9205017 | AI12: 3.9205017 | AJ12: 267
A13: 10 | B13: N0068 | C13: Chris | D13: Feyerabend | E13: Senior Men | F13: Otjiwarongo | G13: =SUM(V13,Q13,L13,AA13,AF13) -> 8 | H13: =SUM(W13,R13,M13,AB13,AG13) -> 4 | I13: =SUM(X13,S13,N13,AC13,AH13) -> 17.602535 | J13: =SUM(Y13,T13,O13,AD13,AI13) -> 17.602535 | K13: =SUM(Z13,P13,AE13,AJ13) -> 1066 | L13: 1 | M13: 0 | N13: 0.7 | O13: 0.7 | P13: 247 | Q13: 0 | R13: 0 | S13: 0 | T13: 0 | U13: 59 | W13: 2 | X13: 9.3 | Y13: 9.3 | Z13: 282 | AA13: 1 | AB13: 2 | AC13: 2.013312 | AD13: 2.013312 | AE13: 252 | AF13: 6 | AH13: 5.5892234 | AI13: 5.5892234 | AJ13: 285
A14: 11 | B14: N0018 | C14: Garreth | D14: Wolfaardt | E14: Senior Men | F14: Orca Angling Club | G14: =SUM(V14,Q14,L14,AA14,AF14) -> 1 | H14: =SUM(W14,R14,M14,AB14,AG14) -> 3 | I14: =SUM(X14,S14,N14,AC14,AH14) -> 26.568949 | J14: =SUM(Y14,T14,O14,AD14,AI14) -> 26.568949 | K14: =SUM(Z14,U14,P14,AJ14) -> 1063 | L14: 0 | M14: 1 | N14: 5.639463 | O14: 5.639463 | P14: 278 | Q14: 0 | R14: 1 | S14: 10.101273 | T14: 10.101273 | U14: 283 | W14: 1 | X14: 9.8330964 | Y14: 9.8330964 | Z14: 284 | AC14: 0 | AD14: 0 | AE14: 59 | AF14: 1 | AH14: 0.9951162 | AI14: 0.9951162 | AJ14: 218
A15: 12 | B15: N0119 | C15: Joe | D15: Herrmann | E15: Senior Men | F15: Orca Angling Club | G15: =SUM(V15,Q15,L15,AA15,AF15) -> 3 | H15: =SUM(W15,R15,M15,AB15,AG15) -> 5 | I15: =SUM(X15,S15,N15,AC15,AH15) -> 58.840545 | J15: =SUM(Y15,T15,O15,AD15,AI15) -> 61.63378 | K15: =SUM(Z15,U15,AE15,AJ15) -> 1060 | L15: 0 | M15: 0 | N15: 0 | O15: 0 | P15: 57 | Q15: 0 | R15: 1 | S15: 0 | T15: 2.7932356 | U15: 267 | V15: 1 | X15: 0.5 | Y15: 0.5 | Z15: 204 | AB15: 2 | AC15: 45.900218 | AD15: 45.900218 | AE15: 293 | AF15: 2 | AG15: 2 | AH15: 12.440326 | AI15: 12.440326 | AJ15: 296
A16: 13 | B16: N0004 | C16: Charles | D16: Bothma | E16: Masters Men | F16: Namib Park | G16: =SUM(V16,Q16,L16,AA16,AF16) -> 5 | H16: =SUM(W16,R16,M16,AB16,AG16) -> 4 | I16: =SUM(X16,S16,N16,AC16,AH16) -> 76.957164 | J16: =SUM(Y16,T16,O16,AD16,AI16) -> 76.957164 | K16: =SUM(Z16,U16,P16,AE16,) -> 1056 | L16: 2 | M16: 0 | N16: 1.6951162 | O16: 1.6951162 | P16: 262 | Q16: 0 | R16: 1 | S16: 8.5673309 | T16: 8.5673309 | U16: 282 | V16: 1 | X16: 0.93079926 | Y16: 0.93079926 | Z16: 217 | AA16: 2 | AB16: 3 | AC16: 65.763918 | AD16: 65.763918 | AE16: 295 | AH16: 0 | AI16: 0 | AJ16: 49
A17: 14 | B17: N0023 | C17: Jörg | D17: Walter | E17: Masters Men | F17: Atlantic Angling Club | G17: =SUM(V17,Q17,L17,AA17,AF17) -> 11 | H17: =SUM(W17,R17,M17,AB17,AG17) -> 1 | I17: =SUM(X17,S17,N17,AC17,AH17) -> 15.288376 | J17: =SUM(Y17,T17,O17,AD17,AI17) -> 15.288376 | K17: =SUM(Z17,U17,P17,AE17,) -> 1053 | L17: 1 | M17: 0 | N17: 0.6 | O17: 0.6 | P17: 239 | Q17: 4 | R17: 0 | S17: 5.5513738 | T17: 5.5513738 | U17: 279 | V17: 5 | X17: 3.3644684 | Y17: 3.3644684 | Z17: 274 | AA17: 1 | AB17: 1 | AC17: 5.7725339 | AD17: 5.7725339 | AE17: 261 | AH17: 0 | AI17: 0 | AJ17: 49
A18: 15 | B18: N0024 | C18: Andrew | D18: v/d Westhuizen | E18: Senior Men | F18: Mako | G18: =SUM(V18,Q18,L18,AA18,AF18) -> 6 | H18: =SUM(W18,R18,M18,AB18,AG18) -> 1 | I18: =SUM(X18,S18,N18,AC18,AH18) -> 13.718626 | J18: =SUM(Y18,T18,O18,AD18,AI18) -> 13.718626 | K18: =SUM(Z18,P18,AE18,AJ18) -> 1037 | L18: 1 | M18: 0 | N18: 3.5660549 | O18: 3.5660549 | P18: 276 | Q18: 0 | R18: 0 | S18: 0 | T18: 0 | U18: 59 | V18: 2 | X18: 1.6860826 | Y18: 1.6860826 | Z18: 246 | AB18: 1 | AC18: 6.2166832 | AD18: 6.2166832 | AE18: 263 | AF18: 3 | AH18: 2.2498049 | AI18: 2.2498049 | AJ18: 252
A19: 16 | B19: N0208 | C19: Adri | D19: Roets | E19: Veterans Men | F19: Atlantic Angling Club | G19: =SUM(V19,Q19,L19,AA19,AF19) -> 10 | H19: =SUM(W19,R19,M19,AB19,AG19) -> 0 | I19: =SUM(X19,S19,N19,AC19,AH19) -> 7.2247986 | J19: =SUM(Y19,T19,O19,AD19,AI19) -> 7.2247986 | K19: =SUM(Z19,U19,P19,AE19,) -> 1025 | L19: 3 | M19: 0 | N19: 3.0441537 | O19: 3.0441537 | P19: 275 | Q19: 2 | R19: 0 | S19: 1 | T19: 1 | U19: 251 | V19: 4 | X19: 2.5299875 | Y19: 2.5299875 | Z19: 259 | AA19: 1 | AC19: 0.65065738 | AD19: 0.65065738 | AE19: 240 | AH19: 0 | AI19: 0 | AJ19: 49
A20: 17 | B20: N0010 | C20: Desiree | D20: Klemp | E20: Ladies | F20: Orca Angling Club | G20: =SUM(V20,Q20,L20,AA20,AF20) -> 6 | H20: =SUM(W20,R20,M20,AB20,AG20) -> 1 | I20: =SUM(X20,S20,N20,AC20,AH20) -> 14.631998 | J20: =SUM(Y20,T20,O20,AD20,AI20) -> 14.631998 | K20: =SUM(Z20,U20,P20,AJ20) -> 1012 | L20: 0 | M20: 1 | N20: 10.936881 | O20: 10.936881 | P20: 288 | Q20: 1 | R20: 0 | S20: 0.6 | T20: 0.6 | U20: 245 | V20: 3 | X20: 1.5 | Y20: 1.5 | Z20: 243 | AC20: 0 | AD20: 0 | AE20: 59 | AF20: 2 | AH20: 1.5951162 | AI20: 1.5951162 | AJ20: 236
A21: 18 | B21: N0044 | C21: Leon | D21: Krauze | E21: Senior Men | F21: Henties Bay | G21: =SUM(V21,Q21,L21,AA21,AF21) -> 5 | H21: =SUM(W21,R21,M21,AB21,AG21) -> 2 | I21: =SUM(X21,S21,N21,AC21,AH21) -> 44.842316 | J21: =SUM(Y21,T21,O21,AD21,AI21) -> 44.842316 | K21: =SUM(Z21,U21,AE21,AJ21) -> 1012 | L21: 0 | M21: 0 | N21: 0 | O21: 0 | P21: 57 | Q21: 1 | R21: 1 | S21: 0.6 | T21: 0.6 | U21: 245 | V21: 1 | X21: 0.5 | Y21: 0.5 | Z21: 204 | AB21: 1 | AC21: 39.307704 | AD21: 39.307704 | AE21: 290 | AF21: 3 | AH21: 4.4346123 | AI21: 4.4346123 | AJ21: 273
A22: 19 | B22: N0031 | C22: Emil | D22: Prinsloo | E22: Senior Men | F22: Penguin | G22: =SUM(V22,Q22,L22,AA22,AF22) -> 2 | H22: =SUM(W22,R22,M22,AB22,AG22) -> 2 | I22: =SUM(X22,S22,N22,AC22,AH22) -> 162.27862 | J22: =SUM(Y22,T22,O22,AD22,AI22) -> 162.27862 | K22: =SUM(Z22,U22,AE22,AJ22) -> 1011 | L22: 0 | M22: 0 | N22: 0 | O22: 0 | P22: 57 | Q22: 0 | R22: 1 | S22: 66.41815 | T22: 66.41815 | U22: 291 | V22: 1 | X22: 0.5 | Y22: 0.5 | Z22: 204 | AB22: 1 | AC22: 94.365357 | AD22: 94.365357 | AE22: 298 | AF22: 1 | AH22: 0.9951162 | AI22: 0.9951162 | AJ22: 218
A23: 20 | B23: N0460 | C23: Jaco | D23: Venter | E23: Veterans Men | F23: Atlantic Angling Club | G23: =SUM(V23,Q23,L23,AA23,AF23) -> 7 | H23: =SUM(W23,R23,M23,AB23,AG23) -> 1 | I23: =SUM(X23,S23,N23,AC23,AH23) -> 6.939378 | J23: =SUM(Y23,T23,O23,AD23,AI23) -> 6.939378 | K23: =SUM(Z23,U23,AE23,AJ23) -> 1004 | L23: 1 | M23: 0 | N23: 0.5 | O23: 0.5 | P23: 235 | Q23: 1 | R23: 0 | S23: 0.92998754 | T23: 0.92998754 | U23: 250 | V23: 4 | X23: 2.3 | Y23: 2.3 | Z23: 257 | AA23: 1 | AC23: 0.65065738 | AD23: 0.65065738 | AE23: 240 | AG23: 1 | AH23: 2.5587331 | AI23: 2.5587331 | AJ23: 257
A24: 21 | B24: N0064 | C24: Gerrie | D24: Hough | E24: Veterans Men | F24: Skeleton Coast | G24: =SUM(V24,Q24,L24,AA24,AF24) -> 4 | H24: =SUM(W24,R24,M24,AB24,AG24) -> 1 | I24: =SUM(X24,S24,N24,AC24,AH24) -> 9.6956871 | J24: =SUM(Y24,T24,O24,AD24,AI24) -> 9.6956871 | K24: =SUM(Z24,P24,AE24,AJ24) -> 977 | L24: 1 | M24: 0 | N24: 0.75468867 | O24: 0.75468867 | P24: 251 | Q24: 0 | R24: 0 | S24: 0 | T24: 0 | U24: 59 | V24: 2 | X24: 1.9863098 | Y24: 1.9863098 | Z24: 252 | AB24: 1 | AC24: 6.2 | AD24: 6.2 | AE24: 263 | AF24: 1 | AH24: 0.75468867 | AI24: 0.75468867 | AJ24: 211
A25: 22 | B25: N0134 | C25: Hennie | D25: Cloete | E25: Masters Men | F25: Benguella | G25: =SUM(V25,Q25,L25,AA25,AF25) -> 4 | H25: =SUM(W25,R25,M25,AB25,AG25) -> 0 | I25: =SUM(X25,S25,N25,AC25,AH25) -> 3.6168726 | J25: =SUM(Y25,T25,O25,AD25,AI25) -> 3.6168726 | K25: =SUM(Z25,U25,P25,AE25,AJ25) -> 930 | L25: 1 | M25: 0 | N25: 0.70137925 | O25: 0.70137925 | P25: 247 | Q25: 1 | R25: 0 | S25: 1.2096634 | T25: 1.2096634 | U25: 253 | V25: 1 | X25: 0.5 | Y25: 0.5 | Z25: 204 | AE25: 0 | AF25: 1 | AH25: 1.20583 | AI25: 1.20583 | AJ25: 226
A26: 23 | B26: N0009 | C26: Henry | D26: Loubser | E26: Masters Men | F26: Penguin | G26: =SUM(V26,Q26,L26,AA26,AF26) -> 9 | H26: =SUM(W26,R26,M26,AB26,AG26) -> 3 | I26: =SUM(X26,S26,N26,AC26,AH26) -> 51.415113 | J26: =SUM(Y26,T26,O26,AD26,AI26) -> 51.415113 | K26: =SUM(Z26,U26,P26,AE26,AJ26) -> 923 | L26: 0 | M26: 0 | N26: 0 | O26: 0 | P26: 57 | Q26: 0 | R26: 0 | S26: 0 | T26: 0 | U26: 0 | V26: 2 | W26: 1 | X26: 10.921981 | Y26: 10.921981 | Z26: 286 | AB26: 2 | AC26: 32.787155 | AD26: 32.787155 | AE26: 288 | AF26: 7 | AH26: 7.705977 | AI26: 7.705977 | AJ26: 292
A27: 24 | B27: N0095 | C27: Simen | D27: Andersen | E27: Masters Men | F27: Henties Bay | G27: =SUM(V27,Q27,L27,AA27,AF27) -> 4 | H27: =SUM(W27,R27,M27,AB27,AG27) -> 2 | I27: =SUM(X27,S27,N27,AC27,AH27) -> 40.255974 | J27: =SUM(Y27,T27,O27,AD27,AI27) -> 40.255974 | K27: =SUM(Z27,U27,AE27,AJ27) -> 901 | L27: 0 | M27: 0 | N27: 0 | O27: 0 | P27: 57 | Q27: 0 | R27: 0 | S27: 0 | T27: 0 | U27: 59 | V27: 1 | W27: 1 | X27: 18.105526 | Y27: 18.105526 | Z27: 293 | AB27: 1 | AC27: 17.806849 | AD27: 17.806849 | AE27: 277 | AF27: 3 | AH27: 4.3435987 | AI27: 4.3435987 | AJ27: 272
A28: 25 | B28: N0020 | C28: Morne | D28: Horn | E28: Senior Men | F28: Penguin | G28: =SUM(V28,Q28,L28,AA28,AF28) -> 12 | H28: =SUM(W28,R28,M28,AB28,AG28) -> 2 | I28: =SUM(X28,S28,N28,AC28,AH28) -> 32.961663 | J28: =SUM(Y28,T28,O28,AD28,AI28) -> 32.961663 | K28: =SUM(Z28,U28,P28,AE28,AJ28) -> 896 | L28: 0 | M28: 0 | N28: 0 | O28: 0 | P28: 57 | Q28: 0 | R28: 0 | S28: 0 | T28: 0 | U28: 0 | V28: 3 | W28: 1 | X28: 17.989533 | Y28: 17.989533 | Z28: 292 | AA28: 1 | AC28: 1.620194 | AD28: 1.620194 | AE28: 250 | AF28: 8 | AG28: 1 | AH28: 13.351937 | AI28: 13.351937 | AJ28: 297
A29: 26 | B29: N0139 | C29: Johan | D29: Vermaak | E29: Veterans Men | F29: Welwitschia | G29: =SUM(V29,Q29,L29,AA29,AF29) -> 3 | H29: =SUM(W29,R29,M29,AB29,AG29) -> 3 | I29: =SUM(X29,S29,N29,AC29,AH29) -> 94.572371 | J29: =SUM(Y29,T29,O29,AD29,AI29) -> 94.572371 | K29: =SUM(Z29,U29,AE29,AJ29) -> 886 | L29: 0 | M29: 0 | N29: 0 | O29: 0 | P29: 57 | Q29: 0 | R29: 1 | S29: 82.382173 | T29: 82.382173 | U29: 295 | V29: 1 | W29: 1 | X29: 10.070004 | Y29: 10.070004 | Z29: 285 | AB29: 1 | AC29: 0 | AD29: 0 | AE29: 59 | AF29: 2 | AH29: 2.120194 | AI29: 2.120194 | AJ29: 247
A30: 27 | B30: N0045 | C30: Chrisjan | D30: Potgieter | E30: Senior Men | F30: Seagulls WHK | G30: =SUM(V30,Q30,L30,AA30,AF30) -> 1 | H30: =SUM(W30,R30,M30,AB30,AG30) -> 4 | I30: =SUM(X30,S30,N30,AC30,AH30) -> 196.74487 | J30: =SUM(Y30,T30,O30,AD30,AI30) -> 196.74487 | K30: =SUM(P30,U30,Z30,AE30) -> 886 | L30: 0 | M30: 0 | N30: 0 | O30: 0 | P30: 57 | Q30: 0 | R30: 1 | S30: 74.107471 | T30: 74.107471 | U30: 294 | V30: 1 | X30: 1.2822089 | Y30: 1.2822089 | Z30: 235 | AB30: 3 | AC30: 121.35519 | AD30: 121.35519 | AE30: 300 | AH30: 0 | AI30: 0 | AJ30: 49
A31: 28 | B31: N0573 | C31: Rinus | D31: van der Westhuizen | E31: Senior Men | F31: Otjiwarongo | G31: =SUM(V31,Q31,L31,AA31,AF31) -> 6 | H31: =SUM(W31,R31,M31,AB31,AG31) -> 2 | I31: =SUM(X31,S31,N31,AC31,AH31) -> 11.462584 | J31: =SUM(Y31,T31,O31,AD31,AI31) -> 11.462584 | K31: =SUM(Z31,U31,AE31,AJ31) -> 877 | L31: 0 | M31: 0 | N31: 0 | O31: 0 | P31: 57 | Q31: 0 | R31: 1 | S31: 3 | T31: 3 | U31: 269 | W31: 1 | X31: 3.0171066 | Y31: 3.0171066 | Z31: 267 | AC31: 0 | AD31: 0 | AE31: 59 | AF31: 6 | AH31: 5.4454778 | AI31: 5.4454778 | AJ31: 282
A32: 29 | B32: N0008 | C32: Andre | D32: Coetzee | E32: Masters Men | F32: Namib Park | G32: =SUM(V32,Q32,L32,AA32,AF32) -> 2 | H32: =SUM(W32,R32,M32,AB32,AG32) -> 2 | I32: =SUM(X32,S32,N32,AC32,AH32) -> 113.96691 | J32: =SUM(Y32,T32,O32,AD32,AI32) -> 113.96691 | K32: =SUM(Z32,U32,AE32,AJ32) -> 863 | L32: 0 | M32: 0 | N32: 0 | O32: 0 | P32: 57 | Q32: 0 | R32: 1 | S32: 109.2 | T32: 109.2 | U32: 299 | W32: 1 | X32: 3.0171066 | Y32: 3.0171066 | Z32: 267 | AC32: 0 | AD32: 0 | AE32: 59 | AF32: 2 | AH32: 1.7498049 | AI32: 1.7498049 | AJ32: 238
A33: 30 | B33: N0067 | C33: Louis | D33: Potgieter | E33: Senior Men | F33: Welwitschia | G33: =SUM(V33,Q33,L33,AA33,AF33) -> 4 | H33: =SUM(W33,R33,M33,AB33,AG33) -> 2 | I33: =SUM(X33,S33,N33,AC33,AH33) -> 26.643013 | J33: =SUM(Y33,T33,O33,AD33,AI33) -> 26.643013 | K33: =SUM(,U33,P33,AE33,AJ33) -> 863 | L33: 1 | M33: 0 | N33: 0.5 | O33: 0.5 | P33: 235 | Q33: 0 | R33: 0 | S33: 0 | T33: 0 | U33: 59 | X33: 0 | Y33: 0 | Z33: 46 | AB33: 1 | AC33: 18.629095 | AD33: 18.629095 | AE33: 278 | AF33: 3 | AG33: 1 | AH33: 7.5139178 | AI33: 7.5139178 | AJ33: 291
A34: 31 | B34: N0466 | C34: Schalk | D34: Human | E34: Senior Men | F34: Orca Angling Club | G34: =SUM(V34,Q34,L34,AA34,AF34) -> 2 | H34: =SUM(W34,R34,M34,AB34,AG34) -> 3 | I34: =SUM(X34,S34,N34,AC34,AH34) -> 8.9313024 | J34: =SUM(Y34,T34,O34,AD34,AI34) -> 8.9313024 | K34: =SUM(Z34,U34,P34,AE34,AJ34) -> 861 | L34: 0 | M34: 1 | N34: 2.0141958 | O34: 2.0141958 | P34: 268 | Q34: 0 | R34: 0 | S34: 0 | T34: 0 | U34: 0 | W34: 1 | X34: 3.0171066 | Y34: 3.0171066 | Z34: 267 | AC34: 0 | AD34: 0 | AE34: 59 | AF34: 2 | AG34: 1 | AH34: 3.9 | AI34: 3.9 | AJ34: 267
A35: 32 | B35: N0011 | C35: Johan | D35: Mostert | E35: Senior Men | F35: Walvis Bay | G35: =SUM(V35,Q35,L35,AA35,AF35) -> 6 | H35: =SUM(W35,R35,M35,AB35,AG35) -> 2 | I35: =SUM(X35,S35,N35,AC35,AH35) -> 15.614082 | J35: =SUM(Y35,T35,O35,AD35,AI35) -> 15.614082 | K35: =SUM(Z35,U35,P35,AE35,AJ35) -> 859 | L35: 0 | M35: 0 | N35: 0 | O35: 0 | P35: 57 | Q35: 1 | R35: 0 | S35: 1.5755678 | T35: 1.5755678 | U35: 258 | V35: 0 | W35: 0 | X35: 0 | Y35: 0 | Z35: 0 | AA35: 1 | AB35: 2 | AC35: 9.5127761 | AD35: 9.5127761 | AE35: 270 | AF35: 4 | AH35: 4.525738 | AI35: 4.525738 | AJ35: 274
A36: 33 | B36: N0464 | C36: Sarel | D36: Mynhardt | E36: Veterans Men | F36: Welwitschia | G36: =SUM(V36,Q36,L36,AA36,AF36) -> 8 | H36: =SUM(W36,R36,M36,AB36,AG36) -> 1 | I36: =SUM(X36,S36,N36,AC36,AH36) -> 9.3644499 | J36: =SUM(Y36,T36,O36,AD36,AI36) -> 9.3644499 | K36: =SUM(Z36,U36,AE36,AJ36) -> 856 | L36: 0 | M36: 0 | N36: 0 | O36: 0 | P36: 57 | Q36: 2 | R36: 0 | S36: 0.91658036 | T36: 0.91658036 | U36: 250 | V36: 3 | X36: 2.6348625 | Y36: 2.6348625 | Z36: 261 | AC36: 0 | AD36: 0 | AE36: 59 | AF36: 3 | AG36: 1 | AH36: 5.813007 | AI36: 5.813007 | AJ36: 286
A37: 34 | B37: N0145 | C37: Hennie | D37: Roets | E37: Senior Men | F37: Atlantic Angling Club | G37: =SUM(V37,Q37,L37,AA37,AF37) -> 9 | H37: =SUM(W37,R37,M37,AB37,AG37) -> 1 | I37: =SUM(X37,S37,N37,AC37,AH37) -> 21.887803 | J37: =SUM(Y37,T37,O37,AD37,AI37) -> 21.887803 | K37: =SUM(Z37,U37,P37,AE37,AJ37) -> 850 | L37: 0 | M37: 0 | N37: 0 | O37: 0 | P37: 57 | Q37: 0 | R37: 0 | S37: 0 | T37: 0 | U37: 0 | V37: 4 | W37: 1 | X37: 16.622033 | Y37: 16.622033 | Z37: 291 | AA37: 3 | AC37: 3.1410706 | AD37: 3.1410706 | AE37: 255 | AF37: 2 | AH37: 2.1246993 | AI37: 2.1246993 | AJ37: 247
A38: 35 | B38: N0015 | C38: Herman | D38: Fourie | E38: Masters Men | F38: Okahandja | G38: =SUM(V38,Q38,L38,AA38,AF38) -> 8 | H38: =SUM(W38,R38,M38,AB38,AG38) -> 1 | I38: =SUM(X38,S38,N38,AC38,AH38) -> 14.296276 | J38: =SUM(Y38,T38,O38,AD38,AI38) -> 14.296276 | K38: =SUM(Z38,U38,P38,AE38,AJ38) -> 849 | L38: 1 | M38: 0 | N38: 0.75468867 | O38: 0.75468867 | P38: 251 | Q38: 0 | R38: 0 | S38: 0 | T38: 0 | U38: 0 | X38: 0 | Y38: 0 | Z38: 46 | AA38: 1 | AB38: 1 | AC38: 6.9295374 | AD38: 6.9295374 | AE38: 265 | AF38: 6 | AH38: 6.6120504 | AI38: 6.6120504 | AJ38: 287
A39: 36 | B39: N0524 | C39: Enslin | D39: Opperman | E39: Senior Men | F39: Penguin | G39: =SUM(V39,Q39,L39,AA39,AF39) -> 4 | H39: =SUM(W39,R39,M39,AB39,AG39) -> 1 | I39: =SUM(X39,S39,N39,AC39,AH39) -> 20.436221 | J39: =SUM(Y39,T39,O39,AD39,AI39) -> 20.436221 | K39: =SUM(Z39,U39,P39,AE39,AJ39) -> 847 | L39: 1 | M39: 0 | N39: 1.5306949 | O39: 1.5306949 | P39: 261 | Q39: 0 | R39: 1 | S39: 17.405526 | T39: 17.405526 | U39: 284 | V39: 3 | X39: 1.5 | Y39: 1.5 | Z39: 243 | AC39: 0 | AD39: 0 | AE39: 59 | AJ39: 0
A40: 37 | B40: N0537 | C40: Roberto | D40: Celotto | E40: Senior Men | F40: Orca Angling Club | G40: =SUM(V40,Q40,L40,AA40,AF40) -> 5 | H40: =SUM(W40,R40,M40,AB40,AG40) -> 1 | I40: =SUM(X40,S40,N40,AC40,AH40) -> 24.740877 | J40: =SUM(Y40,T40,O40,AD40,AI40) -> 24.740877 | K40: =SUM(Z40,P40,AE40,AJ40) -> 841 | L40: 0 | M40: 1 | N40: 21.257099 | O40: 21.257099 | P40: 298 | Q40: 0 | R40: 0 | S40: 0 | T40: 0 | U40: 59 | V40: 2 | X40: 1.4299875 | Y40: 1.4299875 | Z40: 237 | AC40: 0 | AD40: 0 | AE40: 59 | AF40: 3 | AH40: 2.053791 | AI40: 2.053791 | AJ40: 247
A41: 38 | B41: N0100 | C41: Werner | D41: van Riet | E41: Senior Men | F41: Steenbras | G41: =SUM(V41,Q41,L41,AA41,AF41) -> 5 | H41: =SUM(W41,R41,M41,AB41,AG41) -> 1 | I41: =SUM(X41,S41,N41,AC41,AH41) -> 10.371214 | J41: =SUM(Y41,T41,O41,AD41,AI41) -> 10.371214 | K41: =SUM(Z41,P41,AE41,AJ41) -> 837 | L41: 0 | M41: 1 | N41: 6.1952725 | O41: 6.1952725 | P41: 279 | Q41: 0 | R41: 0 | S41: 0 | T41: 0 | U41: 59 | V41: 3 | X41: 2.0299875 | Y41: 2.0299875 | Z41: 252 | AC41: 0 | AD41: 0 | AE41: 59 | AF41: 2 | AH41: 2.1459544 | AI41: 2.1459544 | AJ41: 247
A42: 39 | B42: N0125 | C42: Colin | D42: Hart | E42: Masters Men | F42: Seagulls WHK | G42: =SUM(V42,Q42,L42,AA42,AF42) -> 6 | H42: =SUM(W42,R42,M42,AB42,AG42) -> 1 | I42: =SUM(X42,S42,N42,AC42,AH42) -> 7.4521904 | J42: =SUM(Y42,T42,O42,AD42,AI42) -> 7.4521904 | K42: =SUM(Z42,U42,P42,AE42,) -> 836 | L42: 1 | M42: 0 | N42: 0.86933292 | O42: 0.86933292 | P42: 253 | Q42: 0 | R42: 0 | S42: 0 | T42: 0 | U42: 59 | V42: 5 | X42: 3.0959969 | Y42: 3.0959969 | Z42: 268 | AB42: 1 | AC42: 3.4868606 | AD42: 3.4868606 | AE42: 256 | AH42: 0 | AI42: 0 | AJ42: 49
A43: 40 | B43: N0160 | C43: Julia | D43: Hart | E43: Ladies | F43: Seagulls WHK | G43: =SUM(V43,Q43,L43,AA43,AF43) -> 7 | H43: =SUM(W43,R43,M43,AB43,AG43) -> 1 | I43: =SUM(X43,S43,N43,AC43,AH43) -> 6.4932356 | J43: =SUM(Y43,T43,O43,AD43,AI43) -> 6.4932356 | K43: =SUM(Z43,U43,AE43,AJ43) -> 832 | L43: 0 | M43: 0 | N43: 0 | O43: 0 | P43: 57 | Q43: 1 | R43: 0 | S43: 0.5 | T43: 0.5 | U43: 242 | V43: 6 | X43: 3.2 | Y43: 3.2 | Z43: 272 | AC43: 0 | AD43: 0 | AE43: 59 | AG43: 1 | AH43: 2.7932356 | AI43: 2.7932356 | AJ43: 259
A44: 41 | B44: N0344 | C44: Morne | D44: Hugo | E44: Senior Men | F44: Orca Angling Club | G44: =SUM(V44,Q44,L44,AA44,AF44) -> 9 | H44: =SUM(W44,R44,M44,AB44,AG44) -> 0 | I44: =SUM(X44,S44,N44,AC44,AH44) -> 5.8186919 | J44: =SUM(Y44,T44,O44,AD44,AI44) -> 5.8186919 | K44: =SUM(Z44,P44,AE44,AJ44) -> 825 | L44: 1 | M44: 0 | N44: 0.65065738 | O44: 0.65065738 | P44: 247 | Q44: 0 | R44: 0 | S44: 0 | T44: 0 | U44: 59 | V44: 5 | X44: 2.9819519 | Y44: 2.9819519 | Z44: 267 | AC44: 0 | AD44: 0 | AE44: 59 | AF44: 3 | AH44: 2.1860826 | AI44: 2.1860826 | AJ44: 252
A45: 42 | B45: N0072 | C45: Louis | D45: Heath | E45: Senior Men | F45: Steenbras | G45: =SUM(V45,Q45,L45,AA45,AF45) -> 5 | H45: =SUM(W45,R45,M45,AB45,AG45) -> 2 | I45: =SUM(X45,S45,N45,AC45,AH45) -> 10.787361 | J45: =SUM(Y45,T45,O45,AD45,AI45) -> 10.787361 | K45: =SUM(Z45,U45,AE45,AJ45) -> 824 | L45: 0 | M45: 0 | N45: 0 | O45: 0 | P45: 57 | Q45: 0 | R45: 0 | S45: 0 | T45: 0 | U45: 59 | V45: 3 | W45: 1 | X45: 4.7396275 | Y45: 4.7396275 | Z45: 280 | AB45: 1 | AC45: 4.7930454 | AD45: 4.7930454 | AE45: 258 | AF45: 2 | AH45: 1.2546887 | AI45: 1.2546887 | AJ45: 227
A46: 43 | B46: N0090 | C46: James | D46: Scholtz | E46: Senior Men | F46: Welwitschia | G46: =SUM(V46,Q46,L46,AA46,AF46) -> 5 | H46: =SUM(W46,R46,M46,AB46,AG46) -> 3 | I46: =SUM(X46,S46,N46,AC46,AH46) -> 34.949183 | J46: =SUM(Y46,T46,O46,AD46,AI46) -> 34.949183 | K46: =SUM(Z46,U46,P46,AE46,AJ46) -> 824 | L46: 1 | M46: 0 | N46: 1.0207335 | O46: 1.0207335 | P46: 255 | Q46: 0 | R46: 0 | S46: 0 | T46: 0 | U46: 0 | V46: 4 | W46: 1 | X46: 13.253108 | Y46: 13.253108 | Z46: 287 | AB46: 2 | AC46: 20.675341 | AD46: 20.675341 | AE46: 282 | AJ46: 0
A47: 44 | B47: N0041 | C47: Terence | D47: Clark | E47: Masters Men | F47: Walvis Bay | G47: =SUM(V47,Q47,L47,AA47,AF47) -> 1 | H47: =SUM(W47,R47,M47,AB47,AG47) -> 2 | I47: =SUM(X47,S47,N47,AC47,AH47) -> 23.340765 | J47: =SUM(Y47,T47,O47,AD47,AI47) -> 23.340765 | K47: =SUM(,U47,P47,AE47,AJ47) -> 823 | L47: 0 | M47: 1 | N47: 7.8659256 | O47: 7.8659256 | P47: 283 | Q47: 0 | R47: 0 | S47: 0 | T47: 0 | U47: 59 | V47: 0 | W47: 0 | X47: 0 | Y47: 0 | Z47: 0 | AB47: 1 | AC47: 14.77346 | AD47: 14.77346 | AE47: 274 | AF47: 1 | AH47: 0.70137925 | AI47: 0.70137925 | AJ47: 207
A48: 45 | B48: N0156 | C48: Gerard | D48: Hough | E48: Junior Men U/16 | F48: Skeleton Coast | G48: =SUM(V48,Q48,L48,AA48,AF48) -> 5 | H48: =SUM(W48,R48,M48,AB48,AG48) -> 0 | I48: =SUM(X48,S48,N48,AC48,AH48) -> 7.5858777 | J48: =SUM(Y48,T48,O48,AD48,AI48) -> 7.5858777 | K48: =SUM(Z48,P48,AE48,AJ48) -> 822 | L48: 1 | M48: 0 | N48: 0.5 | O48: 0.5 | P48: 235 | Q48: 0 | R48: 0 | S48: 0 | T48: 0 | U48: 59 | V48: 2 | X48: 1.5106774 | Y48: 1.5106774 | Z48: 243 | AC48: 0 | AD48: 0 | AE48: 59 | AF48: 2 | AH48: 5.5752002 | AI48: 5.5752002 | AJ48: 285
A49: 46 | B49: N0546 | C49: Tian | D49: Mostert | E49: Senior Men | F49: Seagulls WVB | G49: =SUM(V49,Q49,L49,AA49,AF49) -> 2 | H49: =SUM(W49,R49,M49,AB49,AG49) -> 1 | I49: =SUM(X49,S49,N49,AC49,AH49) -> 7.9313829 | J49: =SUM(Y49,T49,O49,AD49,AI49) -> 7.9313829 | K49: =SUM(Z49,U49,P49,AE49,AJ49) -> 813 | L49: 0 | M49: 0 | N49: 0 | O49: 0 | P49: 57 | Q49: 1 | R49: 0 | S49: 1.5306949 | T49: 1.5306949 | U49: 256 | V49: 0 | W49: 0 | X49: 0 | Y49: 0 | Z49: 0 | AB49: 1 | AC49: 4.387376 | AD49: 4.387376 | AE49: 257 | AF49: 1 | AH49: 2.013312 | AI49: 2.013312 | AJ49: 243
A50: 47 | B50: N0040 | C50: Morne | D50: Honiball | E50: Senior Men | F50: Welwitschia | G50: =SUM(V50,Q50,L50,AA50,AF50) -> 3 | H50: =SUM(W50,R50,M50,AB50,AG50) -> 1 | I50: =SUM(X50,S50,N50,AC50,AH50) -> 5.3098609 | J50: =SUM(Y50,T50,O50,AD50,AI50) -> 5.3098609 | K50: =SUM(Z50,U50,AE50,AJ50) -> 806 | L50: 0 | M50: 0 | N50: 0 | O50: 0 | P50: 57 | Q50: 1 | R50: 0 | S50: 0.6 | T50: 0.6 | U50: 245 | V50: 2 | X50: 2.3917787 | Y50: 2.3917787 | Z50: 258 | AB50: 1 | AC50: 2.3180822 | AD50: 2.3180822 | AE50: 254 | AH50: 0 | AI50: 0 | AJ50: 49
A51: 48 | B51: N0014 | C51: Willem | D51: Steyn | E51: Senior Men | F51: Welwitschia | G51: =SUM(V51,Q51,L51,AA51,AF51) -> 1 | H51: =SUM(W51,R51,M51,AB51,AG51) -> 2 | I51: =SUM(X51,S51,N51,AC51,AH51) -> 22.924301 | J51: =SUM(Y51,T51,O51,AD51,AI51) -> 22.924301 | K51: =SUM(Z51,U51,P51,AE51,) -> 804 | L51: 0 | M51: 0 | N51: 0 | O51: 0 | P51: 57 | Q51: 0 | R51: 1 | S51: 2.0705804 | T51: 2.0705804 | U51: 262 | V51: 1 | X51: 0.5 | Y51: 0.5 | Z51: 204 | AB51: 1 | AC51: 20.353721 | AD51: 20.353721 | AE51: 281 | AH51: 0 | AI51: 0 | AJ51: 49
A52: 49 | B52: N0157 | C52: Gerrit | D52: Viljoen | E52: Grand Masters Men | F52: Okahandja | G52: =SUM(V52,Q52,L52,AA52,AF52) -> 6 | H52: =SUM(W52,R52,M52,AB52,AG52) -> 0 | I52: =SUM(X52,S52,N52,AC52,AH52) -> 4.9931949 | J52: =SUM(Y52,T52,O52,AD52,AI52) -> 4.9931949 | K52: =SUM(Z52,U52,AE52,AJ52) -> 799 | L52: 0 | M52: 0 | N52: 0 | O52: 0 | P52: 57 | Q52: 2 | R52: 0 | S52: 1.873001 | T52: 1.873001 | U52: 261 | V52: 3 | X52: 1.5 | Y52: 1.5 | Z52: 243 | AC52: 0 | AD52: 0 | AE52: 59 | AF52: 1 | AH52: 1.620194 | AI52: 1.620194 | AJ52: 236
A53: 50 | B53: N0144 | C53: Sarah | D53: Coetzee | E53: Ladies | F53: Atlantic Angling Club | G53: =SUM(V53,Q53,L53,AA53,AF53) -> 5 | H53: =SUM(W53,R53,M53,AB53,AG53) -> 1 | I53: =SUM(X53,S53,N53,AC53,AH53) -> 6.7954214 | J53: =SUM(Y53,T53,O53,AD53,AI53) -> 6.7954214 | K53: =SUM(Z53,U53,P53,AE53,AJ53) -> 797 | L53: 2 | M53: 0 | N53: 1.5106774 | O53: 1.5106774 | P53: 261 | Q53: 0 | R53: 0 | S53: 0 | T53: 0 | U53: 0 | V53: 2 | W53: 1 | X53: 4.784744 | Y53: 4.784744 | Z53: 281 | AC53: 0 | AD53: 0 | AE53: 59 | AF53: 1 | AH53: 0.5 | AI53: 0.5 | AJ53: 196
A54: 51 | B54: N0114 | C54: Michele | D54: Andersen | E54: Ladies | F54: Henties Bay | G54: =SUM(V54,Q54,L54,AA54,AF54) -> 5 | H54: =SUM(W54,R54,M54,AB54,AG54) -> 0 | I54: =SUM(X54,S54,N54,AC54,AH54) -> 4.9412077 | J54: =SUM(Y54,T54,O54,AD54,AI54) -> 4.9412077 | K54: =SUM(Z54,U54,P54,AE54) -> 796 | L54: 3 | M54: 0 | N54: 2.7348625 | O54: 2.7348625 | P54: 274 | Q54: 1 | R54: 0 | S54: 1.7063452 | T54: 1.7063452 | U54: 259 | V54: 1 | X54: 0.5 | Y54: 0.5 | Z54: 204 | AC54: 0 | AD54: 0 | AE54: 59 | AH54: 0 | AI54: 0 | AJ54: 49
A55: 52 | B55: N0028 | C55: George | D55: Coetzee | E55: Veterans Men | F55: Atlantic Angling Club | G55: =SUM(V55,Q55,L55,AA55,AF55) -> 7 | H55: =SUM(W55,R55,M55,AB55,AG55) -> 0 | I55: =SUM(X55,S55,N55,AC55,AH55) -> 5.9055775 | J55: =SUM(Y55,T55,O55,AD55,AI55) -> 5.9055775 | K55: =SUM(Z55,U55,P55,AE55,AJ55) -> 791 | L55: 0 | M55: 0 | N55: 0 | O55: 0 | P55: 0 | Q55: 4 | R55: 0 | S55: 4.1508889 | T55: 4.1508889 | U55: 274 | V55: 2 | X55: 1 | Y55: 1 | Z55: 225 | AA55: 1 | AC55: 0.75468867 | AD55: 0.75468867 | AE55: 243 | AH55: 0 | AI55: 0 | AJ55: 49
A56: 53 | B56: N0501 | C56: Otto | D56: Feyerabend | E56: Junior Men U/21 | F56: Otjiwarongo | G56: =SUM(V56,Q56,L56,AA56,AF56) -> 3 | H56: =SUM(W56,R56,M56,AB56,AG56) -> 0 | I56: =SUM(X56,S56,N56,AC56,AH56) -> 1.9013148 | J56: =SUM(Y56,T56,O56,AD56,AI56) -> 1.9013148 | K56: =SUM(Z56,U56,P56,AE56,AJ56) -> 776 | L56: 1 | M56: 0 | N56: 0.6 | O56: 0.6 | P56: 239 | Q56: 0 | R56: 0 | S56: 0 | T56: 0 | U56: 59 | V56: 1 | X56: 0.65065738 | Y56: 0.65065738 | Z56: 212 | AC56: 0 | AD56: 0 | AE56: 59 | AF56: 1 | AH56: 0.65065738 | AI56: 0.65065738 | AJ56: 207
A57: 54 | B57: N0059 | C57: Hennie | D57: du Plessis | E57: Senior Men | F57: Welwitschia | G57: =SUM(V57,Q57,L57,AA57,AF57) -> 2 | H57: =SUM(W57,R57,M57,AB57,AG57) -> 2 | I57: =SUM(X57,S57,N57,AC57,AH57) -> 21.086111 | J57: =SUM(Y57,T57,O57,AD57,AI57) -> 21.086111 | K57: =SUM(Z57,U57,P57,AE57,AJ57) -> 773 | L57: 1 | M57: 0 | N57: 0.65065738 | O57: 0.65065738 | P57: 247 | Q57: 0 | R57: 2 | S57: 19.784796 | T57: 19.784796 | U57: 286 | V57: 0 | W57: 0 | X57: 0 | Y57: 0 | Z57: 0 | AA57: 1 | AC57: 0.65065738 | AD57: 0.65065738 | AE57: 240 | AJ57: 0
A58: 55 | B58: N0122 | C58: Immo | D58: Dresselhaus | E58: Junior Men U/21 | F58: Orca Angling Club | G58: =SUM(V58,Q58,L58,AA58,AF58) -> 3 | H58: =SUM(W58,R58,M58,AB58,AG58) -> 5 | I58: =SUM(X58,S58,N58,AC58,AH58) -> 13.528392 | J58: =SUM(Y58,T58,O58,AD58,AI58) -> 13.528392 | K58: =SUM(Z58,U58,P58,AE58,AJ58) -> 771 | L58: 0 | M58: 0 | N58: 0 | O58: 0 | P58: 0 | Q58: 0 | R58: 3 | S58: 4.0283916 | T58: 4.0283916 | U58: 273 | V58: 1 | X58: 0.5 | Y58: 0.5 | Z58: 204 | AE58: 0 | AF58: 2 | AG58: 2 | AH58: 9 | AI58: 9 | AJ58: 294
A59: 56 | B59: N0173 | C59: Carel | D59: Agenbag | E59: Junior Men U/21 | F59: Henties Bay | G59: =SUM(V59,Q59,L59,AA59,AF59) -> 3 | H59: =SUM(W59,R59,M59,AB59,AG59) -> 0 | I59: =SUM(X59,S59,N59,AC59,AH59) -> 6.919439 | J59: =SUM(Y59,T59,O59,AD59,AI59) -> 6.919439 | K59: =SUM(Z59,U59,P59,AE59,AJ59) -> 762 | L59: 1 | M59: 0 | N59: 0.5 | O59: 0.5 | P59: 235 | Q59: 0 | R59: 0 | S59: 0 | T59: 0 | U59: 59 | V59: 0 | W59: 0 | X59: 0 | Y59: 0 | Z59: 0 | AA59: 1 | AC59: 5.7687816 | AD59: 5.7687816 | AE59: 261 | AF59: 1 | AH59: 0.65065738 | AI59: 0.65065738 | AJ59: 207
A60: 57 | B60: N0195 | C60: Louis | D60: Fenaux | E60: Senior Men | F60: Henties Bay | G60: =SUM(V60,Q60,L60,AA60,AF60) -> 2 | H60: =SUM(W60,R60,M60,AB60,AG60) -> 3 | I60: =SUM(X60,S60,N60,AC60,AH60) -> 20.734391 | J60: =SUM(Y60,T60,O60,AD60,AI60) -> 20.734391 | K60: =SUM(Z60,U60,AE60,AJ60) -> 756 | L60: 0 | M60: 0 | N60: 0 | O60: 0 | P60: 57 | Q60: 0 | R60: 1 | S60: 0 | T60: 0 | U60: 59 | V60: 1 | X60: 0.5 | Y60: 0.5 | Z60: 204 | AB60: 2 | AC60: 19.303591 | AD60: 19.303591 | AE60: 279 | AF60: 1 | AH60: 0.93079926 | AI60: 0.93079926 | AJ60: 214
A61: 58 | B61: N0188 | C61: Jaco | D61: Blaauw | E61: Junior Men U/16 | F61: Welwitschia | G61: =SUM(V61,Q61,L61,AA61,AF61) -> 4 | H61: =SUM(W61,R61,M61,AB61,AG61) -> 0 | I61: =SUM(X61,S61,N61,AC61,AH61) -> 2.7833312 | J61: =SUM(Y61,T61,O61,AD61,AI61) -> 2.7833312 | K61: =SUM(Z61,P61,AE61,AJ61) -> 742 | L61: 1 | M61: 0 | N61: 0.6 | O61: 0.6 | P61: 239 | Q61: 0 | R61: 0 | S61: 0 | T61: 0 | U61: 59 | V61: 1 | X61: 0.7 | Y61: 0.7 | Z61: 212 | AC61: 0 | AD61: 0 | AE61: 59 | AF61: 2 | AH61: 1.4833312 | AI61: 1.4833312 | AJ61: 232
A62: 59 | B62: N0126 | C62: Phil | D62: Nel | E62: Senior Men | F62: Welwitschia | G62: =SUM(V62,Q62,L62,AA62,AF62) -> 3 | H62: =SUM(W62,R62,M62,AB62,AG62) -> 0 | I62: =SUM(X62,S62,N62,AC62,AH62) -> 3.0606824 | J62: =SUM(Y62,T62,O62,AD62,AI62) -> 3.0606824 | K62: =SUM(Z62,U62,AE62,AJ62) -> 732 | L62: 0 | M62: 0 | N62: 0 | O62: 0 | P62: 57 | Q62: 1 | R62: 0 | S62: 1.5306949 | T62: 1.5306949 | U62: 256 | V62: 1 | X62: 0.92998754 | Y62: 0.92998754 | Z62: 217 | AC62: 0 | AD62: 0 | AE62: 59 | AF62: 1 | AH62: 0.6 | AI62: 0.6 | AJ62: 200
A63: 60 | B63: N0118 | C63: Olaf | D63: Coetzee | E63: Senior Men | F63: Namib Park | G63: =SUM(V63,Q63,L63,AA63,AF63) -> 0 | H63: =SUM(W63,R63,M63,AB63,AG63) -> 2 | I63: =SUM(X63,S63,N63,AC63,AH63) -> 95.710094 | J63: =SUM(Y63,T63,O63,AD63,AI63) -> 95.710094 | K63: =SUM(Z63,U63,P63,AE63,AJ63) -> 725 | L63: 0 | M63: 0 | N63: 0 | O63: 0 | P63: 57 | Q63: 0 | R63: 1 | S63: 92.806451 | T63: 92.806451 | U63: 297 | W63: 1 | X63: 2.9036427 | Y63: 2.9036427 | Z63: 263 | AC63: 0 | AD63: 0 | AE63: 59 | AH63: 0 | AI63: 0 | AJ63: 49
A64: 61 | B64: N0137 | C64: Beatrice | D64: Grebe | E64: Ladies | F64: Benguella | G64: =SUM(V64,Q64,L64,AA64,AF64) -> 3 | H64: =SUM(W64,R64,M64,AB64,AG64) -> 0 | I64: =SUM(X64,S64,N64,AC64,AH64) -> 4.0838373 | J64: =SUM(Y64,T64,O64,AD64,AI64) -> 4.0838373 | K64: =SUM(Z64,U64,P64,AE64,AJ64) -> 719 | L64: 1 | M64: 0 | N64: 0.5 | O64: 0.5 | P64: 235 | Q64: 1 | R64: 0 | S64: 2.5887211 | T64: 2.5887211 | U64: 266 | V64: 0 | W64: 0 | X64: 0 | Y64: 0 | Z64: 0 | AE64: 0 | AF64: 1 | AH64: 0.9951162 | AI64: 0.9951162 | AJ64: 218
A65: 62 | B65: N0089 | C65: Michael | D65: Maree | E65: Senior Men | F65: Welwitschia | G65: =SUM(V65,Q65,L65,AA65,AF65) -> 4 | H65: =SUM(W65,R65,M65,AB65,AG65) -> 0 | I65: =SUM(X65,S65,N65,AC65,AH65) -> 5.6683053 | J65: =SUM(Y65,T65,O65,AD65,AI65) -> 5.6683053 | K65: =SUM(Z65,U65,P65,AE65,AJ65) -> 713 | L65: 0 | M65: 0 | N65: 0 | O65: 0 | P65: 0 | Q65: 2 | R65: 0 | S65: 4.466926 | T65: 4.466926 | U65: 276 | V65: 0 | W65: 0 | X65: 0 | Y65: 0 | Z65: 0 | AA65: 1 | AC65: 0.70137925 | AD65: 0.70137925 | AE65: 241 | AF65: 1 | AH65: 0.5 | AI65: 0.5 | AJ65: 196
A66: 63 | B66: N0088 | C66: Jéan-Pierre | D66: Kouwenhoven | E66: Senior Men | F66: Skeleton Coast | G66: =SUM(V66,Q66,L66,AA66,AF66) -> 4 | H66: =SUM(W66,R66,M66,AB66,AG66) -> 0 | I66: =SUM(X66,S66,N66,AC66,AH66) -> 3.0644491 | J66: =SUM(Y66,T66,O66,AD66,AI66) -> 3.0644491 | K66: =SUM(Z66,U66,P66,AE66,AJ66) -> 693 | L66: 1 | M66: 0 | N66: 0.7 | O66: 0.7 | P66: 247 | Q66: 0 | R66: 0 | S66: 0 | T66: 0 | U66: 0 | V66: 1 | X66: 0.5 | Y66: 0.5 | Z66: 204 | AC66: 0 | AD66: 0 | AE66: 0 | AF66: 2 | AH66: 1.8644491 | AI66: 1.8644491 | AJ66: 242
A67: 64 | B67: N0026 | C67: Johan | D67: Agenbag | E67: Veterans Men | F67: Henties Bay | G67: =SUM(V67,Q67,L67,AA67,AF67) -> 2 | H67: =SUM(W67,R67,M67,AB67,AG67) -> 1 | I67: =SUM(X67,S67,N67,AC67,AH67) -> 21.040989 | J67: =SUM(Y67,T67,O67,AD67,AI67) -> 21.040989 | K67: =SUM(Z67,U67,P67,AE67,AJ67) -> 680 | L67: 0 | M67: 1 | N67: 17.010654 | O67: 17.010654 | P67: 294 | Q67: 0 | R67: 0 | S67: 0 | T67: 0 | U67: 59 | V67: 0 | W67: 0 | X67: 0 | Y67: 0 | Z67: 0 | AC67: 0 | AD67: 0 | AE67: 59 | AF67: 2 | AH67: 4.0303356 | AI67: 4.0303356 | AJ67: 268
A68: 65 | B68: N0013 | C68: Rodger | D68: Boon | E68: Senior Men | F68: Namib Park | G68: =SUM(V68,Q68,L68,AA68,AF68) -> 4 | H68: =SUM(W68,R68,M68,AB68,AG68) -> 2 | I68: =SUM(X68,S68,N68,AC68,AH68) -> 28.475729 | J68: =SUM(Y68,T68,O68,AD68,AI68) -> 28.475729 | K68: =SUM(Z68,U68,P68,AE68) -> 674 | L68: 0 | M68: 2 | N68: 26.17435 | O68: 26.17435 | P68: 299 | Q68: 0 | R68: 0 | S68: 0 | T68: 0 | U68: 59 | V68: 4 | X68: 2.3013792 | Y68: 2.3013792 | Z68: 257 | AC68: 0 | AD68: 0 | AE68: 59 | AH68: 0 | AI68: 0 | AJ68: 49
A69: 66 | B69: N0092 | C69: Joseph | D69: Payne | E69: Senior Men | F69: Otjiwarongo | G69: =SUM(V69,Q69,L69,AA69,AF69) -> 0 | H69: =SUM(W69,R69,M69,AB69,AG69) -> 2 | I69: =SUM(X69,S69,N69,AC69,AH69) -> 36.141307 | J69: =SUM(Y69,T69,O69,AD69,AI69) -> 36.141307 | K69: =SUM(Z69,U69,P69,AE69) -> 663 | L69: 0 | M69: 0 | N69: 0 | O69: 0 | P69: 57 | Q69: 0 | R69: 1 | S69: 21.719274 | T69: 21.719274 | U69: 287 | X69: 0 | Y69: 0 | Z69: 46 | AB69: 1 | AC69: 14.422033 | AD69: 14.422033 | AE69: 273 | AJ69: 0
A70: 67 | B70: N0091 | C70: Deon | D70: Jacobs | E70: Grand Masters Men | F70: Benguella | G70: =SUM(V70,Q70,L70,AA70,AF70) -> 0 | H70: =SUM(W70,R70,M70,AB70,AG70) -> 2 | I70: =SUM(X70,S70,N70,AC70,AH70) -> 12.661014 | J70: =SUM(Y70,T70,O70,AD70,AI70) -> 12.661014 | K70: =SUM(Z70,U70,P70,AE70,AJ70) -> 649 | L70: 0 | M70: 0 | N70: 0 | O70: 0 | P70: 57 | Q70: 0 | R70: 0 | S70: 0 | T70: 0 | U70: 59 | V70: 0 | W70: 0 | X70: 0 | Y70: 0 | Z70: 0 | AB70: 1 | AC70: 9.2610139 | AD70: 9.2610139 | AE70: 269 | AG70: 1 | AH70: 3.4 | AI70: 3.4 | AJ70: 264
A71: 68 | B71: N0178 | C71: Devin | D71: Burger | E71: Junior Men U/16 | F71: Penguin | G71: =SUM(V71,Q71,L71,AA71,AF71) -> 3 | H71: =SUM(W71,R71,M71,AB71,AG71) -> 0 | I71: =SUM(X71,S71,N71,AC71,AH71) -> 1.6506574 | J71: =SUM(Y71,T71,O71,AD71,AI71) -> 1.6506574 | K71: =SUM(Z71,U71,P71,AE71,AJ71) -> 646 | L71: 1 | M71: 0 | N71: 0.5 | O71: 0.5 | P71: 235 | Q71: 0 | R71: 0 | S71: 0 | T71: 0 | U71: 0 | V71: 1 | X71: 0.5 | Y71: 0.5 | Z71: 204 | AE71: 0 | AF71: 1 | AH71: 0.65065738 | AI71: 0.65065738 | AJ71: 207
A72: 69 | B72: N0530 | C72: Fanie | D72: van Vuuren | E72: Masters Men | F72: Okahandja | G72: =SUM(V72,Q72,L72,AA72,AF72) -> 1 | H72: =SUM(W72,R72,M72,AB72,AG72) -> 2 | I72: =SUM(X72,S72,N72,AC72,AH72) -> 21.884416 | J72: =SUM(Y72,T72,O72,AD72,AI72) -> 21.884416 | K72: =SUM(Z72,U72,AE72,AJ72) -> 644 | L72: 0 | M72: 0 | N72: 0 | O72: 0 | P72: 57 | Q72: 0 | R72: 1 | S72: 0 | T72: 0 | U72: 59 | W72: 1 | X72: 20.353721 | Y72: 20.353721 | Z72: 294 | AC72: 0 | AD72: 0 | AE72: 59 | AF72: 1 | AH72: 1.5306949 | AI72: 1.5306949 | AJ72: 232
A73: 70 | B73: N0003 | C73: Bertie | D73: Diedericks | E73: Masters Men | F73: Henties Bay | G73: =SUM(V73,Q73,L73,AA73,AF73) -> 7 | H73: =SUM(W73,R73,M73,AB73,AG73) -> 0 | I73: =SUM(X73,S73,N73,AC73,AH73) -> 6.7629646 | J73: =SUM(Y73,T73,O73,AD73,AI73) -> 6.7629646 | K73: =SUM(Z73,U73,AE73,AJ73) -> 643 | L73: 0 | M73: 0 | N73: 0 | O73: 0 | P73: 57 | Q73: 0 | R73: 0 | S73: 0 | T73: 0 | U73: 59 | V73: 3 | X73: 1.5959969 | Y73: 1.5959969 | Z73: 244 | AC73: 0 | AD73: 0 | AE73: 59 | AF73: 4 | AH73: 5.1669677 | AI73: 5.1669677 | AJ73: 281
A74: 71 | B74: N0071 | C74: Carlien | D74: Steyn | E74: Ladies | F74: Welwitschia | G74: =SUM(V74,Q74,L74,AA74,AF74) -> 5 | H74: =SUM(W74,R74,M74,AB74,AG74) -> 0 | I74: =SUM(X74,S74,N74,AC74,AH74) -> 5.8191883 | J74: =SUM(Y74,T74,O74,AD74,AI74) -> 5.8191883 | K74: =SUM(Z74,U74,P74,AE74,AJ74) -> 641 | L74: 1 | M74: 0 | N74: 0 | O74: 0 | P74: 57 | Q74: 1 | R74: 0 | S74: 3.7231914 | T74: 3.7231914 | U74: 272 | V74: 3 | X74: 2.0959969 | Y74: 2.0959969 | Z74: 253 | AC74: 0 | AD74: 0 | AE74: 59 | AJ74: 0
A75: 72 | B75: N0519 | C75: Armand | D75: Esterhuysen | E75: Junior Men U/16 | F75: Skeleton Coast | G75: =SUM(V75,Q75,L75,AA75,AF75) -> 3 | H75: =SUM(W75,R75,M75,AB75,AG75) -> 2 | I75: =SUM(X75,S75,N75,AC75,AH75) -> 3.9329097 | J75: =SUM(Y75,T75,O75,AD75,AI75) -> 3.9329097 | K75: =SUM(Z75,U75,P75,AE75) -> 637 | L75: 0 | M75: 1 | N75: 2.1509578 | O75: 2.1509578 | P75: 270 | Q75: 0 | R75: 0 | S75: 0 | T75: 0 | U75: 59 | V75: 3 | W75: 1 | X75: 1.7819519 | Y75: 1.7819519 | Z75: 249 | AC75: 0 | AD75: 0 | AE75: 59 | AH75: 0 | AI75: 0 | AJ75: 49
A76: 73 | B76: N0331 | C76: Chris | D76: Coetzee | E76: Grand Masters Men | F76: Benguella | G76: =SUM(V76,Q76,L76,AA76,AF76) -> 3 | H76: =SUM(W76,R76,M76,AB76,AG76) -> 0 | I76: =SUM(X76,S76,N76,AC76,AH76) -> 4.2030439 | J76: =SUM(Y76,T76,O76,AD76,AI76) -> 4.2030439 | K76: =SUM(Z76,U76,P76,AE76,AJ76) -> 631 | L76: 0 | M76: 0 | N76: 0 | O76: 0 | P76: 57 | Q76: 1 | R76: 0 | S76: 1.5591058 | T76: 1.5591058 | U76: 258 | V76: 0 | W76: 0 | X76: 0 | Y76: 0 | Z76: 0 | AC76: 0 | AD76: 0 | AE76: 59 | AF76: 2 | AH76: 2.6439381 | AI76: 2.6439381 | AJ76: 257
A77: 74 | B77: N0104 | C77: Ettiene | D77: Coetzee | E77: Veterans Men | F77: Okahandja | G77: =SUM(V77,Q77,L77,AA77,AF77) -> 3 | H77: =SUM(W77,R77,M77,AB77,AG77) -> 1 | I77: =SUM(X77,S77,N77,AC77,AH77) -> 5.8106513 | J77: =SUM(Y77,T77,O77,AD77,AI77) -> 5.8106513 | K77: =SUM(Z77,U77,AE77,AJ77) -> 628 | L77: 0 | M77: 0 | N77: 0 | O77: 0 | P77: 57 | Q77: 0 | R77: 0 | S77: 0 | T77: 0 | U77: 59 | V77: 2 | X77: 1.2 | Y77: 1.2 | Z77: 234 | AC77: 0 | AD77: 0 | AE77: 59 | AF77: 1 | AG77: 1 | AH77: 4.6106513 | AI77: 4.6106513 | AJ77: 276
A78: 75 | B78: N0583 | C78: Carmen | D78: Mynhardt | E78: Ladies | F78: Welwitschia | G78: =SUM(V78,Q78,L78,AA78,AF78) -> 3 | H78: =SUM(W78,R78,M78,AB78,AG78) -> 0 | I78: =SUM(X78,S78,N78,AC78,AH78) -> 3.3444291 | J78: =SUM(Y78,T78,O78,AD78,AI78) -> 3.3444291 | K78: =SUM(Z78,U78,P78,AE78) -> 625 | L78: 0 | M78: 0 | N78: 0 | O78: 0 | P78: 57 | Q78: 1 | R78: 0 | S78: 1.0623496 | T78: 1.0623496 | U78: 252 | V78: 2 | X78: 2.2820795 | Y78: 2.2820795 | Z78: 257 | AC78: 0 | AD78: 0 | AE78: 59 | AH78: 0 | AI78: 0 | AJ78: 49
A79: 76 | B79: N0199 | C79: Karel | D79: v/d Bank | E79: Grand Masters Men | F79: Benguella | G79: =SUM(V79,Q79,L79,AA79,AF79) -> 4 | H79: =SUM(W79,R79,M79,AB79,AG79) -> 0 | I79: =SUM(X79,S79,N79,AC79,AH79) -> 3.7166666 | J79: =SUM(Y79,T79,O79,AD79,AI79) -> 3.7166666 | K79: =SUM(Z79,U79,P79,AE79,AJ79) -> 625 | L79: 1 | M79: 0 | N79: 0.70137925 | O79: 0.70137925 | P79: 247 | Q79: 0 | R79: 0 | S79: 0 | T79: 0 | U79: 59 | V79: 0 | W79: 0 | X79: 0 | Y79: 0 | Z79: 0 | AC79: 0 | AD79: 0 | AE79: 59 | AF79: 3 | AH79: 3.0152874 | AI79: 3.0152874 | AJ79: 260
A80: 77 | B80: N0121 | C80: Lezelle | D80: Smit | E80: Ladies | F80: Seagulls WVB | G80: =SUM(V80,Q80,L80,AA80,AF80) -> 7 | H80: =SUM(W80,R80,M80,AB80,AG80) -> 0 | I80: =SUM(X80,S80,N80,AC80,AH80) -> 4.7306949 | J80: =SUM(Y80,T80,O80,AD80,AI80) -> 4.7306949 | K80: =SUM(Z80,U80,P80,AE80,AJ80) -> 620 | L80: 0 | M80: 0 | N80: 0 | O80: 0 | P80: 57 | Q80: 0 | R80: 0 | S80: 0 | T80: 0 | U80: 0 | V80: 6 | X80: 3.2 | Y80: 3.2 | Z80: 272 | AC80: 0 | AD80: 0 | AE80: 59 | AF80: 1 | AH80: 1.5306949 | AI80: 1.5306949 | AJ80: 232
A81: 78 | B81: N0002 | C81: William | D81: Klemp | E81: Veterans Men | F81: Orca Angling Club | G81: =SUM(V81,Q81,L81,AA81,AF81) -> 1 | H81: =SUM(W81,R81,M81,AB81,AG81) -> 1 | I81: =SUM(X81,S81,N81,AC81,AH81) -> 20.853721 | J81: =SUM(Y81,T81,O81,AD81,AI81) -> 20.853721 | K81: =SUM(Z81,U81,P81,AE81,AJ81) -> 619 | L81: 0 | M81: 1 | N81: 20.353721 | O81: 20.353721 | P81: 297 | Q81: 0 | R81: 0 | S81: 0 | T81: 0 | U81: 59 | V81: 1 | X81: 0.5 | Y81: 0.5 | Z81: 204 | AC81: 0 | AD81: 0 | AE81: 59 | AJ81: 0
A82: 79 | B82: N0078 | C82: Richard | D82: Kotze | E82: Masters Men | F82: Seagulls WVB | G82: =SUM(V82,Q82,L82,AA82,AF82) -> 2 | H82: =SUM(W82,R82,M82,AB82,AG82) -> 1 | I82: =SUM(X82,S82,N82,AC82,AH82) -> 17.670004 | J82: =SUM(Y82,T82,O82,AD82,AI82) -> 17.670004 | K82: =SUM(Z82,U82,P82,AE82,AJ82) -> 619 | L82: 0 | M82: 0 | N82: 0 | O82: 0 | P82: 57 | Q82: 0 | R82: 0 | S82: 0 | T82: 0 | U82: 0 | V82: 2 | X82: 1.4299875 | Y82: 1.4299875 | Z82: 237 | AB82: 1 | AC82: 16.240016 | AD82: 16.240016 | AE82: 276 | AH82: 0 | AI82: 0 | AJ82: 49
A83: 80 | B83: N0056 | C83: Alec | D83: Landers | E83: Senior Men | F83: Orca Angling Club | G83: =SUM(V83,Q83,L83,AA83,AF83) -> 1 | H83: =SUM(W83,R83,M83,AB83,AG83) -> 1 | I83: =SUM(X83,S83,N83,AC83,AH83) -> 24.737542 | J83: =SUM(Y83,T83,O83,AD83,AI83) -> 24.737542 | K83: =SUM(Z83,U83,P83,AE83) -> 610 | L83: 0 | M83: 0 | N83: 0 | O83: 0 | P83: 57 | Q83: 0 | R83: 0 | S83: 0 | T83: 0 | U83: 59 | V83: 1 | X83: 0.6 | Y83: 0.6 | Z83: 208 | AB83: 1 | AC83: 24.137542 | AD83: 24.137542 | AE83: 286 | AH83: 0 | AI83: 0 | AJ83: 49
A84: 81 | B84: N0062 | C84: Piet | D84: Weitz | E84: Grand Masters Men | F84: Benguella | G84: =SUM(V84,Q84,L84,AA84,AF84) -> 1 | H84: =SUM(W84,R84,M84,AB84,AG84) -> 1 | I84: =SUM(X84,S84,N84,AC84,AH84) -> 17.727677 | J84: =SUM(Y84,T84,O84,AD84,AI84) -> 17.727677 | K84: =SUM(Z84,U84,P84,AE84,AJ84) -> 609 | L84: 0 | M84: 0 | N84: 0 | O84: 0 | P84: 57 | Q84: 1 | R84: 0 | S84: 6.2072468 | T84: 6.2072468 | U84: 280 | V84: 0 | W84: 0 | X84: 0 | Y84: 0 | Z84: 0 | AB84: 1 | AC84: 11.52043 | AD84: 11.52043 | AE84: 272 | AJ84: 0
A85: 82 | B85: N0074 | C85: Corne | D85: Agenbag | E85: Junior Men U/21 | F85: Henties Bay | G85: =SUM(V85,Q85,L85,AA85,AF85) -> 1 | H85: =SUM(W85,R85,M85,AB85,AG85) -> 1 | I85: =SUM(X85,S85,N85,AC85,AH85) -> 8.4783779 | J85: =SUM(Y85,T85,O85,AD85,AI85) -> 8.4783779 | K85: =SUM(Z85,U85,P85,AE85,AJ85) -> 606 | L85: 0 | M85: 0 | N85: 0 | O85: 0 | P85: 57 | Q85: 0 | R85: 0 | S85: 0 | T85: 0 | U85: 59 | V85: 0 | W85: 0 | X85: 0 | Y85: 0 | Z85: 0 | AB85: 1 | AC85: 7.4160283 | AD85: 7.4160283 | AE85: 267 | AF85: 1 | AH85: 1.0623496 | AI85: 1.0623496 | AJ85: 223
A86: 83 | B86: N0561 | C86: De Wet | D86: Vorster | E86: Senior Men | F86: Seagulls WVB | G86: =SUM(V86,Q86,L86,AA86,AF86) -> 5 | H86: =SUM(W86,R86,M86,AB86,AG86) -> 1 | I86: =SUM(X86,S86,N86,AC86,AH86) -> 5.8932061 | J86: =SUM(Y86,T86,O86,AD86,AI86) -> 5.8932061 | K86: =SUM(Z86,U86,P86,AE86,AJ86) -> 606 | L86: 2 | M86: 0 | N86: 2.2009462 | O86: 2.2009462 | P86: 270 | Q86: 0 | R86: 0 | S86: 0 | T86: 0 | U86: 0 | V86: 3 | W86: 1 | X86: 3.69226 | Y86: 3.69226 | Z86: 277 | AC86: 0 | AD86: 0 | AE86: 59 | AJ86: 0
A87: 84 | B87: N0465 | C87: Jan-Hendrik | D87: Jacobs | E87: Senior Men | F87: Orca Angling Club | G87: =SUM(V87,Q87,L87,AA87,AF87) -> 2 | H87: =SUM(W87,R87,M87,AB87,AG87) -> 1 | I87: =SUM(X87,S87,N87,AC87,AH87) -> 6.8206295 | J87: =SUM(Y87,T87,O87,AD87,AI87) -> 6.8206295 | K87: =SUM(Z87,U87,P87,AE87,AJ87) -> 602 | L87: 0 | M87: 0 | N87: 0 | O87: 0 | P87: 57 | Q87: 0 | R87: 0 | S87: 0 | T87: 0 | U87: 59 | V87: 2 | X87: 1 | Y87: 1 | Z87: 225 | AB87: 1 | AC87: 5.8206295 | AD87: 5.8206295 | AE87: 261 | AJ87: 0
A88: 85 | B88: N0128 | C88: Chris | D88: Orffer | E88: Masters Men | F88: Penguin | G88: =SUM(V88,Q88,L88,AA88,AF88) -> 3 | H88: =SUM(W88,R88,M88,AB88,AG88) -> 1 | I88: =SUM(X88,S88,N88,AC88,AH88) -> 4.6470266 | J88: =SUM(Y88,T88,O88,AD88,AI88) -> 4.6470266 | K88: =SUM(Z88,U88,P88,AE88) -> 599 | L88: 2 | M88: 1 | N88: 4.1470266 | O88: 4.1470266 | P88: 277 | Q88: 0 | R88: 0 | S88: 0 | T88: 0 | U88: 59 | V88: 1 | X88: 0.5 | Y88: 0.5 | Z88: 204 | AC88: 0 | AD88: 0 | AE88: 59 | AH88: 0 | AI88: 0 | AJ88: 49
A89: 86 | B89: N0180 | C89: Elaine | D89: Vorster | E89: Ladies | F89: Henties Bay | G89: =SUM(V89,Q89,L89,AA89,AF89) -> 2 | H89: =SUM(W89,R89,M89,AB89,AG89) -> 0 | I89: =SUM(X89,S89,N89,AC89,AH89) -> 1.7915452 | J89: =SUM(Y89,T89,O89,AD89,AI89) -> 1.7915452 | K89: =SUM(U89,P89,AE89,AJ89) -> 595 | L89: 0 | M89: 0 | N89: 0 | O89: 0 | P89: 57 | Q89: 1 | R89: 0 | S89: 1.2915452 | T89: 1.2915452 | U89: 254 | X89: 0 | Y89: 0 | Z89: 46 | AA89: 1 | AC89: 0.5 | AD89: 0.5 | AE89: 235 | AH89: 0 | AI89: 0 | AJ89: 49
A90: 87 | B90: N0490 | C90: Dewald | D90: v/d Merwe | E90: Masters Men | F90: Steenbras | G90: =SUM(V90,Q90,L90,AA90,AF90) -> 1 | H90: =SUM(W90,R90,M90,AB90,AG90) -> 1 | I90: =SUM(X90,S90,N90,AC90,AH90) -> 45.381653 | J90: =SUM(Y90,T90,O90,AD90,AI90) -> 45.381653 | K90: =SUM(Z90,U90,P90,AE90,AJ90) -> 594 | L90: 0 | M90: 0 | N90: 0 | O90: 0 | P90: 0 | Q90: 0 | R90: 1 | S90: 44.781653 | T90: 44.781653 | U90: 289 | X90: 0 | Y90: 0 | Z90: 46 | AC90: 0 | AD90: 0 | AE90: 59 | AF90: 1 | AH90: 0.6 | AI90: 0.6 | AJ90: 200
A91: 88 | B91: N0191 | C91: Jan-Hendrik | D91: Heath | E91: Junior Men U/21 | F91: Steenbras | G91: =SUM(V91,Q91,L91,AA91,AF91) -> 2 | H91: =SUM(W91,R91,M91,AB91,AG91) -> 0 | I91: =SUM(X91,S91,N91,AC91,AH91) -> 1.8872542 | J91: =SUM(Y91,T91,O91,AD91,AI91) -> 1.8872542 | K91: =SUM(U91,P91,AE91,AJ91) -> 592 | L91: 1 | M91: 0 | N91: 0.75468867 | O91: 0.75468867 | P91: 251 | Q91: 0 | R91: 0 | S91: 0 | T91: 0 | U91: 59 | X91: 0 | Y91: 0 | Z91: 46 | AC91: 0 | AD91: 0 | AE91: 59 | AF91: 1 | AH91: 1.1325656 | AI91: 1.1325656 | AJ91: 223
A92: 89 | B92: N0066 | C92: Nols | D92: Diedericks | E92: Junior Men U/21 | F92: Henties Bay | G92: =SUM(V92,Q92,L92,AA92,AF92) -> 3 | H92: =SUM(W92,R92,M92,AB92,AG92) -> 0 | I92: =SUM(X92,S92,N92,AC92,AH92) -> 1.9307993 | J92: =SUM(Y92,T92,O92,AD92,AI92) -> 1.9307993 | K92: =SUM(Z92,U92,P92,AE92,AJ92) -> 591 | L92: 0 | M92: 0 | N92: 0 | O92: 0 | P92: 57 | Q92: 1 | R92: 0 | S92: 0.93079926 | T92: 0.93079926 | U92: 250 | V92: 2 | X92: 1 | Y92: 1 | Z92: 225 | AC92: 0 | AD92: 0 | AE92: 59 | AJ92: 0
A93: 90 | B93: N0033 | C93: Kobus | D93: Nel | E93: Veterans Men | F93: Henties Bay | G93: =SUM(V93,Q93,L93,AA93,AF93) -> 1 | H93: =SUM(W93,R93,M93,AB93,AG93) -> 2 | I93: =SUM(X93,S93,N93,AC93,AH93) -> 5.3780965 | J93: =SUM(Y93,T93,O93,AD93,AI93) -> 5.3780965 | K93: =SUM(U93,P93,AE93,AJ93) -> 590 | L93: 0 | M93: 0 | N93: 0 | O93: 0 | P93: 57 | Q93: 0 | R93: 2 | S93: 4.8780965 | T93: 4.8780965 | U93: 278 | X93: 0 | Y93: 0 | Z93: 46 | AC93: 0 | AD93: 0 | AE93: 59 | AF93: 1 | AH93: 0.5 | AI93: 0.5 | AJ93: 196
A94: 91 | B94: N0540 | C94: Murry | D94: Lewis | E94: Senior Men | F94: Mako | G94: =SUM(V94,Q94,L94,AA94,AF94) -> 5 | H94: =SUM(W94,R94,M94,AB94,AG94) -> 0 | I94: =SUM(X94,S94,N94,AC94,AH94) -> 6.908138 | J94: =SUM(Y94,T94,O94,AD94,AI94) -> 6.908138 | K94: =SUM(Z94,U94,P94,AE94,AJ94) -> 588 | L94: 0 | M94: 0 | N94: 0 | O94: 0 | P94: 0 | Q94: 0 | R94: 0 | S94: 0 | T94: 0 | U94: 59 | V94: 0 | W94: 0 | X94: 0 | Y94: 0 | Z94: 0 | AA94: 1 | AC94: 1.9096314 | AD94: 1.9096314 | AE94: 251 | AF94: 4 | AH94: 4.9985066 | AI94: 4.9985066 | AJ94: 278
A95: 92 | B95: N0083 | C95: Wikus | D95: van Wyk | E95: Senior Men | F95: Otjiwarongo | G95: =SUM(V95,Q95,L95,AA95,AF95) -> 1 | H95: =SUM(W95,R95,M95,AB95,AG95) -> 1 | I95: =SUM(X95,S95,N95,AC95,AH95) -> 101.93257 | J95: =SUM(Y95,T95,O95,AD95,AI95) -> 101.93257 | K95: =SUM(Z95,U95,P95,AE95,AJ95) -> 585 | L95: 0 | M95: 0 | N95: 0 | O95: 0 | P95: 57 | Q95: 0 | R95: 1 | S95: 100.8 | T95: 100.8 | U95: 298 | V95: 1 | X95: 1.1325656 | Y95: 1.1325656 | Z95: 230 | AC95: 0 | AD95: 0 | AE95: 0 | AJ95: 0
A96: 93 | B96: N0093 | C96: Estelle | D96: Bothma | E96: Ladies | F96: Welwitschia | G96: =SUM(V96,Q96,L96,AA96,AF96) -> 2 | H96: =SUM(W96,R96,M96,AB96,AG96) -> 0 | I96: =SUM(X96,S96,N96,AC96,AH96) -> 2.0499037 | J96: =SUM(Y96,T96,O96,AD96,AI96) -> 2.0499037 | K96: =SUM(Z96,U96,P96,AE96,AJ96) -> 580 | L96: 0 | M96: 0 | N96: 0 | O96: 0 | P96: 57 | Q96: 0 | R96: 0 | S96: 0 | T96: 0 | U96: 59 | V96: 1 | X96: 0.93079926 | Y96: 0.93079926 | Z96: 217 | AA96: 1 | AC96: 1.1191044 | AD96: 1.1191044 | AE96: 247 | AJ96: 0
A97: 94 | B97: N0054 | C97: Chris | D97: Bothma | E97: Grand Masters Men | F97: Steenbras | G97: =SUM(V97,Q97,L97,AA97,AF97) -> 2 | H97: =SUM(W97,R97,M97,AB97,AG97) -> 0 | I97: =SUM(X97,S97,N97,AC97,AH97) -> 1.4546887 | J97: =SUM(Y97,T97,O97,AD97,AI97) -> 1.4546887 | K97: =SUM(U97,P97,AE97,AJ97) -> 566 | L97: 0 | M97: 0 | N97: 0 | O97: 0 | P97: 57 | Q97: 0 | R97: 0 | S97: 0 | T97: 0 | U97: 59 | X97: 0 | Y97: 0 | Z97: 46 | AA97: 1 | AC97: 0.75468867 | AD97: 0.75468867 | AE97: 243 | AF97: 1 | AH97: 0.7 | AI97: 0.7 | AJ97: 207
A98: 95 | B98: N0463 | C98: Willy | D98: Matthys | E98: Senior Men | F98: Welwitschia | G98: =SUM(V98,Q98,L98,AA98,AF98) -> 2 | H98: =SUM(W98,R98,M98,AB98,AG98) -> 0 | I98: =SUM(X98,S98,N98,AC98,AH98) -> 1.2013792 | J98: =SUM(Y98,T98,O98,AD98,AI98) -> 1.2013792 | K98: =SUM(Z98,U98,P98,AE98,AJ98) -> 566 | L98: 0 | M98: 0 | N98: 0 | O98: 0 | P98: 57 | Q98: 1 | R98: 0 | S98: 0.70137925 | T98: 0.70137925 | U98: 246 | V98: 1 | X98: 0.5 | Y98: 0.5 | Z98: 204 | AC98: 0 | AD98: 0 | AE98: 59 | AJ98: 0
A99: 96 | B99: N0130 | C99: Loandro | D99: Erasmus | E99: Junior Men U/21 | F99: Okahandja | G99: =SUM(V99,Q99,L99,AA99,AF99) -> 2 | H99: =SUM(W99,R99,M99,AB99,AG99) -> 0 | I99: =SUM(X99,S99,N99,AC99,AH99) -> 1.3106513 | J99: =SUM(Y99,T99,O99,AD99,AI99) -> 1.3106513 | K99: =SUM(Z99,U99,P99,AE99,AJ99) -> 562 | L99: 0 | M99: 0 | N99: 0 | O99: 0 | P99: 57 | Q99: 0 | R99: 0 | S99: 0 | T99: 0 | U99: 59 | V99: 0 | W99: 0 | X99: 0 | Y99: 0 | Z99: 0 | AA99: 1 | AC99: 0.5 | AD99: 0.5 | AE99: 235 | AF99: 1 | AH99: 0.81065132 | AI99: 0.81065132 | AJ99: 211
A100: 97 | B100: N0048 | C100: Morne | D100: Burger | E100: Senior Men | F100: Penguin | G100: =SUM(V100,Q100,L100,AA100,AF100) -> 6 | H100: =SUM(W100,R100,M100,AB100,AG100) -> 0 | I100: =SUM(X100,S100,N100,AC100,AH100) -> 4.5096314 | J100: =SUM(Y100,T100,O100,AD100,AI100) -> 4.5096314 | K100: =SUM(Z100,U100,P100,AE100,AJ100) -> 560 | L100: 0 | M100: 0 | N100: 0 | O100: 0 | P100: 57 | Q100: 0 | R100: 0 | S100: 0 | T100: 0 | U100: 0 | V100: 5 | X100: 2.6 | Y100: 2.6 | Z100: 261 | AC100: 0 | AD100: 0 | AE100: 0 | AF100: 1 | AH100: 1.9096314 | AI100: 1.9096314 | AJ100: 242
A101: 98 | B101: N0207 | C101: Ettienne | D101: Erasmus | E101: Veterans Men | F101: Okahandja | G101: =SUM(V101,Q101,L101,AA101,AF101) -> 3 | H101: =SUM(W101,R101,M101,AB101,AG101) -> 0 | I101: =SUM(X101,S101,N101,AC101,AH101) -> 2.9496039 | J101: =SUM(Y101,T101,O101,AD101,AI101) -> 2.9496039 | K101: =SUM(Z101,U101,P101,AE101,AJ101) -> 560 | L101: 2 | M101: 0 | N101: 1.8170383 | O101: 1.8170383 | P101: 264 | Q101: 0 | R101: 0 | S101: 0 | T101: 0 | U101: 0 | V101: 0 | W101: 0 | X101: 0 | Y101: 0 | Z101: 0 | AA101: 1 | AC101: 1.1325656 | AD101: 1.1325656 | AE101: 247 | AH101: 0 | AI101: 0 | AJ101: 49
...

Sheet Jr Men U16
D2: Juniors Men U/16 | F2: =Individuals!F2 -> Gus Day 3
A3: Competition | B3: 2015-IC-L5
F5: Values
A6: ID | B6: Name | C6: Surname | D6: Status | E6: Team | F6: Count of Edibles | G6: Count of Inedibles | H6: Sum of kg | I6: Sum of Points | J6: League Points
A7: Grand Total | J7: 50
J8: 49
J9: 48
J10: 47
J11: 46
J12: 45
J13: 45
J14: 43
J15: 11
J16: 11
J17: 11
J18: 11
J19: 11
F22: Total 2015 | K22: First Leg | P22: Second Leg | U22: Third Leg | Z22: Fouth Leg
A24: ID | B24: Name | C24: Surname | D24: Status | E24: Team | F24: Count of Edibles | G24: Count of Inedibles | H24: Sum of kg | I24: Sum of Points | J24: League Points | K24: Count of Edibles | L24: Count of Inedibles | M24: Sum of kg | N24: Sum of Points | O24: League Points | P24: Count of Edibles | Q24: Count of Inedibles | R24: Sum of kg | S24: Sum of Points | T24: League Points | U24: Count of Edibles | V24: Count of Inedibles | W24: Sum of kg | X24: Sum of Points | Y24: League Points | Z24: Count of Edibles | AA24: Count of Inedibles | AB24: Sum of kg | AC24: Sum of Points | AD24: League Points
A25: N0519 | B25: Armand | C25: Esterhuysen | D25: Junior Men U/16 | E25: Skeleton Coast | F25: =SUM(K25,P25,U25,Z25) -> 3 | G25: =SUM(L25,Q25,V25,AA25) -> 2 | H25: =SUM(M25,R25,W25,AB25) -> 3.9329097 | I25: =SUM(N25,S25,X25,AC25) -> 3.9329097 | J25: =SUM(O25,T25,Y25,AD25) -> 126 | L25: 1 | M25: 2.1509578 | N25: 2.1509578 | O25: 50 | R25: 0 | S25: 0 | T25: 13 | U25: 3 | V25: 1 | W25: 1.7819519 | X25: 1.7819519 | Y25: 50 | AB25: 0 | AC25: 0 | AD25: 13
A26: N0156 | B26: Gerard | C26: Hough | D26: Junior Men U/16 | E26: Skeleton Coast | F26: =SUM(K26,P26,U26,Z26) -> 3 | G26: =SUM(L26,Q26,V26,AA26) -> 0 | H26: =SUM(M26,R26,W26,AB26) -> 2.0106774 | I26: =SUM(N26,S26,X26,AC26) -> 2.0106774 | J26: =SUM(O26,T26,Y26,AD26) -> 123 | K26: 1 | M26: 0.5 | N26: 0.5 | O26: 48 | R26: 0 | S26: 0 | T26: 13 | U26: 2 | W26: 1.5106774 | X26: 1.5106774 | Y26: 49 | AB26: 0 | AC26: 0 | AD26: 13
A27: N0188 | B27: Jaco | C27: Blaauw | D27: Junior Men U/16 | E27: Welwitschia | F27: =SUM(K27,P27,U27,Z27) -> 2 | G27: =SUM(L27,Q27,V27,AA27) -> 0 | H27: =SUM(M27,R27,W27,AB27) -> 1.3 | I27: =SUM(N27,S27,X27,AC27) -> 1.3 | J27: =SUM(O27,T27,Y27,AD27) -> 120 | K27: 1 | M27: 0.6 | N27: 0.6 | O27: 49 | R27: 0 | S27: 0 | T27: 13 | U27: 1 | W27: 0.7 | X27: 0.7 | Y27: 45 | AB27: 0 | AC27: 0 | AD27: 13
A28: N0222 | B28: Pieter | C28: Hough | D28: Junior Men U/16 | E28: Skeleton Coast | F28: =SUM(K28,P28,U28,Z28) -> 4 | G28: =SUM(L28,Q28,V28,AA28) -> 0 | H28: =SUM(M28,R28,W28,AB28) -> 1.5 | I28: =SUM(N28,S28,X28,AC28) -> 1.5 | J28: =SUM(O28,T28,Y28,AD28) -> 106 | K28: 2 | M28: 0.5 | N28: 0.5 | O28: 47 | R28: 0 | S28: 0 | T28: 13 | U28: 2 | W28: 1 | X28: 1 | Y28: 46 | AB28: 0 | AC28: 0 | AD28: 0
A29: N0178 | B29: Devin | C29: Burger | D29: Junior Men U/16 | E29: Penguin | F29: =SUM(K29,P29,U29,Z29) -> 2 | G29: =SUM(L29,Q29,V29,AA29) -> 0 | H29: =SUM(M29,R29,W29,AB29) -> 1 | I29: =SUM(N29,S29,X29,AC29) -> 1 | J29: =SUM(O29,T29,Y29,AD29) -> 91 | K29: 1 | M29: 0.5 | N29: 0.5 | O29: 47 | R29: 0 | S29: 0 | T29: 0 | U29: 1 | W29: 0.5 | X29: 0.5 | Y29: 44 | AB29: 0 | AC29: 0 | AD29: 0
A30: N0571 | B30: Juan | C30: Janse van Vuuren | D30: Junior Men U/16 | E30: Henties Bay | F30: =SUM(K30,P30,U30,Z30) -> 1 | G30: =SUM(L30,Q30,V30,AA30) -> 0 | H30: =SUM(M30,R30,W30,AB30) -> 1.20583 | I30: =SUM(N30,S30,X30,AC30) -> 1.20583 | J30: =SUM(O30,T30,Y30,AD30) -> 72 | M30: 0 | N30: 0 | O30: 11 | R30: 0 | S30: 0 | T30: 13 | U30: 1 | W30: 1.20583 | X30: 1.20583 | Y30: 48 | AB30: 0 | AC30: 0 | AD30: 0
A31: N0177 | B31: Corne | C31: Burger | D31: Junior Men U/16 | E31: Penguin | F31: =SUM(K31,P31,U31,Z31) -> 2 | G31: =SUM(L31,Q31,V31,AA31) -> 0 | H31: =SUM(M31,R31,W31,AB31) -> 1.1 | I31: =SUM(N31,S31,X31,AC31) -> 1.1 | J31: =SUM(O31,T31,Y31,AD31) -> 58 | M31: 0 | N31: 0 | O31: 11 | R31: 0 | S31: 0 | T31: 0 | U31: 2 | W31: 1.1 | X31: 1.1 | Y31: 47 | AB31: 0 | AC31: 0 | AD31: 0
A32: N0167 | B32: Sean | C32: Kouwenhoven | D32: Junior Men U/16 | E32: Skeleton Coast | F32: =SUM(K32,P32,U32,Z32) -> 0 | G32: =SUM(L32,Q32,V32,AA32) -> 0 | H32: =SUM(M32,R32,W32,AB32) -> 0 | I32: =SUM(N32,S32,X32,AC32) -> 11 | J32: =SUM(O32,T32,Y32,AD32) -> 48 | M32: 0 | N32: 0 | O32: 11 | R32: 0 | S32: 0 | T32: 13 | V32: 0 | W32: 0 | X32: 11 | Y32: 11 | AB32: 0 | AC32: 0 | AD32: 13
A33: N0531 | B33: Rudi(Jnr.) | C33: Swartz | D33: Junior Men U/16 | E33: Mako | F33: =SUM(K33,P33,U33,Z33) -> 0 | G33: =SUM(L33,Q33,V33,AA33) -> 0 | H33: =SUM(M33,R33,W33,AB33) -> 0 | I33: =SUM(N33,S33,X33,AC33) -> 0 | J33: =SUM(O33,T33,Y33,AD33) -> 48 | M33: 0 | N33: 0 | O33: 11 | R33: 0 | S33: 0 | T33: 13 | W33: 0 | X33: 0 | Y33: 11 | AB33: 0 | AC33: 0 | AD33: 13
A34: N0236 | B34: Demar | C34: Opperman | D34: Junior Men U/16 | E34: Steenbras | F34: =SUM(K34,P34,U34,Z34) -> 2 | G34: =SUM(L34,Q34,V34,AA34) -> 0 | H34: =SUM(M34,R34,W34,AB34) -> 0.5 | I34: =SUM(N34,S34,X34,AC34) -> 0.5 | J34: =SUM(O34,T34,Y34,AD34) -> 47 | K34: 2 | M34: 0.5 | N34: 0.5 | O34: 47 | R34: 0 | S34: 0 | T34: 0 | W34: 0 | X34: 0 | Y34: 0 | AB34: 0 | AC34: 0 | AD34: 0
A35: N0577 | B35: Jurian | C35: Dreyer | D35: Junior Men U/16 | E35: Otjiwarongo | F35: =SUM(K35,P35,U35,Z35) -> 0 | G35: =SUM(L35,Q35,V35,AA35) -> 0 | H35: =SUM(M35,R35,W35,AB35) -> 0 | I35: =SUM(N35,S35,X35,AC35) -> 0 | J35: =SUM(O35,T35,Y35,AD35) -> 37 | M35: 0 | N35: 0 | O35: 11 | R35: 0 | S35: 0 | T35: 13 | W35: 0 | X35: 0 | Y35: 0 | AB35: 0 | AC35: 0 | AD35: 13
A36: N0585 | B36: Jacques | C36: van Rhyn | D36: Junior Men U/16 | E36: Orca Angling Club | F36: =SUM(K36,P36,U36,Z36) -> 0 | G36: =SUM(L36,Q36,V36,AA36) -> 0 | H36: =SUM(M36,R36,W36,AB36) -> 0 | I36: =SUM(N36,S36,X36,AC36) -> 0 | J36: =SUM(O36,T36,Y36,AD36) -> 26 | M36: 0 | N36: 0 | O36: 0 | R36: 0 | S36: 0 | T36: 13 | W36: 0 | X36: 0 | Y36: 0 | AB36: 0 | AC36: 0 | AD36: 13
A37: N0586 | B37: Henk | C37: Rossouw | D37: Junior Men U/16 | E37: Orca Angling Club | F37: =SUM(K37,P37,U37,Z37) -> 0 | G37: =SUM(L37,Q37,V37,AA37) -> 0 | H37: =SUM(M37,R37,W37,AB37) -> 0 | I37: =SUM(N37,S37,X37,AC37) -> 0 | J37: =SUM(O37,T37,Y37,AD37) -> 24 | M37: 0 | N37: 0 | O37: 0 | R37: 0 | S37: 0 | T37: 0 | W37: 0 | X37: 0 | Y37: 11 | AB37: 0 | AC37: 0 | AD37: 13
A38: N0265 | B38: Abeigh | C38: Loock | D38: Junior Ladies | E38: Henties Bay | F38: =SUM(K38,P38,U38,Z38) -> 0 | G38: =SUM(L38,Q38,V38,AA38) -> 0 | H38: =SUM(M38,R38,W38,AB38) -> 0 | I38: =SUM(N38,S38,X38,AC38) -> 0 | J38: =SUM(O38,T38,Y38,AD38) -> 22 | M38: 0 | N38: 0 | O38: 11 | R38: 0 | S38: 0 | T38: 0 | W38: 0 | X38: 0 | Y38: 11 | AB38: 0 | AC38: 0 | AD38: 0
A39: N0298 | B39: Caitlin | C39: Klemp | D39: Junior Ladies | E39: Orca Angling Club | F39: =SUM(K39,P39,U39,Z39) -> 0 | G39: =SUM(L39,Q39,V39,AA39) -> 0 | H39: =SUM(M39,R39,W39,AB39) -> 0 | I39: =SUM(N39,S39,X39,AC39) -> 0 | J39: =SUM(O39,T39,Y39,AD39) -> 11 | M39: 0 | N39: 0 | O39: 11 | R39: 0 | S39: 0 | T39: 0 | W39: 0 | X39: 0 | Y39: 0 | AB39: 0 | AC39: 0 | AD39: 0
A40: N0386 | B40: RP | C40: Theron | D40: Junior Men U/16 | E40: Steenbras | F40: =SUM(K40,P40,U40,Z40) -> 0 | G40: =SUM(L40,Q40,V40,AA40) -> 0 | H40: =SUM(M40,R40,W40,AB40) -> 0 | I40: =SUM(N40,S40,X40,AC40) -> 0 | J40: =SUM(O40,T40,Y40,AD40) -> 11 | M40: 0 | N40: 0 | O40: 11 | R40: 0 | S40: 0 | T40: 0 | W40: 0 | X40: 0 | Y40: 0 | AB40: 0 | AC40: 0 | AD40: 0
A41: N0492 | B41: Ruan | C41: Opperman | D41: Junior Men U/16 | E41: Steenbras | F41: =SUM(K41,P41,U41,Z41) -> 0 | G41: =SUM(L41,Q41,V41,AA41) -> 0 | H41: =SUM(M41,R41,W41,AB41) -> 0 | I41: =SUM(N41,S41,X41,AC41) -> 0 | J41: =SUM(O41,T41,Y41,AD41) -> 11 | M41: 0 | N41: 0 | O41: 11 | R41: 0 | S41: 0 | T41: 0 | W41: 0 | X41: 0 | Y41: 0 | AB41: 0 | AC41: 0 | AD41: 0

Sheet Jr Men U21
D2: Juniors Men U/21 | F2: =Individuals!F2 -> Gus Day 3
A3: Competition | B3: 2015-IC-L5
F5: Values
A6: ID | B6: Name | C6: Surname | D6: Status | E6: Team | F6: Count of Edibles | G6: Count of Inedibles | H6: Sum of kg | I6: Sum of Points | J6: League Points
A7: Grand Total | J7: 50 | K7: x
J8: 49
J9: 48 | K9: x
J10: 47 | K10: x
J11: 46 | K11: x
J12: 45 | K12: x
J13: 12 | K13: x
J14: 12
J15: 12
F21: Total 2015 | K21: Firts Leg | P21: Second Leg | U21: Third Leg | Z21: Fourth Leg | AE21: Fith Leg
A23: ID | B23: Name | C23: Surname | D23: Status | E23: Team | F23: Count of Edibles | G23: Count of Inedibles | H23: Sum of kg | I23: Sum of Points | J23: League Points | K23: Count of Edibles | L23: Count of Inedibles | M23: Sum of kg | N23: Sum of Points | O23: League Points | P23: Count of Edibles | Q23: Count of Inedibles | R23: Sum of kg | S23: Sum of Points | T23: League Points | U23: Count of Edibles | V23: Count of Inedibles | W23: Sum of kg | X23: Sum of Points | Y23: League Points | Z23: Count of Edibles | AA23: Count of Inedibles | AB23: Sum of kg | AC23: Sum of Points | AD23: League Points | AE23: Count of Edibles | AF23: Count of Inedibles | AG23: Sum of kg | AH23: Sum of Points | AI23: League Points
A24: N0066 | B24: Nols | C24: Diedericks | D24: Junior Men U/21 | E24: Henties Bay | F24: =SUM(K24,P24,U24,Z24) -> 3 | G24: =SUM(L24,Q24,V24,AA24) -> 0 | H24: =SUM(M24,R24,W24,AB24) -> 1.9307993 | I24: =SUM(N24,S24,X24,AC24) -> 1.9307993 | J24: =SUM(O24,T24,Y24,AD24) -> 122 | K24: 0 | L24: 0 | M24: 0 | N24: 0 | O24: 12 | P24: 1 | Q24: 0 | R24: 0.93079926 | S24: 0.93079926 | T24: 49 | U24: 2 | V24: 0 | W24: 1 | X24: 1 | Y24: 49 | Z24: 0 | AA24: 0 | AB24: 0 | AC24: 0 | AD24: 12
A25: N0501 | B25: Otto | C25: Feyerabend | D25: Junior Men U/21 | E25: Otjiwarongo | F25: =SUM(K25,P25,U25,Z25) -> 2 | G25: =SUM(L25,Q25,V25,AA25) -> 0 | H25: =SUM(M25,R25,W25,AB25) -> 1.2506574 | I25: =SUM(N25,S25,X25,AC25) -> 1.2506574 | J25: =SUM(O25,T25,Y25,AD25) -> 120 | K25: 1 | L25: 0 | M25: 0.6 | N25: 0.6 | O25: 48 | P25: 0 | Q25: 0 | R25: 0 | S25: 0 | T25: 12 | U25: 1 | V25: 0 | W25: 0.65065738 | X25: 0.65065738 | Y25: 48 | Z25: 0 | AA25: 0 | AB25: 0 | AC25: 0 | AD25: 12
A26: N0173 | B26: Carel | C26: Agenbag | D26: Junior Men U/21 | E26: Henties Bay | F26: =SUM(K26,P26,U26,Z26) -> 2 | G26: =SUM(L26,Q26,V26,AA26) -> 0 | H26: =SUM(M26,R26,W26,AB26) -> 6.3 | I26: =SUM(N26,S26,X26,AC26) -> 5.85 | J26: =SUM(O26,T26,Y26,AD26) -> 108 | K26: 1 | L26: 0 | M26: 0.5 | N26: 0.05 | O26: 47 | P26: 0 | Q26: 0 | R26: 0 | S26: 0 | T26: 12 | U26: 0 | V26: 0 | W26: 0 | X26: 0 | Y26: 0 | Z26: 1 | AA26: 0 | AB26: 5.8 | AC26: 5.8 | AD26: 49 | AE26: 1 | AG26: 0.65065738 | AH26: 0.65065738 | AI26: 45
A27: N0122 | B27: Immo | C27: Dresselhaus | D27: Junior Men U/21 | E27: Orca Angling Club | F27: =SUM(K27,P27,U27,Z27) -> 1 | G27: =SUM(L27,Q27,V27,AA27) -> 3 | H27: =SUM(M27,R27,W27,AB27) -> 4.5283916 | I27: =SUM(N27,S27,X27,AC27) -> 4.5283916 | J27: =SUM(O27,T27,Y27,AD27) -> 97 | K27: 0 | L27: 0 | M27: 0 | N27: 0 | O27: 0 | P27: 0 | Q27: 3 | R27: 4.0283916 | S27: 4.0283916 | T27: 50 | U27: 1 | V27: 0 | W27: 0.5 | X27: 0.5 | Y27: 47 | Z27: 0 | AA27: 0 | AB27: 0 | AC27: 0 | AD27: 0 | AE27: 2 | AF27: 2 | AG27: 9 | AH27: 9 | AI27: 50
A28: N0191 | B28: Jan-Hendrik | C28: Heath | D28: Junior Men U/21 | E28: Steenbras | F28: =SUM(K28,P28,U28,Z28) -> 1 | G28: =SUM(L28,Q28,V28,AA28) -> 0 | H28: =SUM(M28,R28,W28,AB28) -> 0.75468867 | I28: =SUM(N28,S28,X28,AC28) -> 0.75468867 | J28: =SUM(O28,T28,Y28,AD28) -> 85 | K28: 1 | L28: 0 | M28: 0.75468867 | N28: 0.75468867 | O28: 49 | P28: 0 | Q28: 0 | R28: 0 | S28: 0 | T28: 12 | U28: 0 | V28: 0 | W28: 0 | X28: 0 | Y28: 12 | Z28: 0 | AA28: 0 | AB28: 0 | AC28: 0 | AD28: 12 | AE28: 1 | AG28: 1.1325656 | AH28: 1.1325656 | AI28: 48
A29: N0074 | B29: Corne | C29: Agenbag | D29: Junior Men U/21 | E29: Henties Bay | F29: =SUM(K29,P29,U29,Z29) -> 0 | G29: =SUM(L29,Q29,V29,AA29) -> 1 | H29: =SUM(M29,R29,W29,AB29) -> 7.4 | I29: =SUM(N29,S29,X29,AC29) -> 7.4 | J29: =SUM(O29,T29,Y29,AD29) -> 74 | K29: 0 | L29: 0 | M29: 0 | N29: 0 | O29: 12 | P29: 0 | Q29: 0 | R29: 0 | S29: 0 | T29: 12 | U29: 0 | V29: 0 | W29: 0 | X29: 0 | Y29: 0 | Z29: 0 | AA29: 1 | AB29: 7.4 | AC29: 7.4 | AD29: 50 | AE29: 1 | AG29: 1.0623496 | AH29: 1.0623496 | AI29: 47
A30: N0130 | B30: Loandro | C30: Erasmus | D30: Junior Men U/21 | E30: Okahandja | F30: =SUM(K30,P30,U30,Z30) -> 1 | G30: =SUM(L30,Q30,V30,AA30) -> 0 | H30: =SUM(M30,R30,W30,AB30) -> 0.5 | I30: =SUM(N30,S30,X30,AC30) -> 0.5 | J30: =SUM(O30,T30,Y30,AD30) -> 72 | K30: 0 | L30: 0 | M30: 0 | N30: 0 | O30: 12 | P30: 0 | Q30: 0 | R30: 0 | S30: 0 | T30: 12 | U30: 0 | V30: 0 | W30: 0 | X30: 0 | Y30: 0 | Z30: 1 | AA30: 0 | AB30: 0.5 | AC30: 0.5 | AD30: 48 | AE30: 1 | AG30: 0.81065132 | AH30: 0.81065132 | AI30: 46
A31: N0096 | B31: Christiaan | C31: Rossouw | D31: Junior Men U/21 | E31: Orca Angling Club | F31: =SUM(K31,P31,U31,Z31) -> 0 | G31: =SUM(L31,Q31,V31,AA31) -> 1 | H31: =SUM(M31,R31,W31,AB31) -> 18.214685 | I31: =SUM(N31,S31,X31,AC31) -> 18.214685 | J31: =SUM(O31,T31,Y31,AD31) -> 62 | K31: 0 | L31: 1 | M31: 18.214685 | N31: 18.214685 | O31: 50 | P31: 0 | Q31: 0 | R31: 0 | S31: 0 | T31: 0 | U31: 0 | V31: 0 | W31: 0 | X31: 0 | Y31: 0 | Z31: 0 | AA31: 0 | AB31: 0 | AC31: 0 | AD31: 12 | AG31: 0 | AH31: 0 | AI31: 12
A32: N0611 | B32: Jean | C32: Visser | D32: Junior Men U/21 | E32: Benguella | F32: =SUM(K32,P32,U32,Z32) -> 0 | G32: =SUM(L32,Q32,V32,AA32) -> 1 | H32: =SUM(M32,R32,W32,AB32) -> 23.64217 | I32: =SUM(N32,S32,X32,AC32) -> 23.64217 | J32: =SUM(O32,T32,Y32,AD32) -> 62 | K32: 0 | L32: 0 | M32: 0 | N32: 0 | O32: 0 | P32: 0 | Q32: 0 | R32: 0 | S32: 0 | T32: 0 | U32: 0 | V32: 1 | W32: 23.64217 | X32: 23.64217 | Y32: 50 | Z32: 0 | AA32: 0 | AB32: 0 | AC32: 0 | AD32: 12
A33: N0307 | B33: Herman | C33: Krauze | D33: Junior Men U/21 | E33: Henties Bay | F33: =SUM(K33,P33,U33,Z33) -> 0 | G33: =SUM(L33,Q33,V33,AA33) -> 0 | H33: =SUM(M33,R33,W33,AB33) -> 0 | I33: =SUM(N33,S33,X33,AC33) -> 0 | J33: =SUM(O33,T33,Y33,AD33) -> 36 | K33: 0 | L33: 0 | M33: 0 | N33: 0 | O33: 12 | P33: 0 | Q33: 0 | R33: 0 | S33: 0 | T33: 12 | U33: 0 | V33: 0 | W33: 0 | X33: 0 | Y33: 12 | Z33: 0 | AA33: 0 | AB33: 0 | AC33: 0 | AD33: 0
A34: N0495 | B34: Eduard | C34: Janse v Rensburg | D34: Junior Men U/21 | E34: Walvis Bay | F34: =SUM(K34,P34,U34,Z34) -> 0 | G34: =SUM(L34,Q34,V34,AA34) -> 0 | H34: =SUM(M34,R34,W34,AB34) -> 0 | I34: =SUM(N34,S34,X34,AC34) -> 0 | J34: =SUM(O34,T34,Y34,AD34) -> 24 | K34: 0 | L34: 0 | M34: 0 | N34: 0 | O34: 12 | P34: 0 | Q34: 0 | R34: 0 | S34: 0 | T34: 12 | U34: 0 | V34: 0 | W34: 0 | X34: 0 | Y34: 0 | Z34: 0 | AA34: 0 | AB34: 0 | AC34: 0 | AD34: 0
A35: N0055 | B35: Morne | C35: Von Bosch | D35: Junior Men U/21 | E35: Namib Park | F35: =SUM(K35,P35,U35,Z35) -> 0 | G35: =SUM(L35,Q35,V35,AA35) -> 0 | H35: =SUM(M35,R35,W35,AB35) -> 0 | I35: =SUM(N35,S35,X35,AC35) -> 0 | J35: =SUM(O35,T35,Y35,AD35) -> 24 | K35: 0 | L35: 0 | M35: 0 | N35: 0 | O35: 0 | P35: 0 | Q35: 0 | R35: 0 | S35: 0 | T35: 12 | U35: 0 | V35: 0 | W35: 0 | X35: 0 | Y35: 0 | Z35: 0 | AA35: 0 | AB35: 0 | AC35: 0 | AD35: 12 | AG35: 0 | AH35: 0 | AI35: 12
A36: N0608 | B36: Pieter | C36: Niemand | D36: Junior Men U/21 | E36: Welwitschia | F36: =SUM(K36,P36,U36,Z36) -> 0 | G36: =SUM(L36,Q36,V36,AA36) -> 0 | H36: =SUM(M36,R36,W36,AB36) -> 0 | I36: =SUM(N36,S36,X36,AC36) -> 0 | J36: =SUM(O36,T36,Y36,AD36) -> 24 | K36: 0 | L36: 0 | M36: 0 | N36: 0 | O36: 0 | P36: 0 | Q36: 0 | R36: 0 | S36: 0 | T36: 0 | U36: 0 | V36: 0 | W36: 0 | X36: 0 | Y36: 12 | Z36: 0 | AA36: 0 | AB36: 0 | AC36: 0 | AD36: 12
